Workbook
Name a1208.: TOC!$A$1
Name a1208.: #REF!
Name K2K62: #REF!

Sheet TOC
G12: RESOURCE
G14: MASTER PRICE LIST
G16: NEW PRODUCTS!
E20: FORD | I20: CHEVROLET
D22: 2020-24 FORD PI UTILITY | I22: 2021-24 CHEVY TAHOE
D24: 2020-24 FORD EXPLORER CIVILIAN | I24: 2021-24 CHEVY SUBURBAN SSV
D26: 2018-24 FORD EXPEDITION | I26: 2019-24 CHEVY SILVERADO 1500
D28: 2020-24 FORD F150 | I28: 2020-22 CHEVY SILVERADO 2500
D30: 2020-24 FORD F250
E32: DODGE | I32: PRODUCTS
E34: 2021-23 DODGE CHARGER | I34: Push Bumpers
I35: Prisoner Transport Systems
E36: 2018-24 DODGE DURANGO | I36: Cargo Products
I37: ECO Line Drawers
E38: 2020-24 DODGE RAM | I38: Console Accessories

Sheet RESOURCE
A1: TOC
C9: Limited Warranty
C10: TROY limited warranty covers materials of construction and workmanship. Normal wear and tear and product finishes are not included. Product finishes that bubble and/or flake off in areas not subject to friction are included for one year. Warranty is limited to replacing defective goods and does not include claims of damage to parts not manufactured by TROY PRODUCTS. No claims for labor or damages will be allowed by Seller or Manufacturer nor will Seller or Manufacturer be subject to any further liability. If parts appear to be defective, their use should be immediately discontinued and the Seller notified promptly so the matter can be investigated without delay. If upon investigation by TROY PRODUCTS it is discovered that the causes of failure were due to conditions beyond the control of TROY or misuse or abuse, all guarantees are void.
D11: Warranty Periods:
D12: Consoles | G12: 5 Years
D13: Console Accessories | G13: 2 Years
D14: Equipment Trays | G14: 5 Years
D15: Computer Mounts | G15: 2 Years
D16: Partitions | G16: 5 Years
D17: Partition Accessories | G17: 5 Years
D18: Trunk Organizers | G18: 5 Years
D19: PTS by TROY Plastic Seats | G19: 1 Year
D20: Weapon/Storage Boxes | G20: 2 Years
D21: Command Post | G21: 2 Years
D22: Custom Products | G22: 1 Year
D23: Product Finishes | G23: 1 Year
C28: Returns
C29: In the event you receive an incorrect part or mistakenly order the wrong part and you wish to return it, please follow these steps:
C31: *Call our Product Support team for a return authorization number: 800-700-8769 / email: PRODUCTSUPPORT@TROYPRODUCTS.COM
C33: * Purchase order number and your TROY invoice number available to expedite the process.
C35: * Reason for your return; this will be reviewed by management for approval.
C37: * Customer is responsible for the shipping cost if the return is not a TROY error.
C39: * Approved returns; R.A. number will be issued. It is REQUIRED to mark the package with this number, otherwise the shipment will be rejected/returned to sender.
C41: * 20% RESTOCK FEE will apply for items returned by choice of the customer; does not apply if the return was due to a TROY error.
C43: * All returned item(s) MUST be securely packaged to avoid damage. If the returned item(s) arrive damaged due to improper packaging; credit will not be issued.
C45: * Email a photo of the securely packaged box(es) prior to shipping along with tracking information.
C47: If replacement of a part is required, TROY will send out the part as quickly as possible. A new invoice for product and shipping will accompany the replacement part(s) and remain valid as a receivable until the original items are received and deemed to be in good condition. At that time, a credit memo will be issued to void this second invoice, less any applicable charges (shipping costs, re-stocking fees, etc.).
C54: Credit Memos
... C106: TROY PRODUCTS values your business and are committed in providing you with high quality products and service.

Sheet NEW PRODUCTS
A1: TOC | B1: NEW PRODUCTS | D1: 0.05
A2: TROY PART # | B2: ITEM DESCRIPTION | C2: MSRP | D2: DISCOUNT %
A4: VEHICLE-SPECIFIC CONSOLES
B5: Chevy Silverado 1500 Vehicle-Specific (Cannot be transferred to other vehicles)
A6: ='MASTER PRICE LIST'!A92 -> CC-22S1-0713-OS-L | B6: ='MASTER PRICE LIST'!B92 -> 2021-24 Chevy Silverado 1500 20" Wide body console w/ lockable storage area, 7" slope, 13" level (no floor plate needed, mounts directly to floor) | C6: ='MASTER PRICE LIST'!C92 -> 1050 | D6: =C6-(C6*$D$1) -> 997.5
A7: ='MASTER PRICE LIST'!A95 -> CC-22S1-0713-PRTR | B7: ='MASTER PRICE LIST'!B95 -> 2021-24 Chevy Silverado 1500 20" Printer console 7" slope, 13" level. Open storage on the slope section of pass. side - Special cover plate and rails sold separately; AC-RAIL-7-LA and SP-F-TH-7N (recommended with computer side mount) | C7: ='MASTER PRICE LIST'!C95 -> 1150 | D7: =C7-(C7*$D$1) -> 1092.5
B8: Dodge Durango Vehicle-Specific (Cannot be transferred to other vehicles)
A9: ='MASTER PRICE LIST'!A111 -> CC-21DUR-PRTR-14 | B9: ='MASTER PRICE LIST'!B111 -> 2021-24 Durango 14" Printer console features 4" slope, 10" level of face plate space | C9: ='MASTER PRICE LIST'!C111 -> 868 | D9: =C9-(C9*$D$1) -> 824.6
A11: CONSOLE ACCESSORIES / VEHICLE ACCESSORIES
A12: ='MASTER PRICE LIST'!A235 -> AC-CCHY-BH | B12: ='MASTER PRICE LIST'!B235 -> 4" Durable high-impact polymer internal dual beverage holder; includes a larger size cup holder, for size water bottles or tumblers 18-32oz along with a standard size holder. | C12: ='MASTER PRICE LIST'!C235 -> 45 | D12: =C12-(C12*$D$1) -> 42.75
A13: ='MASTER PRICE LIST'!A320 -> AC-PHMAG | B13: ='MASTER PRICE LIST'!B320 -> Magnetic phone mount; includes (2) mounting disc and (2) device plates | C13: ='MASTER PRICE LIST'!C320 -> 85 | D13: ='MASTER PRICE LIST'!D320 -> 80.75
A14: ='MASTER PRICE LIST'!A321 -> AC-PHMNT-MAG | B14: ='MASTER PRICE LIST'!B321 -> Cradle magnetic phone mount; includes (2) mounting disc | C14: ='MASTER PRICE LIST'!C321 -> 109 | D14: ='MASTER PRICE LIST'!D321 -> 103.55
A15: ='MASTER PRICE LIST'!A322 -> FP-PHNMNT | B15: ='MASTER PRICE LIST'!B322 -> 2" face plate w/phone cradle and mount; (1) USB-C 4 amp and USB 3 amp port | C15: ='MASTER PRICE LIST'!C322 -> 200 | D15: ='MASTER PRICE LIST'!D322 -> 190
A16: ='MASTER PRICE LIST'!A486 -> FP-W-CANX | B16: ='MASTER PRICE LIST'!B486 -> 3" Whelen Core WeCanX 6 Button/Knob Ctrl Head CCTL9 | C16: ='MASTER PRICE LIST'!C486 -> 50 | D16: =C16-(C16*$D$1) -> 47.5
A17: ='MASTER PRICE LIST'!A495 -> FP-WCORE-S | B17: ='MASTER PRICE LIST'!B495 -> 4" Whelen Cencom Core-S Remote Siren | C17: ='MASTER PRICE LIST'!C495 -> 50 | D17: =C17-(C17*$D$1) -> 47.5
A19: VEHICLE SPECIFIC COMPUTER MOUNT
A20: ='MASTER PRICE LIST'!A637 -> CM-CHV19-SA-LT17 | B20: ='MASTER PRICE LIST'!B637 -> 20219-24 Silverado passenger seat mnt w/swing arm and laptop tray up to 17" wide | C20: ='MASTER PRICE LIST'!C637 -> 863 | D20: =C20-(C20*$D$1) -> 819.85
A21: ='MASTER PRICE LIST'!A638 -> CM-CHV19-SA-LT16 | B21: ='MASTER PRICE LIST'!B638 -> 2019-24 Silverado passenger seat mnt w/swing arm and laptop tray up to 15" wide. Includes CM-LT1600. | C21: ='MASTER PRICE LIST'!C638 -> 913 | D21: =C21-(C21*$D$1) -> 867.35
A22: ='MASTER PRICE LIST'!A639 -> CM-CHV19-SL-LT17 | B22: ='MASTER PRICE LIST'!B639 -> 2019-24 Silverado Ht. adjustable seat mnt w/slide arm and laptop tray up to 17" wide | C22: ='MASTER PRICE LIST'!C639 -> 1067 | D22: =C22-(C22*$D$1) -> 1013.65
A23: ='MASTER PRICE LIST'!A640 -> CM-CHV19-SL-LT16 | B23: ='MASTER PRICE LIST'!B640 -> 2019-24 Silverado - Ht. adjustable seat mnt w/slide arm and laptop tray up to 15" wide. Includes CM-LT1600. | C23: ='MASTER PRICE LIST'!C640 -> 1117 | D23: =C23-(C23*$D$1) -> 1061.15
A25: WEAPON MOUNT
A26: ='MASTER PRICE LIST'!A720 -> GM-21TH-SGL | B26: ='MASTER PRICE LIST'!B720 -> 2021-24 Tahoe | 2021-24 Suburban free standing single weapon mount. Weapon locks sold separately. | C26: ='MASTER PRICE LIST'!C720 -> 400 | D26: =C26-(C26*$D$1) -> 380
A28: FRONT PARTITION FULL KITS: CHEVY SILVERADO 1500
B29: Chevy Silverado 1500 Partition Kits; Include FS Partition, Partition Mounting Kit and 3 pc. Kick Panel
A30: ='MASTER PRICE LIST'!A884 -> KIT-TP-SL6-21S1-SS | B30: ='MASTER PRICE LIST'!B884 -> 2022-24 Silverado Partition Kit (TP-E-SL6-FS-SS, PM-21TH, KP-CHV19-SS) | C30: ='MASTER PRICE LIST'!C884 -> 1258 | D30: =C30-(C30*$D$1) -> 1195.1
A31: ='MASTER PRICE LIST'!A885 -> KIT-TP-SL1-21S1-SS | B31: ='MASTER PRICE LIST'!B885 -> 2022-24 Silverado Partition Kit (TP-E-SL1-FS-SS, PM-21TH, KP-CHV19-SS) | C31: ='MASTER PRICE LIST'!C885 -> 1271 | D31: =C31-(C31*$D$1) -> 1207.45
A32: ='MASTER PRICE LIST'!A886 -> KIT-TP-SL12-21S1-SS | B32: ='MASTER PRICE LIST'!B886 -> 2022-24 Silverado Partition Kit (TP-E-SL12-FS-SS, PM-21TH, KP-CHV19-SS) | C32: ='MASTER PRICE LIST'!C886 -> 1258 | D32: =C32-(C32*$D$1) -> 1195.1
A34: REAR PARTITION WITH HINGED EQUIPMENT TRAY
A35: ='MASTER PRICE LIST'!A1096 -> TP-20-FDUV-H-R | B35: ='MASTER PRICE LIST'!B1096 -> 2020-24 PI Utility | 2020-24 Explorer Civilian rear partition with hinged equipment tray, square-hole window and square-hole side panels. | C35: ='MASTER PRICE LIST'!C1096 -> 1110 | D35: =C35-(C35*$D$1) -> 1054.5
A36: ='MASTER PRICE LIST'!A1097 -> TP-20-FDUV-H-FX2 | B36: ='MASTER PRICE LIST'!B1097 -> 2020-24 PI Utility | 2020-24 Explorer Civilian rear partition with hinged equipment tray, square-hole window, driver and pass. side fire ext. compartment | C36: ='MASTER PRICE LIST'!C1097 -> 1456 | D36: =C36-(C36*$D$1) -> 1383.2
A38: REAR PARTITION ACCESSORIES
A39: ='MASTER PRICE LIST'!A1143 -> AC-21DUR-RGP2 | B39: ='MASTER PRICE LIST'!B1143 -> 2021-24 Dodge Durango rear cage airbag corridor gap panels, set of driver and passenger sides | C39: ='MASTER PRICE LIST'!C1143 -> 140 | D39: =C39-(C39*$D$1) -> 133
A41: VEHICLES SPECIFIC REAR PARTITIONS WITH PRISONER TRANSPORT SEAT / SINGLE CELL KIT
B42: FORD PI Utility Full Bench Plastic Seat System
A43: ='MASTER PRICE LIST'!A1157 -> PS-20-FDUV-OS-R-H | B43: ='MASTER PRICE LIST'!B1157 -> 2020-24 PI Utility plastic seat with OS belts, rear partition (square-hole) with hinged equipment tray, square-hole side walls | C43: ='MASTER PRICE LIST'!C1157 -> 3093 | D43: =C43-(C43*$D$1) -> 2938.35
A44: ='MASTER PRICE LIST'!A1160 -> PS-20-UVFX-OS-R-H | B44: ='MASTER PRICE LIST'!B1160 -> 2020-24 PI Utility Plastic seat with OS belts, rear partition (square-hole) with hinged equipment tray, with DS fire compartment | C44: ='MASTER PRICE LIST'!C1160 -> 3193 | D44: =C44-(C44*$D$1) -> 3033.35
B45: Chevy Silverado 1500 Full Bench Plastic Seat System
A46: ='MASTER PRICE LIST'!A1186 -> PS-21S1-OSPST-CWS | B46: ='MASTER PRICE LIST'!B1186 -> 2021-24 Silverado 1500 Bench plastic seat with OS belt system and cab window screen. | C46: ='MASTER PRICE LIST'!C1186 -> 3725 | D46: =C46-(C46*$D$1) -> 3538.75
A47: ='MASTER PRICE LIST'!A1187 -> PS-21S1-OSPST-DBX-CWS | B47: ='MASTER PRICE LIST'!B1187 -> 2021-24 Silverado 1500 Bench plastic seat with OS belt system, dual storage seat box and cab window screen. | C47: ='MASTER PRICE LIST'!C1187 -> 4825 | D47: =C47-(C47*$D$1) -> 4583.75
B48: Chevy Silverado 1500 Single Cell Kit
A49: ='MASTER PRICE LIST'!A1228 -> PS-22S1-SC-OS-WS | B49: ='MASTER PRICE LIST'!B1228 -> 2022-24 Silverado 1500 Single cell with storage seat box, electronics tray, cab window screen and passenger side diamond pattern window screen | C49: ='MASTER PRICE LIST'!C1228 -> 6086 | D49: =C49-(C49*$D$1) -> 5781.7
A50: ='MASTER PRICE LIST'!A1229 -> PS-22S1-SC-OS-WG | B50: ='MASTER PRICE LIST'!B1229 -> 2022-24 Silverado 1500 Single cell with storage seat box, electronics tray, cab window screen and passenger side welded bars window guard | C50: ='MASTER PRICE LIST'!C1229 -> 6116 | D50: =C50-(C50*$D$1) -> 5810.2
A52: SINGLE CELL ACCESSORIES / SECOND ROW STORAGE
A54: ='MASTER PRICE LIST'!A1214 -> EM-21F1-EBX-RW | B54: ='MASTER PRICE LIST'!B1214 -> 2021-24 F150 Electronics cover mounts to driver side cab wall; features door out swings towards the left with gas shocks and ventilation louvers | C54: ='MASTER PRICE LIST'!C1214 -> 998 | D54: =C54-(C54*$D$1) -> 948.1
A55: ='MASTER PRICE LIST'!A1232 -> EM-21S1-ECOVER-2ROW | B55: ='MASTER PRICE LIST'!B1232 -> 2021-24 Silverado 1500 Electronics cover mounts to driver side cab wall. | C55: ='MASTER PRICE LIST'!C1232 -> 770 | D55: =C55-(C55*$D$1) -> 731.5
A56: ='MASTER PRICE LIST'!A1233 -> EM-21S1-2032-2ROW | B56: ='MASTER PRICE LIST'!B1233 -> 2021-24 Silverado 1500 Floor plate to mount vault GB-UNIV-142410-TL | C56: ='MASTER PRICE LIST'!C1233 -> 385 | D56: =C56-(C56*$D$1) -> 365.75
A57: SB-20UV-2RWD-ST | B57: 2020-24 PI Utility Second row driver side storage drawers with lockable T-handles, open storage area between the box and rear cage | C57: 4000 | D57: =C57-(C57*$D$1) -> 3800
A60: All Cargo Products plan ahead for longer lead times. Please add an additional 2 WEEKS to the standard lead times to ensure timely delivery when ordering non-stocked items.
A61: CARGO AREA PRODUCTS
A62: ='MASTER PRICE LIST'!A1263 -> AC-CP-20XP-FLR-GP | B62: ='MASTER PRICE LIST'!B1263 -> 2020-24 Explorer Civilian filler panel set for CP-20-XPLR-FLR (no charge when ordered with false floor). Does not work with mounting brackets SB-20-XPLR-BKT. | C62: ='MASTER PRICE LIST'!C1263 -> 140 | D62: =C62-(C62*$D$1) -> 133
A63: ='MASTER PRICE LIST'!A1264 -> CP-20-XPLR-FLR | B63: ='MASTER PRICE LIST'!B1264 -> 2020-24 Explorer Civilian cargo false floor designed to only work with the lightweight Eco Storage Box will not work with standard steel boxes. Pair with SB-20-XPLR-BKT. brackets. | C63: ='MASTER PRICE LIST'!C1264 -> 767 | D63: =C63-(C63*$D$1) -> 728.65
A64: ='MASTER PRICE LIST'!A1265 -> SB-20-XPLR-BKT | B64: ='MASTER PRICE LIST'!B1265 -> 2020-24 Explorer Civilian Eco line cargo mounting brackets | C64: ='MASTER PRICE LIST'!C1265 -> 282 | D64: =C64-(C64*$D$1) -> 267.9
A65: ='MASTER PRICE LIST'!A1318 -> CP-21DUR-R-DECK | B65: ='MASTER PRICE LIST'!B1318 -> 2021-24 Durango horizontal elevated deck with adjustable divider, bolts to Durango rear cages. | C65: ='MASTER PRICE LIST'!C1318 -> 824 | D65: =C65-(C65*$D$1) -> 782.8
A66: ='MASTER PRICE LIST'!A1301 -> AC-21DUR-TRAY | B66: ='MASTER PRICE LIST'!B1301 -> 2021-24 Durango Electronic Storage Tray. Compatible with CP-21DURCG-MNT and CP-DG-CG-MNT. | C66: ='MASTER PRICE LIST'!C1301 -> 319 | D66: =C66-(C66*$D$1) -> 303.05
A68: COMMAND POST, STORAGE VAULTS, BOXES, CABINETS
A69: ='MASTER PRICE LIST'!A1330 -> SB-ECO-2D-382422-CBL | B69: ='MASTER PRICE LIST'!B1330 -> Eco Line Aluminum Storage Box 38" x 24" x 22"; dual drawer box with two (2) draw-tight locking handles & combo lock, top 15" lip, bottom drawer (Compatible w/2020-24 Ford PIU) | C69: ='MASTER PRICE LIST'!C1330 -> 4400 | D69: =C69-(C69*$D$1) -> 4180
A70: ='MASTER PRICE LIST'!A1359 -> CP-GB392612-LIP | B70: ='MASTER PRICE LIST'!B1359 -> 39" W x 26" L x 12" H w/2 DL locking handles, 1.5" trim punched with bungee-cord holes | C70: ='MASTER PRICE LIST'!C1359 -> 1780 | D70: =C70-(C70*$D$1) -> 1691
A71: ='MASTER PRICE LIST'!A1367 -> CP-GB402212-T | B71: ='MASTER PRICE LIST'!B1367 -> 40" W x 22" L x 12" H w/2 DL locking handles and 1.5" trim on top | C71: ='MASTER PRICE LIST'!C1367 -> 1959 | D71: =C71-(C71*$D$1) -> 1861.05
A72: ='MASTER PRICE LIST'!A1368 -> CP-GB402212-PBK-LSD-T | B72: ='MASTER PRICE LIST'!B1368 -> 40" W x 22" L x 12" H w/2 DL locking handles, push button lock, locking drawer slides, foam insert, 1.5" trim and carpet on top | C72: ='MASTER PRICE LIST'!C1368 -> 2860 | D72: =C72-(C72*$D$1) -> 2717
A73: ='MASTER PRICE LIST'!A1386 -> CP-GB44248PB-T | B73: ='MASTER PRICE LIST'!B1386 -> 44" W x 24" L x 8" H w/2 DL locking handles, push button lock, 1" foam insert and 1.5" trim and carpet on top. Bolts to top of elevated frame: Ford PI > CP-UV20-MNT-EB and Chevy Tahoe > CP-21TH-MNT-EB sold separately | C73: ='MASTER PRICE LIST'!C1386 -> 2474 | D73: =C73-(C73*$D$1) -> 2350.3
A74: ='MASTER PRICE LIST'!A1435 -> CP-3D-422829-PB | B74: ='MASTER PRICE LIST'!B1435 -> 42"W x 28"L x 29"H; 3-drawer weapon box w/PB lock in each drawer (Compatible with 2021-24 Tahoe) | C74: ='MASTER PRICE LIST'!C1435 -> 6300 | D74: =C74-(C74*$D$1) -> 5985
A75: ='MASTER PRICE LIST'!A1448 -> AC-CP-WSWB-LT | B75: ='MASTER PRICE LIST'!B1448 -> Laptop tray designed to mount to work surface of command post CP-GB4030-TV-WSWB | C75: ='MASTER PRICE LIST'!C1448 -> 250 | D75: =C75-(C75*$D$1) -> 237.5
A76: ='MASTER PRICE LIST'!A1536 -> CP-UNIV-SLTRAY | B76: ='MASTER PRICE LIST'!B1536 -> 22"W x 30" L slide-out tray mounts to the top of TROY box with a minimum length of 32" and no top trim. | C76: ='MASTER PRICE LIST'!C1536 -> 920 | D76: =C76-(C76*$D$1) -> 874
A78: CARGE DECK STORAGE SYSTEM
A79: ='MASTER PRICE LIST'!A1295 -> EM-21TH-CRGDCK-SSTK-2DWR-K9 | B79: ='MASTER PRICE LIST'!B1295 -> 2021-24 Tahoe cargo deck system with stop stick storage, electronics tray, and weapon drawer. Features a push-button lock, side flare boxes, lift-out tray, and rubber mat on the deck top for a non-slip surface. Designed to accommodate K9 transport boxes. | C79: ='MASTER PRICE LIST'!C1295 -> 4000 | D79: =C79-(C79*$D$1) -> 3800
A81: MOBILE DRONE COMMAND POST
A82: ='MASTER PRICE LIST'!A1445 -> CP-GB4030-TV-WB | B82: ='MASTER PRICE LIST'!B1445 -> 40" W x 30" L x 23" H; one (1) TV drawer on top (currently designed to work with a Samsung 32" model #QN32Q50R), one (1) storage drawer with 1" foam, drawer latch handles and cypher lock; bottom whiteboard pop-up drawer | C82: ='MASTER PRICE LIST'!C1445 -> 7854 | D82: =C82-(C82*$D$1) -> 7461.3
A83: ='MASTER PRICE LIST'!A1447 -> CP-GB4030-TV-WSWB | B83: ='MASTER PRICE LIST'!B1447 -> 40" W x 30" L x 23" H; one (1) TV drawer on top (currently designed to work with a Samsung 32" model #QN32Q50R), one (1) storage drawer with 1" foam, drawer latch handles and cypher lock; bottom whiteboard pop-up drawer is recessed to allow work surface space. (Optional add-on AC-CP-WSWB-LT Laptop tray with carpet for work surface) | C83: ='MASTER PRICE LIST'!C1447 -> 7854 | D83: =C83-(C83*$D$1) -> 7461.3
A84: ='MASTER PRICE LIST'!A1450 -> CP-302434-DRN | B84: ='MASTER PRICE LIST'!B1450 -> 30" W x 34" L x 24" H, Drone box single drawer includes one (1) locking T-handle, 1.5" foam insert; bottom section features an electronics tray with ventilation louvers and one (1) locking T-handle | C84: ='MASTER PRICE LIST'!C1450 -> 3400 | D84: =C84-(C84*$D$1) -> 3230
A85: ='MASTER PRICE LIST'!A1451 -> SB-22629-LS | B85: ='MASTER PRICE LIST'!B1451 -> 22" W x29"L x 6"H, Storage box includes one (1) locking T-handle, 1.5" foam insert, slides lock into position to hold and secure in place when slide is at full extension. | C85: ='MASTER PRICE LIST'!C1451 -> 1250 | D85: =C85-(C85*$D$1) -> 1187.5
A86: ='MASTER PRICE LIST'!A1449 -> CP-32TV-HSL | B86: ='MASTER PRICE LIST'!B1449 -> 10” W x 34” L x 24” H, Command post 32"TV slide-out cabinet, arm adjustability from 0-90º degrees, max articulation arm extension 28 ¼”. Due to the design mechanism, heavier TV’s may tilt down on the arm once extended. | C86: ='MASTER PRICE LIST'!C1449 -> 2500 | D86: =C86-(C86*$D$1) -> 2375
A89: All Truck Bed Products plan ahead for longer lead times. Please add an additional 2 WEEKS to the standard lead times to ensure timely delivery when ordering non-stocked items.
A90: TRUCK BEDSLIDE KIT & Accessories
B92: Ford F150 Truck Bed Slide Kit
A93: ='MASTER PRICE LIST'!A1542 -> KT-21F1-BEDSLD | B93: ='MASTER PRICE LIST'!B1542 -> 2021-24 F150 5' Truck bed cargo heavy-duty slide and vehicle-specific side mounts; includes universal bed slides and vehicle specific mounts | C93: ='MASTER PRICE LIST'!C1542 -> 4500 | D93: =C93-(C93*$D$1) -> 4275
B95: Truck Bed Ford F150 Command Post, Side Cabinets and Tray Kit
A96: ='MASTER PRICE LIST'!A1545 -> KIT-21F1-2C-CPTV | B96: ='MASTER PRICE LIST'!B1545 -> 2021-24 F150 Truck bed center command post w/drawers, TV mount, white board, two side cabinets and 40"x 30" bed slide tray | C96: ='MASTER PRICE LIST'!C1545 -> 17075 | D96: =C96-(C96*$D$1) -> 16221.25
B98: Truck Bed Slide Trays
A99: ='MASTER PRICE LIST'!A1553 -> CP-U-4030-TRAY | B99: ='MASTER PRICE LIST'!B1553 -> 40”W x 30”L universal bed slide accessory tray | C99: ='MASTER PRICE LIST'!C1553 -> 375 | D99: =C99-(C99*$D$1) -> 356.25
A100: ='MASTER PRICE LIST'!A1554 -> CP-U-4060-TRAY | B100: ='MASTER PRICE LIST'!B1554 -> 40”W x 60”L universal bed slide accessory tray | C100: ='MASTER PRICE LIST'!C1554 -> 475 | D100: =C100-(C100*$D$1) -> 451.25
B102: Truck Bed Slide Accessories
A103: ='MASTER PRICE LIST'!A1557 -> CP-U-MOLLE-PAN | B103: ='MASTER PRICE LIST'!B1557 -> Universal Cargo Accessory Molle Pan with Open Storage for Trucks | C103: ='MASTER PRICE LIST'!C1557 -> 500 | D103: =C103-(C103*$D$1) -> 475
B105: Truck Bed Weapon Boxes
A106: ='MASTER PRICE LIST'!A1562 -> CP-2D-483616-WR | B106: ='MASTER PRICE LIST'!B1562 -> 48"W x 36"L x 16"H; 2-drawer weather resistant vault with two locking T-handles, weatherproof trim seal, protective coating, built in heavy duty slides; mounts to OEM anchor points - For truck beds 5.5' to 6' | C106: ='MASTER PRICE LIST'!C1562 -> 8300 | D106: =C106-(C106*$D$1) -> 7885
A107: ='MASTER PRICE LIST'!A1563 -> CP-2D-484016-WR | B107: ='MASTER PRICE LIST'!B1563 -> 48"W x 40"L x 16"H; 2-drawer weather resistant vault with two locking T-handles, weatherproof trim seal, protective coating, built in heavy duty slides; mounts to OEM anchor points - For truck beds 5.5' to 6' | C107: ='MASTER PRICE LIST'!C1563 -> 8300 | D107: =C107-(C107*$D$1) -> 7885

Sheet MASTER PRICE LIST
A1: TOC | B1: TROY PRODUCTS MASTER PRICE LIST | D1: 0.05 | E1: Updates
B2: PRODUCT DESCRIPTION | C2: MSRP | D2: DISCOUNT %
A4: VEHICLE SPECIFIC CONSOLES
A5: FORD
B6: PI Utility Consoles - Vehicle-Specific; OEM mounting points must be used (Cannot be transferred to different vehicles)
A7: CC-UV20-L-18 | B7: 2020-24 PI Utility 18" L-Shape Console, 7" Slope, 11" Level (no floor plate needed, mounts directly to floor) | C7: 601 | D7: =C7-(C7*$D$1) -> 570.95
A8: CC-UV20-L-20 | B8: 2020-24 PI Utility 20" L-Shape Console, 7" Slope, 13" Level (no floor plate needed, mounts directly to floor) | C8: 626 | D8: =C8-(C8*$D$1) -> 594.7
A9: CC-20-UV10-L8 | B9: 2020-24 PI Utility 18" Sloped console, 10" slope, 8" level (no floor plate needed, mounts directly to floor) | C9: 601 | D9: =C9-(C9*$D$1) -> 570.95
A10: CC-20-UVLP-14 | B10: 2020-24 PI Utility 14" Low-profile Console, 8" Slope, 6" Level (no floor plate needed, mounts directly to floor) | C10: 527 | D10: =C10-(C10*$D$1) -> 500.65
A11: CC-20-UVLP-17 | B11: 2020-24 PI Utility 17" Low-profile Console, 8" Slope, 9" Level (no floor plate needed, mounts directly to floor) | C11: 547 | D11: =C11-(C11*$D$1) -> 519.65
A12: CC-20FDUV-22 | B12: 2020-24 PI Utility 22" Level Console Pre-punched holes for U-mount (no floor plate needed, mounts directly to floor) | C12: 539 | D12: =C12-(C12*$D$1) -> 512.05
A13: CC-20UV-V10 | B13: 2020-24 PI Utility 10" vertical console with dual cupholders and open storage pocket L-Shape arm rest with 5x8 foam pad | C13: 578 | D13: =C13-(C13*$D$1) -> 549.1
B14: *If needed, we will include AC-UV20-HC harness cover for the vehicle-specific consoles*
B16: Ford PI Utility Console Custom Parts
A17: AC-UV20-HC | B17: 2020-24 PI Utility adjustable harness cover made for vehicle-specific consoles. Only for vehicle that include the OEM wire harness cover. | C17: 216 | D17: =C17-(C17*$D$1) -> 205.2
B19: Ford PI Utility Printer Console(Cannot be transferred to different vehicles)
A20: CC-20UV-PRTR | B20: 2020-24 PI Utility Printer Console, 4" slope, 8" level faceplate area | C20: 838 | D20: =C20-(C20*$D$1) -> 796.1
A21: CC-20UV-0414-PRTR | B21: 2020-24 PI Utility 18" Printer Console, 4" slope, 14" level faceplate area | C21: 893 | D21: =C21-(C21*$D$1) -> 848.35
B23: Ford PI Utility ECO Consoles - Vehicle-Specific; OEM mounting points must be used (Cannot be transferred to different vehicles)
A24: CC-ECO-UV20-18 | B24: 2020-24 PI Utility lightweight aluminum console 18" sloped console, 10" slope, 8" level | C24: 641 | D24: =C24-(C24*$D$1) -> 608.95
B26: Ford PI Utility | Explorer Civilian Overhead Consoles - Vehicle-Specific (Cannot be transferred to other vehicles)
A27: CC-UV20-OH | B27: 2020-24 PI Utility | 2020-24 Explorer Civilian Overhead 4"Console - mounts siren control and radio remote head | C27: 392 | D27: =C27-(C27*$D$1) -> 372.4
A28: CC-UV20-OH-WG | B28: 2020-24 PI Utility Custom WatchGuard DV-1 Overhead Console mount | C28: 575 | D28: =C28-(C28*$D$1) -> 546.25
B30: Ford Explorer Civilian Vehicle-Specific Console Insert
A31: SP-UV20-4 | B31: 2020-24 Ford Civilian Explorer 4" insert mount for dashboard | C31: 343 | D31: =C31-(C31*$D$1) -> 325.85
B33: Ford Expedition Over-head Console, Vehicle-Specific (Cannot be transferred to other vehicles)
A34: CC-OH-EXP18-7 | B34: 2018-24 Expedition 7” overhead console; face plates included with console. *Important Disclaimer: Civilian Expedition model will require removal of the bluetooth microphone. | C34: 354 | D34: =C34-(C34*$D$1) -> 336.3
B37: F150 Standard Consoles, Vehicle-Specific (Cannot be transferred to other vehicles)
A38: CC-21F1-0713 | B38: 2021-24 F150 20" standard console; 7" slope, 13" level (no floor plate needed, mounts directly to floor) | C38: 708 | D38: =C38-(C38*$D$1) -> 672.6
B41: F150 | F250 | F350 Wide-Body Consoles, Vehicle-Specific (Cannot be transferred to other vehicles)
A42: CC-21F1-0713-OS | B42: 2021-24 F150 | 2023 F250/350 20" wide-body console; open storage along passenger side; 7" slope, 13" level (no floor plate needed, mounts directly to floor) | C42: 920 | D42: =C42-(C42*$D$1) -> 874
A43: CC-21F1-0709-OS | B43: 2021-24 F150 | 2023 F250/350 16" wide-body console; open storage along passenger side; 7" slope, 9" level (no floor plate needed, mounts directly to floor) | C43: 869 | D43: =C43-(C43*$D$1) -> 825.55
B45: F150 Printer Consoles, Vehicle-Specific (Cannot be transferred to other vehicles)
A46: CC-21F1-0709OS-PRTR | B46: 2021-24 F150 16" Printer console 7" slope, 9" level ; open storage on the slope section - Special cover plate and rails sold separately | C46: 1060 | D46: =C46-(C46*D$1) -> 1007
A47: CC-21F1-0713OS-PRTR | B47: 2021-24 F150 20" Printer console 7" slope, 13" level ; open storage on the slope section - Special cover plate and rails sold separately | C47: 1100 | D47: =C47-(C47*D$1) -> 1045
B49: F150 Over-head Console, Vehicle-Specific (Cannot be transferred to other vehicles)
A50: CC-21F1-OH | B50: 2021-24 F150 7” overhead console. Face plates* included in console price | C50: 418 | D50: =C50-(C50*D$1) -> 397.1
B52: F250 Wide-Body Consoles, Vehicle-Specific (Cannot be transferred to other vehicles) Will not work with model year 2023; refer to CC-21F1-0709-OS.
A53: CC-21F2-0709-OS | B53: 2021-22 F250 16" wide-body console; open storage along passenger side; 7" slope, 9" level (no floor plate needed, mounts directly to floor) | C53: 869 | D53: =C53-(C53*$D$1) -> 825.55
B55: F250 Over-head Console, Vehicle-Specific (Cannot be transferred to other vehicles)
A56: CC-21F2-0304OH | B56: 2021-24 F250 overhead console and includes 7” of face plate mounting space (console will work with Motorola 05, 07, E5 remote heads). Important note: OEM lights, buttons, and switches are not transferable onto this overhead console version. | C56: 440 | D56: =C56-(C56*$D$1) -> 418
A58: CHEVROLET
B59: Tahoe | Suburban Standard Vehicle-Specific Consoles
A60: CC-21TH-1008 | B60: 2021-24 Tahoe | 2021-24 Suburban 8" Standard console 10" slope, 8" level | C60: 640 | D60: =C60-(C60*$D$1) -> 608
A61: CC-21TH-1012 | B61: 2021-24 Tahoe | 2021-24 Suburban 22" Standard console 10" slope, 12" level | C61: 702 | D61: =C61-(C61*$D$1) -> 666.9
A62: CC-21TH-1015 | B62: 2021-24 Tahoe | 2021-24 Suburban 25" Standard console 10" slope, 15" level | C62: 723 | D62: =C62-(C62*$D$1) -> 686.85
A63: CC-21TH-V12 | B63: 2021-24 Tahoe | 2021-24 Suburban 12" Vertical console | C63: 573 | D63: =C63-(C63*$D$1) -> 544.35
B65: Tahoe | Suburban Wide-Body Vehicle-Specific Consoles
A66: CC-21TH-1008-OS | B66: 2021-24 Tahoe | 2021-24 Suburban 18" Wide body console w/ open storage; 10" slope, 8" level | C66: 836 | D66: =C66-(C66*$D$1) -> 794.2
A67: CC-21TH-1012-OS | B67: 2021-24 Tahoe | 2021-24 Suburban 22" Wide body console w/ open storage; 10" slope, 12" level | C67: 876 | D67: =C67-(C67*$D$1) -> 832.2
A68: CC-21TH-1015-OS | B68: 2021-24 Tahoe | 2021-24 Suburban 25" Wide body console w/ open storage; 10" slope, 15" level | C68: 910 | D68: =C68-(C68*$D$1) -> 864.5
A69: CC-21TH-1008-OS-L | B69: 2021-24 Tahoe | 2021-24 Suburban 18" Wide body console w/ lockable storage area, 10" slope, 8" level | C69: 1009 | D69: =C69-(C69*$D$1) -> 958.55
B71: Tahoe | Suburban Vehicle-Specific Consoles For Dash-Mount Electronics (Floor Mount Not Required)
A72: CC-21TH-0711-DM | B72: 2021-24 Tahoe | 2021-24 Suburban 18" dash-mount console 7" slope, 11" level, floor mount FM-21TH not required | C72: 640 | D72: =C72-(C72*$D$1) -> 608
A73: CC-21TH-0713-DM | B73: 2021-24 Tahoe | 2021-24 Suburban 20" dash-mount console 7" slope, 13" level, floor mount FM-21TH not required | C73: 664 | D73: =C73-(C73*$D$1) -> 630.8
B75: Tahoe | Suburban Vehicle-Specific Wide-Body Consoles for Dash-Mount Electronics (Floor Mount Not Required)
A76: CC-21TH-0711-OS-DM | B76: 2021-24 Tahoe | 2021-24 Suburban 18" Wide body console w/ open storage; 7" slope, 11" level | C76: 836 | D76: =C76-(C76*$D$1) -> 794.2
A77: CC-21TH-0713-OS-DM | B77: 2021-24 Tahoe | 2021-24 Suburban 20" Wide body console w/ open storage; 7" slope, 13" level | C77: 855 | D77: =C77-(C77*$D$1) -> 812.25
A78: CC-21TH-0715-OS-DM | B78: 2021-24 Tahoe | 2021-24 Suburban 22" Wide body console w/ open storage; 7" slope, 15" level (Works without partition) | C78: 876 | D78: =C78-(C78*$D$1) -> 832.2
A79: CC-21TH-0718-OS-DM | B79: 2021-24 Tahoe | 2021-24 Suburban 25" Wide body console w/ open storage; 7" slope, 18" level (Works without partition) | C79: 910 | D79: =C79-(C79*$D$1) -> 864.5
B81: Tahoe | Suburban Vehicle-Specific Printer Console
A82: CC-21TH-1008OS-PRTR | B82: 2021-24 Tahoe | 2021-24 Suburban 18" Printer console w/ open storage; 10" slope, 8" level | C82: 1100 | D82: =C82-(C82*$D$1) -> 1045
B84: Tahoe | Suburban Overhead Vehicle-Specific Console
A85: CC-21TH-OH-7 | B85: 2021-24 Tahoe | 2021-24 Suburban 7" Overhead console. Replaces OEM dome light module. Remote heads only. | C85: 356 | D85: =C85-(C85*$D$1) -> 338.2
B87: Tahoe Civilian Model ONLY
A88: CC-21TH-TRAY-10 | B88: 2021-24 Tahoe Civilian 10" Console insert. Compatible with AC-GUNBOX-10-LP, low-profile box. | C88: 377 | D88: =C88-(C88*$D$1) -> 358.15
B90: Chevy Silverado 1500 Wide-Body Consoles, Vehicle-Specific (Cannot be transferred to other vehicles)
A91: CC-22S1-0713-OS | B91: 2021-24 Chevy Silverado 1500 20" wide-body console; open storage along passenger side; 7" slope, 13" level (no floor plate needed, mounts directly to floor) | C91: 950 | D91: =C91-(C91*$D$1) -> 902.5
A92: CC-22S1-0713-OS-L | B92: 2021-24 Chevy Silverado 1500 20" Wide body console w/ lockable storage area, 7" slope, 13" level (no floor plate needed, mounts directly to floor) | C92: 1050 | D92: =C92-(C92*$D$1) -> 997.5 | E92: NEW PRODUCT
B94: Chevy Silverado 1500 Vehicle-Specific Printer Console
A95: CC-22S1-0713-PRTR | B95: 2021-24 Chevy Silverado 1500 20" Printer console 7" slope, 13" level. Open storage on the slope section of pass. side - Special cover plate and rails sold separately; AC-RAIL-7-LA and SP-F-TH-7N (recommended with computer side mount) | C95: 1150 | D95: =C95-(C95*$D$1) -> 1092.5 | E95: NEW PRODUCT
B97: Chevy Silverado 1500 Overhead Console
A98: CC-OH-CHV19 | B98: 2019-24 Silverado overhead console with option to mount 3" or 4" faceplate; Includes 4" and 3" FP rails | C98: 338 | D98: =C98-(C98*$D$1) -> 321.1
A100: DODGE
B101: Charger-Specific Consoles. Must bolt to OEM locations.
A102: CC-21CH-22 | B102: 2021-23 Charger 22" level console. Can use long/short components. | C102: 515 | D102: =C102-(C102*$D$1) -> 489.25
A103: CC-21CH-DM-0709 | B103: 2021-23 Charger 16" Dash-mount console: 7" angled slope, 9" level. Long components used in slope area | C103: 669 | D103: =C103-(C103*$D$1) -> 635.55
A104: CC-21CH-DM-0711 | B104: 2021-23 Charger 18" Dash-mount console: 7" angled slope, 11" level. Long components used in vertical area. | C104: 675 | D104: =C104-(C104*$D$1) -> 641.25
B106: Dodge Durango SSV Vehicle-Specific Console
A107: CC-21DUR-0810 | B107: 2021-24 Durango 18” vehicle specific console: 8” slope, 10” level area, relocates OEM USB ports | C107: 751 | D107: =C107-(C107*$D$1) -> 713.45
A108: CC-21DUR-0814 | B108: 2021-24 Durango 22” vehicle specific console: 8” slope, 14” level area, relocates OEM USB ports | C108: 809 | D108: =C108-(C108*$D$1) -> 768.55
B110: Dodge Durango Vehicle-Specific Printer Console
A111: CC-21DUR-PRTR-14 | B111: 2021-24 Durango 14" Printer console features 4" slope, 10" level of face plate space | C111: 868 | D111: =C111-(C111*$D$1) -> 824.6 | E111: NEW PRODUCT
B113: Dodge Durango Overhead Console
A114: CC-OH-DUR18 | B114: 2018-24 Durango overhead console, 7" for remote head radio and siren | C114: 370 | D114: =C114-(C114*$D$1) -> 351.5
A116: UNIVERSAL CONSOLES (floor Mounts are required - refer to vehicle specific tabs) - For additional console sizes and designs available call Customer Service!
B117: Universal Low-Profile Consoles (Can be used in many different vehicles.)
A118: CC-PCFX14 | B118: Universal 14" low-profile; 3" slope, 11" level; computer deck; Will fit one long radio. | C118: 575 | D118: =C118-(C118*$D$1) -> 546.25
A119: CC-BPD-15 | B119: Universal 15" low-profile L shaped console; 9" slope, 6" level area. Computer deck. | C119: 575 | D119: =C119-(C119*$D$1) -> 546.25
A120: CC-MC16-S | B120: Universal 16" low-profile L-shape console; 8" slope, 8" level. | C120: 575 | D120: =C120-(C120*$D$1) -> 546.25
A121: CC-LP-8 | B121: Universal 8" low profile accessory console. Sunglass tray (FP-SGTRAY) & beverage holder (AC-INBHG) fit well. | C121: 199 | D121: =C121-(C121*$D$1) -> 189.05
B123: Universal Computer Deck Consoles (Use U-bracket computer mounts.)
A124: CC-LASD-15 | B124: Universal 15" L-shaped console w/computer deck: 7" slope, 8" level. Rocker switch hole pre-punched on deck. | C124: 549 | D124: =C124-(C124*$D$1) -> 521.55
B126: Bench-Seat Consoles, Short Footprint (Can also be used in bucket-seat applications with a floor plate.)
A127: CC-C04 | B127: 10" Bench-seat sloped console; small footprint. No floor plate used for bench-seat vehicles. | C127: 464 | D127: =C127-(C127*$D$1) -> 440.8
A128: CC-C05 | B128: 7" Bench-seat sloped console; small footprint. No floor plate used for bench-seat vehicles. | C128: 397 | D128: =C128-(C128*$D$1) -> 377.15
A129: CC-C10 | B129: 10" 2-pc. ht. adj. console; small foot spring. No floor plate used for bench-seat vehicles. | C129: 397 | D129: =C129-(C129*$D$1) -> 377.15
B131: Universal Sloped Consoles (Can be used in many different vehicles)
A132: CC-C06-90 | B132: Universal 14" sloped console; tall at dashboard and slopes down to low end. Rear wall now 90 deg. angle. | C132: 529 | D132: =C132-(C132*$D$1) -> 502.55
B134: Universal Modcon Consoles & Console Extensions
...

Sheet 2020-24 FORD PI UTILITY
A1: TOC | B1: 2020 - 2024 FORD PI UTILITY HYBRID AND NON-HYBRID PRICE LIST | D1: 0.05
A2: TROY PART # | B2: ITEM DESCRIPTION | C2: MSRP | D2: DISCOUNT %
A4: Push Bumper Kit with Solid Top Channel Cover
A5: ='MASTER PRICE LIST'!A1586 -> PB-20UV-UPRS | B5: ='MASTER PRICE LIST'!B1586 -> 2020-24 Ford PIU Upright with mounting kit and solid top channel cover | C5: ='MASTER PRICE LIST'!C1586 -> 820 | D5: =C5-(C5*$D$1) -> 779
A7: Push Bumper Kit with Option of 2 or 4 Top Light Channel Bracket
A8: ='MASTER PRICE LIST'!A1599 -> PB-20UV-UPRSML-LT2 | B8: ='MASTER PRICE LIST'!B1599 -> 2020-24 Ford PIU Upright with mounting kit, wire covers and two (2) light channel brackets; provide brand and model of lights | C8: ='MASTER PRICE LIST'!C1599 -> 850 | D8: =C8-(C8*$D$1) -> 807.5
A9: ='MASTER PRICE LIST'!A1600 -> PB-20UV-UPRSML-LT4 | B9: ='MASTER PRICE LIST'!B1600 -> 2020-24 Ford PIU Upright with mounting kit, wire covers and four (4) light channel bracket; provide brand and model of lights | C9: ='MASTER PRICE LIST'!C1600 -> 850 | D9: =C9-(C9*$D$1) -> 807.5
B10: * For emergency lighting brackets; please specify lighting brand, model and the number of lights to be mounted.*
A12: Console Floor Plates | B12: Always indicate year, make and model on your console purchase orders
A13: ='MASTER PRICE LIST'!A185 -> AC-20-FDUV-MNT | B13: ='MASTER PRICE LIST'!B185 -> 2020-24 PI Utility console floor mount used with universal consoles ONLY. | C13: ='MASTER PRICE LIST'!C185 -> 172 | D13: =C13-(C13*$D$1) -> 163.4
A15: ='MASTER PRICE LIST'!$B$6 -> PI Utility Consoles - Vehicle-Specific; OEM mounting points must be used (Cannot be transferred to different vehicles)
A16: ='MASTER PRICE LIST'!A7 -> CC-UV20-L-18 | B16: ='MASTER PRICE LIST'!B7 -> 2020-24 PI Utility 18" L-Shape Console, 7" Slope, 11" Level (no floor plate needed, mounts directly to floor) | C16: ='MASTER PRICE LIST'!C7 -> 601 | D16: =C16-(C16*$D$1) -> 570.95
A17: ='MASTER PRICE LIST'!A8 -> CC-UV20-L-20 | B17: ='MASTER PRICE LIST'!B8 -> 2020-24 PI Utility 20" L-Shape Console, 7" Slope, 13" Level (no floor plate needed, mounts directly to floor) | C17: ='MASTER PRICE LIST'!C8 -> 626 | D17: =C17-(C17*$D$1) -> 594.7
A18: ='MASTER PRICE LIST'!A9 -> CC-20-UV10-L8 | B18: ='MASTER PRICE LIST'!B9 -> 2020-24 PI Utility 18" Sloped console, 10" slope, 8" level (no floor plate needed, mounts directly to floor) | C18: ='MASTER PRICE LIST'!C9 -> 601 | D18: =C18-(C18*$D$1) -> 570.95
A19: ='MASTER PRICE LIST'!A10 -> CC-20-UVLP-14 | B19: ='MASTER PRICE LIST'!B10 -> 2020-24 PI Utility 14" Low-profile Console, 8" Slope, 6" Level (no floor plate needed, mounts directly to floor) | C19: ='MASTER PRICE LIST'!C10 -> 527 | D19: =C19-(C19*$D$1) -> 500.65
A20: ='MASTER PRICE LIST'!A11 -> CC-20-UVLP-17 | B20: ='MASTER PRICE LIST'!B11 -> 2020-24 PI Utility 17" Low-profile Console, 8" Slope, 9" Level (no floor plate needed, mounts directly to floor) | C20: ='MASTER PRICE LIST'!C11 -> 547 | D20: =C20-(C20*$D$1) -> 519.65
A21: ='MASTER PRICE LIST'!A12 -> CC-20FDUV-22 | B21: ='MASTER PRICE LIST'!B12 -> 2020-24 PI Utility 22" Level Console Pre-punched holes for U-mount (no floor plate needed, mounts directly to floor) | C21: ='MASTER PRICE LIST'!C12 -> 539 | D21: =C21-(C21*$D$1) -> 512.05
A22: ='MASTER PRICE LIST'!A13 -> CC-20UV-V10 | B22: ='MASTER PRICE LIST'!B13 -> 2020-24 PI Utility 10" vertical console with dual cupholders and open storage pocket L-Shape arm rest with 5x8 foam pad | C22: ='MASTER PRICE LIST'!C13 -> 578 | D22: =C22-(C22*$D$1) -> 549.1
B23: *If needed, we will include AC-UV20-HC harness cover for the vehicle-specific consoles*
A25: ='MASTER PRICE LIST'!B16 -> Ford PI Utility Console Custom Parts
A26: ='MASTER PRICE LIST'!A17 -> AC-UV20-HC | B26: ='MASTER PRICE LIST'!B17 -> 2020-24 PI Utility adjustable harness cover made for vehicle-specific consoles. Only for vehicle that include the OEM wire harness cover. | C26: ='MASTER PRICE LIST'!C17 -> 216 | D26: =C26-(C26*$D$1) -> 205.2
A28: ='MASTER PRICE LIST'!B19 -> Ford PI Utility Printer Console(Cannot be transferred to different vehicles)
A29: ='MASTER PRICE LIST'!A20 -> CC-20UV-PRTR | B29: ='MASTER PRICE LIST'!B20 -> 2020-24 PI Utility Printer Console, 4" slope, 8" level faceplate area | C29: ='MASTER PRICE LIST'!C20 -> 838 | D29: =C29-(C29*$D$1) -> 796.1
A30: ='MASTER PRICE LIST'!A21 -> CC-20UV-0414-PRTR | B30: ='MASTER PRICE LIST'!B21 -> 2020-24 PI Utility 18" Printer Console, 4" slope, 14" level faceplate area | C30: ='MASTER PRICE LIST'!C21 -> 893 | D30: =C30-(C30*$D$1) -> 848.35
A32: ='MASTER PRICE LIST'!B23 -> Ford PI Utility ECO Consoles - Vehicle-Specific; OEM mounting points must be used (Cannot be transferred to different vehicles)
A33: ='MASTER PRICE LIST'!A24 -> CC-ECO-UV20-18 | B33: ='MASTER PRICE LIST'!B24 -> 2020-24 PI Utility lightweight aluminum console 18" sloped console, 10" slope, 8" level | C33: ='MASTER PRICE LIST'!C24 -> 641 | D33: =C33-(C33*$D$1) -> 608.95
A35: PI Utility Consoles - Vehicle Compatible (Can be transferred to different vehicles)
A36: ='MASTER PRICE LIST'!A138 -> CC-A-S12 | B36: ='MASTER PRICE LIST'!B138 -> Universal 12" 2-pc. ht. adj. sloped console; Flat deck (Top piece can be raised up to 3" higher) | C36: ='MASTER PRICE LIST'!C138 -> 543 | D36: =C36-(C36*$D$1) -> 515.85
A37: ='MASTER PRICE LIST'!A119 -> CC-BPD-15 | B37: ='MASTER PRICE LIST'!B119 -> Universal 15" low-profile L shaped console; 9" slope, 6" level area. Computer deck. | C37: ='MASTER PRICE LIST'!C119 -> 575 | D37: =C37-(C37*$D$1) -> 546.25
A38: ='MASTER PRICE LIST'!A124 -> CC-LASD-15 | B38: ='MASTER PRICE LIST'!B124 -> Universal 15" L-shaped console w/computer deck: 7" slope, 8" level. Rocker switch hole pre-punched on deck. | C38: ='MASTER PRICE LIST'!C124 -> 549 | D38: =C38-(C38*$D$1) -> 521.55
A40: Vehicle-Specific Overhead Consoles
A41: ='MASTER PRICE LIST'!A27 -> CC-UV20-OH | B41: ='MASTER PRICE LIST'!B27 -> 2020-24 PI Utility | 2020-24 Explorer Civilian Overhead 4"Console - mounts siren control and radio remote head | C41: ='MASTER PRICE LIST'!C27 -> 392 | D41: =C41-(C41*$D$1) -> 372.4
A42: ='MASTER PRICE LIST'!A28 -> CC-UV20-OH-WG | B42: ='MASTER PRICE LIST'!B28 -> 2020-24 PI Utility Custom WatchGuard DV-1 Overhead Console mount | C42: ='MASTER PRICE LIST'!C28 -> 575 | D42: =C42-(C42*$D$1) -> 546.25
A44: Popular Internal Console Accessories
A45: ='MASTER PRICE LIST'!A235 -> AC-CCHY-BH | B45: ='MASTER PRICE LIST'!B235 -> 4" Durable high-impact polymer internal dual beverage holder; includes a larger size cup holder, for size water bottles or tumblers 18-32oz along with a standard size holder. | C45: ='MASTER PRICE LIST'!C235 -> 45 | D45: =C45-(C45*$D$1) -> 42.75
A46: ='MASTER PRICE LIST'!A238 -> AC-INBHG | B46: ='MASTER PRICE LIST'!B238 -> 4" internal dual beverage holder. Includes rubber fingers to keep cup stabilized. | C46: ='MASTER PRICE LIST'!C238 -> 64 | D46: =C46-(C46*$D$1) -> 60.8
A47: ='MASTER PRICE LIST'!A245 -> AC-TICK-2 | B47: ='MASTER PRICE LIST'!B245 -> 3" face plate shallow tray; holds smartphone, keys, wallet, sunglasses, etc. 2" H. | C47: ='MASTER PRICE LIST'!C245 -> 53 | D47: =C47-(C47*$D$1) -> 50.35
A48: ='MASTER PRICE LIST'!A336 -> FP-USBC-2DC | B48: ='MASTER PRICE LIST'!B336 -> 2" face plate combo USB-C /USB port and (2) DC outlets | C48: ='MASTER PRICE LIST'!C336 -> 90 | D48: =C48-(C48*$D$1) -> 85.5
A49: ='MASTER PRICE LIST'!A246 -> FP-SGTRAY | B49: ='MASTER PRICE LIST'!B246 -> 4" face plate shallow tray w/sloped floor; holds smartphone, keys, wallet, sunglasses, etc. 1.75" H. | C49: ='MASTER PRICE LIST'!C246 -> 50 | D49: =C49-(C49*$D$1) -> 47.5
A50: ='MASTER PRICE LIST'!A250 -> AC-GUNBOX-6-LP | B50: ='MASTER PRICE LIST'!B250 -> 6" internal lidded locking low-profile internal storage box (may not accommodate handgun) 3.6" H. | C50: ='MASTER PRICE LIST'!C250 -> 173 | D50: =C50-(C50*$D$1) -> 164.35
A51: ='MASTER PRICE LIST'!A251 -> AC-GUNBOX-LP | B51: ='MASTER PRICE LIST'!B251 -> 8" internal lidded locking low-profile storage box (might accommodate handgun) 3.6" H. | C51: ='MASTER PRICE LIST'!C251 -> 194 | D51: =C51-(C51*$D$1) -> 184.3
A53: Electronics Face Plates
A54: ='MASTER PRICE LIST'!A553 -> FP-UV20-USBDC | B54: ='MASTER PRICE LIST'!B553 -> 2" faceplate pre-punched w/holes to fit Ford Series trucks to relocate SYNC outlets (works with CC-WBOS consoles) | C54: ='MASTER PRICE LIST'!C553 -> 50 | D54: =C54-(C54*$D$1) -> 47.5
A55: ='MASTER PRICE LIST'!A334 -> FP-USB-4DC | B55: ='MASTER PRICE LIST'!B334 -> 2" face plate with dual USB-C 4amp and four (4) DC outlets. Includes electronics. WORKS WITH USBC OUTLETS | C55: ='MASTER PRICE LIST'!C334 -> 110 | D55: =C55-(C55*$D$1) -> 104.5
A56: ='MASTER PRICE LIST'!A339 -> FP-AP12-3 | B56: ='MASTER PRICE LIST'!B339 -> 2" face plate w/ (3) DC outlet holes | C56: ='MASTER PRICE LIST'!C339 -> 32 | D56: =C56-(C56*$D$1) -> 30.4
A57: ='MASTER PRICE LIST'!A329 -> L3-AP1SET | B57: ='MASTER PRICE LIST'!B329 -> 12 Volt DC power outlet plug w/black captured cap | C57: ='MASTER PRICE LIST'!C329 -> 15 | D57: =C57-(C57*$D$1) -> 14.25
A59: Mic Clip Choices
A60: ='MASTER PRICE LIST'!A311 -> AC-MCM1 | B60: ='MASTER PRICE LIST'!B311 -> Dog-ear type microphone clip plate and clip assembly | C60: ='MASTER PRICE LIST'!C311 -> 19 | D60: =C60-(C60*$D$1) -> 18.05
A61: ='MASTER PRICE LIST'!A317 -> AC-MAG-MIC | B61: ='MASTER PRICE LIST'!B317 -> Magnetic Mic holder quickly guides the microphone into place | C61: ='MASTER PRICE LIST'!C317 -> 67 | D61: =C61-(C61*$D$1) -> 63.65
A62: ='MASTER PRICE LIST'!A313 -> AC-MIC-Z-FPI | B62: ='MASTER PRICE LIST'!B313 -> Height adjustable, no-holes-drilled L-slot microphone clip plate assembly | C62: ='MASTER PRICE LIST'!C313 -> 33 | D62: =C62-(C62*$D$1) -> 31.35
A64: All-New Phone Mounts
A65: ='MASTER PRICE LIST'!A320 -> AC-PHMAG | B65: ='MASTER PRICE LIST'!B320 -> Magnetic phone mount; includes (2) mounting disc and (2) device plates | C65: ='MASTER PRICE LIST'!C320 -> 85 | D65: =C65-(C65*$D$1) -> 80.75
A66: ='MASTER PRICE LIST'!A321 -> AC-PHMNT-MAG | B66: ='MASTER PRICE LIST'!B321 -> Cradle magnetic phone mount; includes (2) mounting disc | C66: ='MASTER PRICE LIST'!C321 -> 109 | D66: =C66-(C66*$D$1) -> 103.55
A67: ='MASTER PRICE LIST'!A322 -> FP-PHNMNT | B67: ='MASTER PRICE LIST'!B322 -> 2" face plate w/phone cradle and mount; (1) USB-C 4 amp and USB 3 amp port | C67: ='MASTER PRICE LIST'!C322 -> 200 | D67: =C67-(C67*$D$1) -> 190
A69: COMPUTER MOUNTS
A70: Passenger-Seat Computer Mounts (Passenger space is not compromised)
A71: ='MASTER PRICE LIST'!A602 -> CM-UV20-SA-LED | B71: ='MASTER PRICE LIST'!B602 -> 2020-24 PI Utility | 2020-24 Explorer Civilian passenger seat mount w/swing arm dock. | C71: ='MASTER PRICE LIST'!C602 -> 572 | D71: =C71-(C71*$D$1) -> 543.4
A72: ='MASTER PRICE LIST'!A603 -> CM-UV20-SA-LT17 | B72: ='MASTER PRICE LIST'!B603 -> 2020-24 PI Utility | 2020-24 Explorer Civilian passenger seat mount w/swing arm and laptop tray up to 17" wide | C72: ='MASTER PRICE LIST'!C603 -> 721 | D72: =C72-(C72*$D$1) -> 684.95
A73: ='MASTER PRICE LIST'!A604 -> CM-UV20-SA-LT16 | B73: ='MASTER PRICE LIST'!B604 -> 2020-24 PI Utility | 2020-24 Explorer Civilian passenger seat mount w/swing arm and laptop tray up to 15" wide. Includes CM-LT1600. | C73: ='MASTER PRICE LIST'!C604 -> 771 | D73: =C73-(C73*$D$1) -> 732.45
A74: ='MASTER PRICE LIST'!A605 -> CM-UV20-SL-LED | B74: ='MASTER PRICE LIST'!B605 -> 2020-24 PI Utility | 2020-24 Explorer Civilian passenger seat mount w/slide arm dock. | C74: ='MASTER PRICE LIST'!C605 -> 769 | D74: =C74-(C74*$D$1) -> 730.55
A75: ='MASTER PRICE LIST'!A606 -> CM-UV20-SL-LT17 | B75: ='MASTER PRICE LIST'!B606 -> 2020-24 PI Utility | 2020-24 Explorer Civilian passenger seat mount w/slide arm and laptop tray up to 17" wide | C75: ='MASTER PRICE LIST'!C606 -> 849 | D75: =C75-(C75*$D$1) -> 806.55
A76: ='MASTER PRICE LIST'!A607 -> CM-UV20-SL-LT16 | B76: ='MASTER PRICE LIST'!B607 -> 2020-24 PI Utility | 2020-24 Explorer Civilian passenger seat mount w/slide arm and laptop tray up to 15" wide. Includes CM-LT1600. | C76: ='MASTER PRICE LIST'!C607 -> 899 | D76: =C76-(C76*$D$1) -> 854.05
A78: In-Dash Computer Mount
A79: ='MASTER PRICE LIST'!A599 -> CM-20-UVDM | B79: ='MASTER PRICE LIST'!B599 -> 2020-24 PI Utility in-dash computer mount - Keyboard accommodated with separate mounts. Call Customer Service for part numbers. | C79: ='MASTER PRICE LIST'!C599 -> 475 | D79: =C79-(C79*$D$1) -> 451.25
A81: Console Deck Computer Mounts, (To work with computer deck consoles)
A82: ='MASTER PRICE LIST'!A700 -> CM-DH-SLDK-LED | B82: ='MASTER PRICE LIST'!B700 -> Console deck computer mount w/slide arm for docking station. Works with computer deck consoles CC-20-UVLP-17, 14 & CC-21CH-DM-0707, 0709,0711 | C82: ='MASTER PRICE LIST'!C700 -> 641 | D82: =C82-(C82*$D$1) -> 608.95
A83: ='MASTER PRICE LIST'!A701 -> CM-DH-SA-LED | B83: ='MASTER PRICE LIST'!B701 -> Console deck computer mount w/swing arm for docking station. Works with computer deck consoles CC-20-UVLP-17, 14 & CC-21CH-DM-0707, 0709,0711 | C83: ='MASTER PRICE LIST'!C701 -> 429 | D83: =C83-(C83*$D$1) -> 407.55
A85: Console-Side Computer Mounts
A86: ='MASTER PRICE LIST'!A667 -> CM-SDMT-SL-LED | B86: ='MASTER PRICE LIST'!B667 -> Console side ht. adj. mount w/slide arm for docking station | C86: ='MASTER PRICE LIST'!C667 -> 589 | D86: =C86-(C86*$D$1) -> 559.55
A87: ='MASTER PRICE LIST'!A668 -> CM-SDMT-SL-LT17 | B87: ='MASTER PRICE LIST'!B668 -> Console side ht. adj. mount w/slide arm and laptop tray up to 17" wide | C87: ='MASTER PRICE LIST'!C668 -> 727 | D87: =C87-(C87*$D$1) -> 690.65
A88: ='MASTER PRICE LIST'!A669 -> CM-SDMT-SL-LT16 | B88: ='MASTER PRICE LIST'!B669 -> Console side ht. adj. mount w/slide arm and laptop tray up to 15" wide. Includes CM-LT1600. | C88: ='MASTER PRICE LIST'!C669 -> 777 | D88: =C88-(C88*$D$1) -> 738.15
A90: U-Bracket Computer Mounts (Use on consoles with computer decks)
A91: ='MASTER PRICE LIST'!A690 -> CM-UMSH-SA-LED | B91: ='MASTER PRICE LIST'!B690 -> Short U bracket mnt w/swing arm for docking station | C91: ='MASTER PRICE LIST'!C690 -> 392 | D91: =C91-(C91*$D$1) -> 372.4
A92: ='MASTER PRICE LIST'!A692 -> CM-UMSH-SA-LT17 | B92: ='MASTER PRICE LIST'!B692 -> Short U bracket mnt w/swing arm and laptop tray up to 17" wide | C92: ='MASTER PRICE LIST'!C692 -> 515 | D92: =C92-(C92*$D$1) -> 489.25
A93: ='MASTER PRICE LIST'!A693 -> CM-UMSH-SA-LT16 | B93: ='MASTER PRICE LIST'!B693 -> Short U bracket mnt w/swing arm and laptop tray up to 15" wide. Includes CM-LT1600. | C93: ='MASTER PRICE LIST'!C693 -> 565 | D93: =C93-(C93*$D$1) -> 536.75
A94: ='MASTER PRICE LIST'!A694 -> CM-UMSH-SL-LED | B94: ='MASTER PRICE LIST'!B694 -> Short U bracket mnt w/slide arm for docking station | C94: ='MASTER PRICE LIST'!C694 -> 572 | D94: =C94-(C94*$D$1) -> 543.4
A95: ='MASTER PRICE LIST'!A696 -> CM-UMSH-SL-LT17 | B95: ='MASTER PRICE LIST'!B696 -> Short U bracket mnt w/slide arm and laptop tray up to 17" wide | C95: ='MASTER PRICE LIST'!C696 -> 681 | D95: =C95-(C95*$D$1) -> 646.95
A96: ='MASTER PRICE LIST'!A697 -> CM-UMSH-SL-LT16 | B96: ='MASTER PRICE LIST'!B697 -> Short U bracket mnt w/slide arm and laptop tray up to 15" wide. Includes CM-LT1600. | C96: ='MASTER PRICE LIST'!C697 -> 731 | D96: =C96-(C96*$D$1) -> 694.45
A98: Laptop Accessories
A99: ='MASTER PRICE LIST'!A593 -> AC-LT-SCR | B99: ='MASTER PRICE LIST'!B593 -> Laptop screen holder; compatible w/ TROY laptop trays | C99: ='MASTER PRICE LIST'!C593 -> 92 | D99: =C99-(C99*$D$1) -> 87.4
A100: ='MASTER PRICE LIST'!A594 -> AC-LT13-CLAMP | B100: ='MASTER PRICE LIST'!B594 -> Laptop tray finger clamp, vinyl cap | C100: ='MASTER PRICE LIST'!C594 -> 12 | D100: =C100-(C100*$D$1) -> 11.4
A102: Weapon Mount Kits: Single / Dual
B103: ='MASTER PRICE LIST'!B704 -> Single Weapon Mount Kits
A104: ='MASTER PRICE LIST'!A705 -> KT-GM-SGL-SC6 | B104: ='MASTER PRICE LIST'!B705 -> Single weapon mount w/SC6 lock and brackets | C104: ='MASTER PRICE LIST'!C705 -> 455 | D104: =C104-(C104*$D$1) -> 432.25
A105: ='MASTER PRICE LIST'!A706 -> KT-GM-SGL-SC1 | B105: ='MASTER PRICE LIST'!B706 -> Single weapon mount w/SC1 lock and brackets | C105: ='MASTER PRICE LIST'!C706 -> 379 | D105: =C105-(C105*$D$1) -> 360.05
A106: ='MASTER PRICE LIST'!A707 -> KT-GM-SGL-SC1AR | B106: ='MASTER PRICE LIST'!B707 -> Single weapon mount w/SC1/AR AR15 lock, No. 2 key and brackets | C106: ='MASTER PRICE LIST'!C707 -> 419 | D106: =C106-(C106*$D$1) -> 398.05
B107: ='MASTER PRICE LIST'!B708 -> Dual Weapon Mount Kits
A108: ='MASTER PRICE LIST'!A709 -> KT-GM-SGRF-SC6-1 | B108: ='MASTER PRICE LIST'!B709 -> Dual weapon mount w/ SC6 lock, SC1 shotgun lock with No. 2 key and brackets | C108: ='MASTER PRICE LIST'!C709 -> 701 | D108: =C108-(C108*$D$1) -> 665.95
A109: ='MASTER PRICE LIST'!A710 -> KT-GM-SGRF-SC6-1AR | B109: ='MASTER PRICE LIST'!B710 -> Dual weapon mount w/SC6 lock, SC1/AR AR15 lock with No. 2 Key and brackets | C109: ='MASTER PRICE LIST'!C710 -> 741 | D109: =C109-(C109*$D$1) -> 703.95
A110: ='MASTER PRICE LIST'!A711 -> KT-GM-SGRF-SC1-1AR | B110: ='MASTER PRICE LIST'!B711 -> Dual weapon mount w/SC1 shotgun lock, SC1/AR AR15 lock with No. 2 Key and brackets | C110: ='MASTER PRICE LIST'!C711 -> 665 | D110: =C110-(C110*$D$1) -> 631.75
A112: ='MASTER PRICE LIST'!B723
A113: ='MASTER PRICE LIST'!A724 -> GM-SGRF-SC | B113: ='MASTER PRICE LIST'!B724 -> Universal dual weapon mount for single-cell Ford PIU, F150 and Tahoe | C113: ='MASTER PRICE LIST'!C724 -> 387 | D113: =C113-(C113*$D$1) -> 367.65
A114: ='MASTER PRICE LIST'!A725 -> GM-SGL-SC | B114: ='MASTER PRICE LIST'!B725 -> Universal single weapon mount for single-cell Ford PIU, F150 and Tahoe | C114: ='MASTER PRICE LIST'!C725 -> 347 | D114: =C114-(C114*$D$1) -> 329.65
A116: Free Standing Weapon Mounts, Single & Dual Designs
A117: ='MASTER PRICE LIST'!A718 -> GM-20UV-SGL | B117: ='MASTER PRICE LIST'!B718 -> 2020-24 PI Utility free standing single weapon mount. Weapon locks sold separately. | C117: ='MASTER PRICE LIST'!C718 -> 376 | D117: =C117-(C117*$D$1) -> 357.2
A118: ='MASTER PRICE LIST'!A719 -> GM-20UV-SGRF | B118: ='MASTER PRICE LIST'!B719 -> 2020-24 PI Utility free standing dual weapon mount. Weapon locks sold separately. | C118: ='MASTER PRICE LIST'!C719 -> 520 | D118: =C118-(C118*$D$1) -> 494
A120: ='MASTER PRICE LIST'!B836 -> Ford PI Utility | Ford Explorer Civilian Partition Kits; Includes US Partition, Partition Mounting Kit and 3 pc. Kick Panel
A121: ='MASTER PRICE LIST'!A837 -> KIT-TP-SL6U-BB-SS | B121: ='MASTER PRICE LIST'!B837 -> 2020-24 PI Utility | 2020-24 Explorer Civilian US Partition Kit (TP-E-SL6-US-SS, SAB-20-FDUV-BB, KP-UV20-DAP-SS) | C121: ='MASTER PRICE LIST'!C837 -> 1289 | D121: =C121-(C121*$D$1) -> 1224.55
A122: ='MASTER PRICE LIST'!A838 -> KIT-TP-SL1U-BB-SS | B122: ='MASTER PRICE LIST'!B838 -> 2020-24 PI Utility | 2020-24 Explorer Civilian US Partition Kit (TP-E-SL1-US-SS, SAB-20-FDUV-BB, KP-UV20-DAP-SS) | C122: ='MASTER PRICE LIST'!C838 -> 1301 | D122: =C122-(C122*$D$1) -> 1235.95
A124: ='MASTER PRICE LIST'!B841 -> Ford PI Utility Partition Kits; Includes Bent-Frame Partition, Partition Mounting Kit and 3 pc. Kick Panel
...

Sheet 2020-24 FORD EXPLORER CIVILIAN
A1: TOC | B1: 2020 - 2024 FORD EXPLORER CIVILIAN MODEL | D1: 0.05
A2: TROY PART # | B2: ITEM DESCRIPTION | C2: MSRP | D2: DISCOUNT %
A4: Console Floor Plate - Not available for this model.
A6: Ford Civilian Explorer Vehicle-Specific Console Insert
A7: ='MASTER PRICE LIST'!A31 -> SP-UV20-4 | B7: ='MASTER PRICE LIST'!B31 -> 2020-24 Ford Civilian Explorer 4" insert mount for dashboard | C7: ='MASTER PRICE LIST'!C31 -> 343 | D7: =C7-(C7*$D$1) -> 325.85
A9: Vehicle-Specific Overhead Consoles
A10: ='MASTER PRICE LIST'!A27 -> CC-UV20-OH | B10: ='MASTER PRICE LIST'!B27 -> 2020-24 PI Utility | 2020-24 Explorer Civilian Overhead 4"Console - mounts siren control and radio remote head | C10: ='MASTER PRICE LIST'!C27 -> 392 | D10: =C10-(C10*$D$1) -> 372.4
A12: COMPUTER MOUNTS
A13: Passenger-Seat Computer Mounts (Passenger space is not compromised)
A14: ='MASTER PRICE LIST'!A602 -> CM-UV20-SA-LED | B14: ='MASTER PRICE LIST'!B602 -> 2020-24 PI Utility | 2020-24 Explorer Civilian passenger seat mount w/swing arm dock. | C14: ='MASTER PRICE LIST'!C602 -> 572 | D14: =C14-(C14*$D$1) -> 543.4
A15: ='MASTER PRICE LIST'!A603 -> CM-UV20-SA-LT17 | B15: ='MASTER PRICE LIST'!B603 -> 2020-24 PI Utility | 2020-24 Explorer Civilian passenger seat mount w/swing arm and laptop tray up to 17" wide | C15: ='MASTER PRICE LIST'!C603 -> 721 | D15: =C15-(C15*$D$1) -> 684.95
A16: ='MASTER PRICE LIST'!A604 -> CM-UV20-SA-LT16 | B16: ='MASTER PRICE LIST'!B604 -> 2020-24 PI Utility | 2020-24 Explorer Civilian passenger seat mount w/swing arm and laptop tray up to 15" wide. Includes CM-LT1600. | C16: ='MASTER PRICE LIST'!C604 -> 771 | D16: =C16-(C16*$D$1) -> 732.45
A17: ='MASTER PRICE LIST'!A605 -> CM-UV20-SL-LED | B17: ='MASTER PRICE LIST'!B605 -> 2020-24 PI Utility | 2020-24 Explorer Civilian passenger seat mount w/slide arm dock. | C17: ='MASTER PRICE LIST'!C605 -> 769 | D17: =C17-(C17*$D$1) -> 730.55
A18: ='MASTER PRICE LIST'!A606 -> CM-UV20-SL-LT17 | B18: ='MASTER PRICE LIST'!B606 -> 2020-24 PI Utility | 2020-24 Explorer Civilian passenger seat mount w/slide arm and laptop tray up to 17" wide | C18: ='MASTER PRICE LIST'!C606 -> 849 | D18: =C18-(C18*$D$1) -> 806.55
A19: ='MASTER PRICE LIST'!A607 -> CM-UV20-SL-LT16 | B19: ='MASTER PRICE LIST'!B607 -> 2020-24 PI Utility | 2020-24 Explorer Civilian passenger seat mount w/slide arm and laptop tray up to 15" wide. Includes CM-LT1600. | C19: ='MASTER PRICE LIST'!C607 -> 899 | D19: =C19-(C19*$D$1) -> 854.05
A21: Laptop Accessories
A22: ='MASTER PRICE LIST'!A593 -> AC-LT-SCR | B22: ='MASTER PRICE LIST'!B593 -> Laptop screen holder; compatible w/ TROY laptop trays | C22: ='MASTER PRICE LIST'!C593 -> 92 | D22: =C22-(C22*$D$1) -> 87.4
A23: ='MASTER PRICE LIST'!A594 -> AC-LT13-CLAMP | B23: ='MASTER PRICE LIST'!B594 -> Laptop tray finger clamp, vinyl cap | C23: ='MASTER PRICE LIST'!C594 -> 12 | D23: =C23-(C23*$D$1) -> 11.4
A25: Weapon Mount Kits: Single / Dual
B26: ='MASTER PRICE LIST'!B704 -> Single Weapon Mount Kits
A27: ='MASTER PRICE LIST'!A705 -> KT-GM-SGL-SC6 | B27: ='MASTER PRICE LIST'!B705 -> Single weapon mount w/SC6 lock and brackets | C27: ='MASTER PRICE LIST'!C705 -> 455 | D27: =C27-(C27*$D$1) -> 432.25
A28: ='MASTER PRICE LIST'!A706 -> KT-GM-SGL-SC1 | B28: ='MASTER PRICE LIST'!B706 -> Single weapon mount w/SC1 lock and brackets | C28: ='MASTER PRICE LIST'!C706 -> 379 | D28: =C28-(C28*$D$1) -> 360.05
A29: ='MASTER PRICE LIST'!A707 -> KT-GM-SGL-SC1AR | B29: ='MASTER PRICE LIST'!B707 -> Single weapon mount w/SC1/AR AR15 lock, No. 2 key and brackets | C29: ='MASTER PRICE LIST'!C707 -> 419 | D29: =C29-(C29*$D$1) -> 398.05
B30: ='MASTER PRICE LIST'!B708 -> Dual Weapon Mount Kits
A31: ='MASTER PRICE LIST'!A709 -> KT-GM-SGRF-SC6-1 | B31: ='MASTER PRICE LIST'!B709 -> Dual weapon mount w/ SC6 lock, SC1 shotgun lock with No. 2 key and brackets | C31: ='MASTER PRICE LIST'!C709 -> 701 | D31: =C31-(C31*$D$1) -> 665.95
A32: ='MASTER PRICE LIST'!A710 -> KT-GM-SGRF-SC6-1AR | B32: ='MASTER PRICE LIST'!B710 -> Dual weapon mount w/SC6 lock, SC1/AR AR15 lock with No. 2 Key and brackets | C32: ='MASTER PRICE LIST'!C710 -> 741 | D32: =C32-(C32*$D$1) -> 703.95
A33: ='MASTER PRICE LIST'!A711 -> KT-GM-SGRF-SC1-1AR | B33: ='MASTER PRICE LIST'!B711 -> Dual weapon mount w/SC1 shotgun lock, SC1/AR AR15 lock with No. 2 Key and brackets | C33: ='MASTER PRICE LIST'!C711 -> 665 | D33: =C33-(C33*$D$1) -> 631.75
A35: ='MASTER PRICE LIST'!B836 -> Ford PI Utility | Ford Explorer Civilian Partition Kits; Includes US Partition, Partition Mounting Kit and 3 pc. Kick Panel
A36: ='MASTER PRICE LIST'!A837 -> KIT-TP-SL6U-BB-SS | B36: ='MASTER PRICE LIST'!B837 -> 2020-24 PI Utility | 2020-24 Explorer Civilian US Partition Kit (TP-E-SL6-US-SS, SAB-20-FDUV-BB, KP-UV20-DAP-SS) | C36: ='MASTER PRICE LIST'!C837 -> 1289 | D36: =C36-(C36*$D$1) -> 1224.55
A37: ='MASTER PRICE LIST'!A838 -> KIT-TP-SL1U-BB-SS | B37: ='MASTER PRICE LIST'!B838 -> 2020-24 PI Utility | 2020-24 Explorer Civilian US Partition Kit (TP-E-SL1-US-SS, SAB-20-FDUV-BB, KP-UV20-DAP-SS) | C37: ='MASTER PRICE LIST'!C838 -> 1301 | D37: =C37-(C37*$D$1) -> 1235.95
A39: Partitions: Universal Sedan Size; Standard Frame
B40: ='MASTER PRICE LIST'!B751 -> Sliding Window Models
A41: ='MASTER PRICE LIST'!$A$752 -> TP-E-SL1-US-SS | B41: ='MASTER PRICE LIST'!B752 -> US size, Recessed Panel; Sliding window; Vertical bar crawl-thru prevention bracket | C41: ='MASTER PRICE LIST'!C752 -> 1071 | D41: =C41-(C41*$D$1) -> 1017.45
A42: ='MASTER PRICE LIST'!A753 -> TP-E-SL6-US-SS | B42: ='MASTER PRICE LIST'!B753 -> US size, Recessed Panel; Sliding window; Square-hole punched crawl-thru prevention bracket | C42: ='MASTER PRICE LIST'!C753 -> 1060 | D42: =C42-(C42*$D$1) -> 1007
A43: ='MASTER PRICE LIST'!A754 -> TP-E-SL10-US-SS | B43: ='MASTER PRICE LIST'!B754 -> US size, Recessed Panel; Sliding window; Diamond-hole punched crawl-thru prevention bracket | C43: ='MASTER PRICE LIST'!C754 -> 1060 | D43: =C43-(C43*$D$1) -> 1007
B44: Non-Sliding Fixed Window Models
A45: ='MASTER PRICE LIST'!A757 -> TP-E-SL2-US-SS | B45: ='MASTER PRICE LIST'!B757 -> US size, Recessed Panel; Fixed window; all polycarbonate w/pre-punched ventilation holes | C45: ='MASTER PRICE LIST'!C757 -> 1097 | D45: =C45-(C45*$D$1) -> 1042.15
A46: ='MASTER PRICE LIST'!A758 -> TP-E-SL3-US-SS | B46: ='MASTER PRICE LIST'!B758 -> US size, Recessed Panel; Fixed window; 50% Polycarbonate/50% Square-hole punched | C46: ='MASTER PRICE LIST'!C758 -> 1060 | D46: =C46-(C46*$D$1) -> 1007
B48: Big-Boy Mounting Kit & Kick Panels for Standard Frame Partitions
A49: ='MASTER PRICE LIST'!A815 -> SAB-20-FDUV-BB | B49: ='MASTER PRICE LIST'!B815 -> 2020-24 PI Utility | 2020-24 Explorer Civilian Big-Boy partition mounting kit. Extra seat-back recline. | C49: ='MASTER PRICE LIST'!C815 -> 382 | D49: =C49-(C49*$D$1) -> 362.9
A50: ='MASTER PRICE LIST'!A816 -> KP-UV20-DAP-SS | B50: ='MASTER PRICE LIST'!B816 -> 2020-24 PI Utility | 2020-24 Explorer Civilian 3-pc. Kick panel w/foot pockets - Use with Big-Boy mount | C50: ='MASTER PRICE LIST'!C816 -> 229 | D50: =C50-(C50*$D$1) -> 217.55
A51: ='MASTER PRICE LIST'!A817 -> KP-UV20-DAP-SS-N | B51: ='MASTER PRICE LIST'!B817 -> 2020-24 PI Utility | 2020-24 Explorer Civilian 3-pc. Kick panel w/foot pockets & notch to fit over wire harness cover. | C51: ='MASTER PRICE LIST'!C817 -> 229 | D51: =C51-(C51*$D$1) -> 217.55
B53: Standard Mounting Kit & Kick Panels for Standard Frame Partitions
A54: ='MASTER PRICE LIST'!A824 -> SAB-20-FDUV | B54: ='MASTER PRICE LIST'!B824 -> 2020-24 PI Utility | 2020-24 Explorer Civilian partition mounting kit. 100% seat slide. | C54: ='MASTER PRICE LIST'!C824 -> 382 | D54: =C54-(C54*$D$1) -> 362.9
A55: ='MASTER PRICE LIST'!A825 -> KP-20-FDUV-SS | B55: ='MASTER PRICE LIST'!B825 -> 2020-24 PI Utility | 2020-24 Explorer Civilian 3 pc. Kick panel w/foot pockets. | C55: ='MASTER PRICE LIST'!C825 -> 229 | D55: =C55-(C55*$D$1) -> 217.55
A57: Window Guards (Diamond-Hole Punched, Welded Bar, Polycarbonate Designs)
A58: Diamond-Hole Punched Window Screens
A59: ='MASTER PRICE LIST'!A941 -> AC-20-UV-SET | B59: ='MASTER PRICE LIST'!B941 -> 2020-24 PI Utility | 2020-24 Explorer Civilian driver/passenger side set of diamond-punched window screens | C59: ='MASTER PRICE LIST'!C941 -> 259 | D59: =C59-(C59*$D$1) -> 246.05
A61: Welded Bar Designs
A62: ='MASTER PRICE LIST'!A976 -> WG-20-FDUV-SET | B62: ='MASTER PRICE LIST'!B976 -> 2020-24 PI Utility | 2020-24 Explorer Civilian driver/passenger side window guards, welded bars, vertical design | C62: ='MASTER PRICE LIST'!C976 -> 343 | D62: =C62-(C62*$D$1) -> 325.85
A63: ='MASTER PRICE LIST'!A978 -> WG-20-FDUV-H-SET | B63: ='MASTER PRICE LIST'!B978 -> 2020-24 PI Utility | 2020-24 Explorer Civilian window guard; Horizontal welded bars design | C63: ='MASTER PRICE LIST'!C978 -> 341 | D63: =C63-(C63*$D$1) -> 323.95
A64: ='MASTER PRICE LIST'!A980 -> WG-UV20-225-SET | B64: ='MASTER PRICE LIST'!B980 -> 2020-24 PI Utility | 2020-24 Explorer Civilian window guard; 2.25" spaced vertical welded bars; driver and passenger side | C64: ='MASTER PRICE LIST'!C980 -> 365 | D64: =C64-(C64*$D$1) -> 346.75
A66: Polycarbonate Window Guards
A67: ='MASTER PRICE LIST'!A1007 -> WG-UV20-POLY-SET | B67: ='MASTER PRICE LIST'!B1007 -> 2020-24 PI Utility | 2020-24 Explorer Civilian driver and passenger side polycarbonate window guards | C67: ='MASTER PRICE LIST'!C1007 -> 355 | D67: =C67-(C67*$D$1) -> 337.25
A68: ='MASTER PRICE LIST'!A1008 -> WG-UV20-POLY-PS | B68: ='MASTER PRICE LIST'!B1008 -> 2020-24 PI Utility passenger side polycarbonate window guard (ordered separately with PIU single cell kit) | C68: ='MASTER PRICE LIST'!C1008 -> 178 | D68: =C68-(C68*$D$1) -> 169.1
A70: Rear Cargo Windows / Hatch Window Screens
A71: ='MASTER PRICE LIST'!A1026 -> AC-UV20-R-SET | B71: ='MASTER PRICE LIST'!B1026 -> 2020-24 PI Utility | 2020-24 Explorer Civilian driver/passenger side cargo area square-punch window guards | C71: ='MASTER PRICE LIST'!C1026 -> 236 | D71: =C71-(C71*$D$1) -> 224.2
A72: ='MASTER PRICE LIST'!A1027 -> AC-20-UV-HATCH | B72: ='MASTER PRICE LIST'!B1027 -> 2020-24 PI Utility | 2020-24 Explorer Civilian hatch window screen; square-hole punched | C72: ='MASTER PRICE LIST'!C1027 -> 173 | D72: =C72-(C72*$D$1) -> 164.35
A73: ='MASTER PRICE LIST'!A1028 -> WS-20UV-HATCH-LED | B73: ='MASTER PRICE LIST'!B1028 -> 2020-24 PI Utility | 2020-24 Explorer Civilian hatch window; square-hole punch with notch to accommodate the READY FOR ROAD PACKAGE | C73: ='MASTER PRICE LIST'!C1028 -> 190 | D73: =C73-(C73*$D$1) -> 180.5
A74: ='MASTER PRICE LIST'!A1029 -> WS-20UV-HATCH-RP | B74: ='MASTER PRICE LIST'!B1029 -> 2020-24 PI Utility | 2020-24 Explorer Civilian DETACHABLE hatch window; square-hole punch with fasteners for ease of cleaning window. | C74: ='MASTER PRICE LIST'!C1029 -> 275 | D74: =C74-(C74*$D$1) -> 261.25
A76: Door Panels (All steel, flat and smooth panel design)
A77: ='MASTER PRICE LIST'!A1065 -> DP-UV20-SET | B77: ='MASTER PRICE LIST'!B1065 -> 2020-24 PI Utility | 2020-24 Explorer Civilian driver and passenger side door panel set | C77: ='MASTER PRICE LIST'!C1065 -> 350 | D77: =C77-(C77*$D$1) -> 332.5
A78: ='MASTER PRICE LIST'!A1066 -> AC-UV20-D-PLT | B78: ='MASTER PRICE LIST'!B1066 -> 2020-24 PI Utility | 2020-24 Explorer Civilian driver and passenger side door handle cover set | C78: ='MASTER PRICE LIST'!C1066 -> 58 | D78: =C78-(C78*$D$1) -> 55.1
B80: **IMPORTANT NOTE: FOR PROPER INSTALLATION, ALL REAR PARTITIONS REQUIRE THE CARGO FALSE FLOOR - PART NO. CP-20-XPLR-FLR**
B81: **Plastic seat will not work with any of the above rear partitions for the Civilian model.**
A82: Rear Partitions (Square-Hole Punched, Polycarbonate Window Models)
A83: ='MASTER PRICE LIST'!A1088 -> TP-20-FDUV-R | B83: ='MASTER PRICE LIST'!B1088 -> 2020-24 PI Utility | 2020-24 Explorer Civilian rear partition, square-hole window, square-hole side panels. | C83: ='MASTER PRICE LIST'!C1088 -> 661 | D83: =C83-(C83*$D$1) -> 627.95
A84: ='MASTER PRICE LIST'!A1089 -> TP-20-FDUV-RL | B84: ='MASTER PRICE LIST'!B1089 -> 2020-24 PI Utility | 2020-24 Explorer Civilian rear partition w/polycarbonate window, square-hole side panels. | C84: ='MASTER PRICE LIST'!C1089 -> 754 | D84: =C84-(C84*$D$1) -> 716.3
A86: Rear Partitions with Fire Extinguisher/AED Compartment(s)
A87: ='MASTER PRICE LIST'!A1092 -> TP-20-FDUV-FX | B87: ='MASTER PRICE LIST'!B1092 -> 2020-24 PI Utility | 2020-24 Explorer Civilian rear partition, square-hole window, driver-side fire ext. compartment | C87: ='MASTER PRICE LIST'!C1092 -> 723 | D87: =C87-(C87*$D$1) -> 686.85
A88: ='MASTER PRICE LIST'!A1093 -> TP-20-FDUV-RL-FX | B88: ='MASTER PRICE LIST'!B1093 -> 2020-24 PI Utility | 2020-24 Explorer Civilian rear partition, all-poly window/driver-side fire ext. compartment | C88: ='MASTER PRICE LIST'!C1093 -> 876 | D88: =C88-(C88*$D$1) -> 832.2
A90: Rear Partitions with Hinged Equipment Tray
A91: ='MASTER PRICE LIST'!A1096 -> TP-20-FDUV-H-R | B91: ='MASTER PRICE LIST'!B1096 -> 2020-24 PI Utility | 2020-24 Explorer Civilian rear partition with hinged equipment tray, square-hole window and square-hole side panels. | C91: ='MASTER PRICE LIST'!C1096 -> 1110 | D91: =C91-(C91*$D$1) -> 1054.5
A92: ='MASTER PRICE LIST'!A1097 -> TP-20-FDUV-H-FX2 | B92: ='MASTER PRICE LIST'!B1097 -> 2020-24 PI Utility | 2020-24 Explorer Civilian rear partition with hinged equipment tray, square-hole window, driver and pass. side fire ext. compartment | C92: ='MASTER PRICE LIST'!C1097 -> 1456 | D92: =C92-(C92*$D$1) -> 1383.2
A95: All Cargo Mounts and Cargo Deck Systems plan ahead for longer lead times. Please add an additional 2 WEEKS to the standard lead times to ensure timely delivery when ordering non-stocked items.
A96: ='MASTER PRICE LIST'!B1262 -> Ford Explorer Civilian Cargo Products
A97: ='MASTER PRICE LIST'!A1263 -> AC-CP-20XP-FLR-GP | B97: ='MASTER PRICE LIST'!B1263 -> 2020-24 Explorer Civilian filler panel set for CP-20-XPLR-FLR (no charge when ordered with false floor). Does not work with mounting brackets SB-20-XPLR-BKT. | C97: ='MASTER PRICE LIST'!C1263 -> 140 | D97: =C97-(C97*$D$1) -> 133
A98: ='MASTER PRICE LIST'!A1264 -> CP-20-XPLR-FLR | B98: ='MASTER PRICE LIST'!B1264 -> 2020-24 Explorer Civilian cargo false floor designed to only work with the lightweight Eco Storage Box will not work with standard steel boxes. Pair with SB-20-XPLR-BKT. brackets. | C98: ='MASTER PRICE LIST'!C1264 -> 767 | D98: =C98-(C98*$D$1) -> 728.65
A99: ='MASTER PRICE LIST'!A1265 -> SB-20-XPLR-BKT | B99: ='MASTER PRICE LIST'!B1265 -> 2020-24 Explorer Civilian Eco line cargo mounting brackets | C99: ='MASTER PRICE LIST'!C1265 -> 282 | D99: =C99-(C99*$D$1) -> 267.9
A101: ='MASTER PRICE LIST'!B1323 -> ECO Drawers Compatible with SUV's and trucks
A102: ='MASTER PRICE LIST'!A1324 -> SB-ECO42196 | B102: ='MASTER PRICE LIST'!B1324 -> Eco Line Aluminum Storage Box 42"W x 19"L x 6"H; (2) dividers, (2) lockable draw latches, rubber mat in drawer (fits in Durango, PIU, Civilian) | C102: ='MASTER PRICE LIST'!C1324 -> 1042 | D102: =C102-(C102*$D$1) -> 989.9
A103: ='MASTER PRICE LIST'!A1325 -> SB-ECO422013-T | B103: ='MASTER PRICE LIST'!B1325 -> Eco Line Aluminum Storage Box 42"W x 20"L x 14"H; 3-sided 1.5" trim, (2) lockable draw latches, rubber mat in drawer (fit in Durango, PIU, Civilian) | C103: ='MASTER PRICE LIST'!C1325 -> 1164 | D103: =C103-(C103*$D$1) -> 1105.8

Sheet 2018-24 FORD EXPEDITION
A1: TOC | B1: 2018 - 2024 FORD EXPEDITION PRICE LIST | D1: 0.05
A2: TROY PART # | B2: ITEM DESCRIPTION | C2: MSRP | D2: DISCOUNT %
A4: Push Bumper Kit with Solid Top Channel Cover
A5: ='MASTER PRICE LIST'!A1587 -> PB-18XP-UPRS | B5: ='MASTER PRICE LIST'!B1587 -> 2018-24 Ford Expedition Upright with mounting kit and solid top channel cover | C5: ='MASTER PRICE LIST'!C1587 -> 870 | D5: =C5-(C5*$D$1) -> 826.5
A7: Push Bumper Kit with Option of 2 or 4 Top Light Channel Bracket
A8: ='MASTER PRICE LIST'!A1603 -> PB-18XP-UPRLRG-LT2 | B8: ='MASTER PRICE LIST'!B1603 -> 2018-24 Ford Expedition Upright with mounting kit, wire covers and two (2) light channel bracket; provide brand and model of lights | C8: ='MASTER PRICE LIST'!C1603 -> 900 | D8: =C8-(C8*$D$1) -> 855
A9: ='MASTER PRICE LIST'!A1604 -> PB-18XP-UPRLRG-LT4 | B9: ='MASTER PRICE LIST'!B1604 -> 2018-24 Ford Expedition Upright with mounting kit, wire covers and four (4) light channel bracket; provide brand and model of lights | C9: ='MASTER PRICE LIST'!C1604 -> 900 | D9: =C9-(C9*$D$1) -> 855
B10: * For emergency lighting brackets; please specify lighting brand, model and the number of lights to be mounted.*
A12: Console Floor Plates - Always indicate year, make and model on your console purchase orders
A13: ='MASTER PRICE LIST'!A187 -> AC-F150-15-MNT | B13: ='MASTER PRICE LIST'!B187 -> 2020-24 F150 | 2020-24 F250-350 | 2018-24 Expedition console floor plate. For bucket seat trucks or factory console removed. | C13: ='MASTER PRICE LIST'!C187 -> 212 | D13: =C13-(C13*$D$1) -> 201.4
A15: SUV Expedition Standard-Width Consoles (Can be transferred to other vehicles)
A16: ='MASTER PRICE LIST'!A171 -> CC-MC-14 | B16: ='MASTER PRICE LIST'!B171 -> Universal MC 14" L-shape console: 7" slope, 7" level. | C16: ='MASTER PRICE LIST'!C171 -> 548 | D16: =C16-(C16*$D$1) -> 520.6
A17: ='MASTER PRICE LIST'!A172 -> CC-MC-18 | B17: ='MASTER PRICE LIST'!B172 -> Universal MC 18" L-shape console; 7" slope, 11" level. | C17: ='MASTER PRICE LIST'!C172 -> 587 | D17: =C17-(C17*$D$1) -> 557.65
A18: ='MASTER PRICE LIST'!A173 -> CC-MC-22 | B18: ='MASTER PRICE LIST'!B173 -> Universal MC 22" L-shape console; 7" slope, 15" level. | C18: ='MASTER PRICE LIST'!C173 -> 636 | D18: =C18-(C18*$D$1) -> 604.2
A20: ='MASTER PRICE LIST'!B147 -> Universal Wide-Body Consoles for Large SUVs/Trucks
A21: ='MASTER PRICE LIST'!A148 -> CC-HDWB-20 | B21: ='MASTER PRICE LIST'!B148 -> Universal SUV/truck 20" wide-body console; 8" slope, 12" level. No open storage. Face plates centered. | C21: ='MASTER PRICE LIST'!C148 -> 789 | D21: =C21-(C21*$D$1) -> 749.55
A22: ='MASTER PRICE LIST'!A149 -> CC-HDWB-25 | B22: ='MASTER PRICE LIST'!B149 -> Universal SUV/truck 25" wide-body console; 8" slope, 17" level. No open storage. Face plates centered. | C22: ='MASTER PRICE LIST'!C149 -> 815 | D22: =C22-(C22*$D$1) -> 774.25
A24: SUV Expedition Wide-Body Consoles (Can be transferred to other trucks)
A25: ='MASTER PRICE LIST'!A153 -> CC-WBOS-16 | B25: ='MASTER PRICE LIST'!B153 -> Universal SUV/truck 16" Wide-body open-storage console; 8" slope, 8" level. | C25: ='MASTER PRICE LIST'!C153 -> 794 | D25: =C25-(C25*$D$1) -> 754.3
A26: ='MASTER PRICE LIST'!A154 -> CC-WBOS-20 | B26: ='MASTER PRICE LIST'!B154 -> Universal SUV/truck 20" Wide-body open-storage console; 8" slope, 12" level. | C26: ='MASTER PRICE LIST'!C154 -> 815 | D26: =C26-(C26*$D$1) -> 774.25
A27: ='MASTER PRICE LIST'!A156 -> CC-WBOS-25 | B27: ='MASTER PRICE LIST'!B156 -> Universal SUV/truck 25" Wide-body open-storage console; 8" slope, 17" level. | C27: ='MASTER PRICE LIST'!C156 -> 840 | D27: =C27-(C27*$D$1) -> 798
A28: Note: CC-WBOS-16 is recommended size if also you want to install a file box, especially AC-FHDFB, a large-size file box w/pad to mate the wide-body consoles.
A30: ='MASTER PRICE LIST'!B33 -> Ford Expedition Over-head Console, Vehicle-Specific (Cannot be transferred to other vehicles)
A31: ='MASTER PRICE LIST'!A34 -> CC-OH-EXP18-7 | B31: ='MASTER PRICE LIST'!B34 -> 2018-24 Expedition 7” overhead console; face plates included with console. *Important Disclaimer: Civilian Expedition model will require removal of the bluetooth microphone. | C31: ='MASTER PRICE LIST'!C34 -> 354 | D31: =C31-(C31*$D$1) -> 336.3
A33: Popular Internal Console Accessories
A34: ='MASTER PRICE LIST'!A235 -> AC-CCHY-BH | B34: ='MASTER PRICE LIST'!B235 -> 4" Durable high-impact polymer internal dual beverage holder; includes a larger size cup holder, for size water bottles or tumblers 18-32oz along with a standard size holder. | C34: ='MASTER PRICE LIST'!C235 -> 45 | D34: =C34-(C34*$D$1) -> 42.75
A35: ='MASTER PRICE LIST'!A238 -> AC-INBHG | B35: ='MASTER PRICE LIST'!B238 -> 4" internal dual beverage holder. Includes rubber fingers to keep cup stabilized. | C35: ='MASTER PRICE LIST'!C238 -> 64 | D35: =C35-(C35*$D$1) -> 60.8
A36: ='MASTER PRICE LIST'!A245 -> AC-TICK-2 | B36: ='MASTER PRICE LIST'!B245 -> 3" face plate shallow tray; holds smartphone, keys, wallet, sunglasses, etc. 2" H. | C36: ='MASTER PRICE LIST'!C245 -> 53 | D36: =C36-(C36*$D$1) -> 50.35
A37: ='MASTER PRICE LIST'!A246 -> FP-SGTRAY | B37: ='MASTER PRICE LIST'!B246 -> 4" face plate shallow tray w/sloped floor; holds smartphone, keys, wallet, sunglasses, etc. 1.75" H. | C37: ='MASTER PRICE LIST'!C246 -> 50 | D37: =C37-(C37*$D$1) -> 47.5
A38: ='MASTER PRICE LIST'!A250 -> AC-GUNBOX-6-LP | B38: ='MASTER PRICE LIST'!B250 -> 6" internal lidded locking low-profile internal storage box (may not accommodate handgun) 3.6" H. | C38: ='MASTER PRICE LIST'!C250 -> 173 | D38: =C38-(C38*$D$1) -> 164.35
A40: Electronics Face Plates
A41: ='MASTER PRICE LIST'!A333 -> FP-EXP18-USB-DC | B41: ='MASTER PRICE LIST'!B333 -> 2" face plate to re-locate OEM USB and DC outlets to console | C41: ='MASTER PRICE LIST'!C333 -> 37 | D41: =C41-(C41*$D$1) -> 35.15
A42: ='MASTER PRICE LIST'!A336 -> FP-USBC-2DC | B42: ='MASTER PRICE LIST'!B336 -> 2" face plate combo USB-C /USB port and (2) DC outlets | C42: ='MASTER PRICE LIST'!C336 -> 90 | D42: =C42-(C42*$D$1) -> 85.5
A43: ='MASTER PRICE LIST'!A339 -> FP-AP12-3 | B43: ='MASTER PRICE LIST'!B339 -> 2" face plate w/ (3) DC outlet holes | C43: ='MASTER PRICE LIST'!C339 -> 32 | D43: =C43-(C43*$D$1) -> 30.4
A44: ='MASTER PRICE LIST'!A343 -> FP-DECORA | B44: ='MASTER PRICE LIST'!B343 -> 2" face plate w/ (1) AC duplex outlet cut-out. Includes duplex outlet. ** MINIUM ORDER OF (5) IS REQUIRED.** | C44: ='MASTER PRICE LIST'!C343 -> 50 | D44: =C44-(C44*$D$1) -> 47.5
A45: ='MASTER PRICE LIST'!A349 -> FP-AP3 | B45: ='MASTER PRICE LIST'!B349 -> 3" face plate w/ (2) DC outlet holes. ** MINIUM ORDER OF (5) IS REQUIRED.** | C45: ='MASTER PRICE LIST'!C349 -> 33 | D45: =C45-(C45*$D$1) -> 31.35
A46: ='MASTER PRICE LIST'!A329 -> L3-AP1SET | B46: ='MASTER PRICE LIST'!B329 -> 12 Volt DC power outlet plug w/black captured cap | C46: ='MASTER PRICE LIST'!C329 -> 15 | D46: =C46-(C46*$D$1) -> 14.25
A48: Mic Clip Choices
A49: ='MASTER PRICE LIST'!A311 -> AC-MCM1 | B49: ='MASTER PRICE LIST'!B311 -> Dog-ear type microphone clip plate and clip assembly | C49: ='MASTER PRICE LIST'!C311 -> 19 | D49: =C49-(C49*$D$1) -> 18.05
A50: ='MASTER PRICE LIST'!A317 -> AC-MAG-MIC | B50: ='MASTER PRICE LIST'!B317 -> Magnetic Mic holder quickly guides the microphone into place | C50: ='MASTER PRICE LIST'!C317 -> 67 | D50: =C50-(C50*$D$1) -> 63.65
A51: ='MASTER PRICE LIST'!A313 -> AC-MIC-Z-FPI | B51: ='MASTER PRICE LIST'!B313 -> Height adjustable, no-holes-drilled L-slot microphone clip plate assembly | C51: ='MASTER PRICE LIST'!C313 -> 33 | D51: =C51-(C51*$D$1) -> 31.35
A53: All-New Phone Mounts
A54: ='MASTER PRICE LIST'!A320 -> AC-PHMAG | B54: ='MASTER PRICE LIST'!B320 -> Magnetic phone mount; includes (2) mounting disc and (2) device plates | C54: ='MASTER PRICE LIST'!C320 -> 85 | D54: =C54-(C54*$D$1) -> 80.75
A55: ='MASTER PRICE LIST'!A321 -> AC-PHMNT-MAG | B55: ='MASTER PRICE LIST'!B321 -> Cradle magnetic phone mount; includes (2) mounting disc | C55: ='MASTER PRICE LIST'!C321 -> 109 | D55: =C55-(C55*$D$1) -> 103.55
A56: ='MASTER PRICE LIST'!A322 -> FP-PHNMNT | B56: ='MASTER PRICE LIST'!B322 -> 2" face plate w/phone cradle and mount; (1) USB-C 4 amp and USB 3 amp port | C56: ='MASTER PRICE LIST'!C322 -> 200 | D56: =C56-(C56*$D$1) -> 190
A58: File/Map Boxes
A59: ='MASTER PRICE LIST'!A282 -> AC-FHDFB | B59: ='MASTER PRICE LIST'!B282 -> External map book lidded storage box; dims 13.25" W x 13.8" L x 11" H Includes leather pad AC-FHDPAD | C59: ='MASTER PRICE LIST'!C282 -> 429 | D59: =C59-(C59*$D$1) -> 407.55
A60: ='MASTER PRICE LIST'!A273 -> AC-MAPFILE | B60: ='MASTER PRICE LIST'!B273 -> External lidded box for map books Dims 10.8" W x 13.25" L x 10.6" H Non-locking | C60: ='MASTER PRICE LIST'!C273 -> 399 | D60: =C60-(C60*$D$1) -> 379.05
A61: ='MASTER PRICE LIST'!A267 -> AC-FILEBOX | B61: ='MASTER PRICE LIST'!B267 -> External lidded box for letter size Penda flex hanging folders Dims 8.86" W x 13.25" L x 10.8" H | C61: ='MASTER PRICE LIST'!C267 -> 353 | D61: =C61-(C61*$D$1) -> 335.35
A63: COMPUTER MOUNTS -- ONE HANDE OPERATION, OFFICER-COMFORTABLE. SHIP FULLY ASSEMBLED
A64: Passenger-Seat Computer Mounts (Passenger space is not compromised)
A65: ='MASTER PRICE LIST'!A614 -> CM-F15-SL-LT17 | B65: ='MASTER PRICE LIST'!B614 -> 2020-24 F150 | 2020-24 F250 | 2018-24 Expedition - Ht. adjustable seat mnt w/slide arm and laptop tray up to 17" wide | C65: ='MASTER PRICE LIST'!C614 -> 851 | D65: =C65-(C65*$D$1) -> 808.45
A66: ='MASTER PRICE LIST'!A612 -> CM-F15-SA-LT16 | B66: ='MASTER PRICE LIST'!B612 -> 2020-24 F150 | 2020-24 F250 | 2018-24 Expedition - Ht. adjustable seat mnt w/swing arm and laptop tray up to 15" wide. Includes CM-LT1600. | C66: ='MASTER PRICE LIST'!C612 -> 771 | D66: =C66-(C66*$D$1) -> 732.45
A67: ='MASTER PRICE LIST'!A613 -> CM-F15-SL-LED | B67: ='MASTER PRICE LIST'!B613 -> 2020-24 F150 | 2020-24 F250 | 2018-24 Expedition - Ht. adjustable seat mnt w/slide arm & docking station mount | C67: ='MASTER PRICE LIST'!C613 -> 729 | D67: =C67-(C67*$D$1) -> 692.55
A68: ='MASTER PRICE LIST'!A615 -> CM-F15-SL-LT16 | B68: ='MASTER PRICE LIST'!B615 -> 2020-24 F150 | 2020-24 F250 | 2018-24 Expedition - Ht. adjustable seat mnt w/slide arm and laptop tray up to 15" wide. Includes CM-LT1600. | C68: ='MASTER PRICE LIST'!C615 -> 901 | D68: =C68-(C68*$D$1) -> 855.95
A70: Console-Side Computer Mounts
A71: ='MASTER PRICE LIST'!A667 -> CM-SDMT-SL-LED | B71: ='MASTER PRICE LIST'!B667 -> Console side ht. adj. mount w/slide arm for docking station | C71: ='MASTER PRICE LIST'!C667 -> 589 | D71: =C71-(C71*$D$1) -> 559.55
A72: ='MASTER PRICE LIST'!A668 -> CM-SDMT-SL-LT17 | B72: ='MASTER PRICE LIST'!B668 -> Console side ht. adj. mount w/slide arm and laptop tray up to 17" wide | C72: ='MASTER PRICE LIST'!C668 -> 727 | D72: =C72-(C72*$D$1) -> 690.65
A73: ='MASTER PRICE LIST'!A669 -> CM-SDMT-SL-LT16 | B73: ='MASTER PRICE LIST'!B669 -> Console side ht. adj. mount w/slide arm and laptop tray up to 15" wide. Includes CM-LT1600. | C73: ='MASTER PRICE LIST'!C669 -> 777 | D73: =C73-(C73*$D$1) -> 738.15
A75: Laptop Accessories
A76: ='MASTER PRICE LIST'!A593 -> AC-LT-SCR | B76: ='MASTER PRICE LIST'!B593 -> Laptop screen holder; compatible w/ TROY laptop trays | C76: ='MASTER PRICE LIST'!C593 -> 92 | D76: =C76-(C76*$D$1) -> 87.4
A77: ='MASTER PRICE LIST'!A594 -> AC-LT13-CLAMP | B77: ='MASTER PRICE LIST'!B594 -> Laptop tray finger clamp, vinyl cap | C77: ='MASTER PRICE LIST'!C594 -> 12 | D77: =C77-(C77*$D$1) -> 11.4
A79: FULL-SIZE STANDARD DESIGN PARTITIONS: Full Size (58.25"); For large SUVs and trucks only)- Recessed Panels (-SS)
B80: ='MASTER PRICE LIST'!B751 -> Sliding Window Models
A81: ='MASTER PRICE LIST'!A782 -> TP-E-SL1-FS-SS | B81: ='MASTER PRICE LIST'!B782 -> Full size Recessed Panel; Sliding window; Vertical bar | C81: ='MASTER PRICE LIST'!C782 -> 1073 | D81: =C81-(C81*$D$1) -> 1019.35
A82: ='MASTER PRICE LIST'!A783 -> TP-E-SL6-FS-SS | B82: ='MASTER PRICE LIST'!B783 -> Full size Recessed Panel; Sliding window; Square hole punched | C82: ='MASTER PRICE LIST'!C783 -> 1060 | D82: =C82-(C82*$D$1) -> 1007
B84: Standard Mounting Kit & Kick Panels for Standard Frame Partitions
A85: ='MASTER PRICE LIST'!A828 -> 2-SAB-EXP18 | B85: ='MASTER PRICE LIST'!B828 -> 2018-24 Expedition 100% seat slide, extra seat-back recline, no holes-drilled design | C85: ='MASTER PRICE LIST'!C828 -> 429 | D85: =C85-(C85*$D$1) -> 407.55
A86: ='MASTER PRICE LIST'!A829 -> KP-F150-15-SS | B86: ='MASTER PRICE LIST'!B829 -> 2018-24 Expedition 3-pc. kick panel assembly. No foot pockets. | C86: ='MASTER PRICE LIST'!C829 -> 202 | D86: =C86-(C86*$D$1) -> 191.9
A88: Expedition Partition Kits; Include US Partition, Partition Mounting Kit and 3 pc. Kick Panel
A89: ='MASTER PRICE LIST'!A847 -> KIT-TP-SL6-18XP-SS | B89: ='MASTER PRICE LIST'!B847 -> 2018-24 Expedition Partition Kit (TP-E-SL6-FS-SS, 2-SAB-EXP18, KP-F150-15-SS) | C89: ='MASTER PRICE LIST'!C847 -> 1264 | D89: =C89-(C89*$D$1) -> 1200.8
A90: ='MASTER PRICE LIST'!A848 -> KIT-TP-SL1-18XP-SS | B90: ='MASTER PRICE LIST'!B848 -> 2018-24 Expedition Partition Kit (TP-E-SL1-FS-SS, 2-SAB-EXP18, KP-F150-15-SS) | C90: ='MASTER PRICE LIST'!C848 -> 1276 | D90: =C90-(C90*$D$1) -> 1212.2
A91: ='MASTER PRICE LIST'!A849 -> KIT-TP-SL12-18XP-SS | B91: ='MASTER PRICE LIST'!B849 -> 2018-24 Expedition Partition Kit (TP-E-SL12-FS-SS, 2-SAB-EXP18, KP-F150-15-SS) | C91: ='MASTER PRICE LIST'!C849 -> 1264 | D91: =C91-(C91*$D$1) -> 1200.8
A93: Window Guards (Diamond or Square-Hole Punched, Welded Bar, Polycarbonate Designs)
A94: ='MASTER PRICE LIST'!A949 -> AC-EXP18-SET | B94: ='MASTER PRICE LIST'!B949 -> 2018-24 Expedition driver/passenger side diamond-punch window guards | C94: ='MASTER PRICE LIST'!C949 -> 270 | D94: =C94-(C94*$D$1) -> 256.5
A95: ='MASTER PRICE LIST'!A950 -> AC-EXP18-PS | B95: ='MASTER PRICE LIST'!B950 -> 2018-24 Expedition passenger side of diamond-punched window screen (ordered separately with EXPEDITION single cell kit) | C95: ='MASTER PRICE LIST'!C950 -> 135 | D95: =C95-(C95*$D$1) -> 128.25
A96: ='MASTER PRICE LIST'!A1030 -> AC-EXP18-R-SET | B96: ='MASTER PRICE LIST'!B1030 -> 2018-24 Expedition driver/passenger side cargo area square-punch window guards | C96: ='MASTER PRICE LIST'!C1030 -> 307 | D96: =C96-(C96*$D$1) -> 291.65
A98: Welded Bar Designs
A99: ='MASTER PRICE LIST'!A988 -> WG-EXP18-SET | B99: ='MASTER PRICE LIST'!B988 -> 2018-24 Expedition driver and passenger side vertical bar window guards | C99: ='MASTER PRICE LIST'!C988 -> 350 | D99: =C99-(C99*$D$1) -> 332.5
A100: ='MASTER PRICE LIST'!A989 -> WG-EXP18-PS | B100: ='MASTER PRICE LIST'!B989 -> 2018-24 Expedition passenger side vertical bar window guard (ordered separately with EXPEDITION single cell kit) | C100: ='MASTER PRICE LIST'!C989 -> 175 | D100: =C100-(C100*$D$1) -> 166.25
A102: Door Panels (All steel, flat and smooth panel design)
A103: ='MASTER PRICE LIST'!A1068 -> DP-EXP18-SET | B103: ='MASTER PRICE LIST'!B1068 -> 2018-24 Ford Expedition driver and passenger side steel door panel set | C103: ='MASTER PRICE LIST'!C1068 -> 362 | D103: =C103-(C103*$D$1) -> 343.9
A105: Weapon Mount Kits: Single / Dual
B106: ='MASTER PRICE LIST'!B704 -> Single Weapon Mount Kits
A107: ='MASTER PRICE LIST'!A705 -> KT-GM-SGL-SC6 | B107: ='MASTER PRICE LIST'!B705 -> Single weapon mount w/SC6 lock and brackets | C107: ='MASTER PRICE LIST'!C705 -> 455 | D107: =C107-(C107*$D$1) -> 432.25
A108: ='MASTER PRICE LIST'!A706 -> KT-GM-SGL-SC1 | B108: ='MASTER PRICE LIST'!B706 -> Single weapon mount w/SC1 lock and brackets | C108: ='MASTER PRICE LIST'!C706 -> 379 | D108: =C108-(C108*$D$1) -> 360.05
A109: ='MASTER PRICE LIST'!A707 -> KT-GM-SGL-SC1AR | B109: ='MASTER PRICE LIST'!B707 -> Single weapon mount w/SC1/AR AR15 lock, No. 2 key and brackets | C109: ='MASTER PRICE LIST'!C707 -> 419 | D109: =C109-(C109*$D$1) -> 398.05
B110: ='MASTER PRICE LIST'!B708 -> Dual Weapon Mount Kits
A111: ='MASTER PRICE LIST'!A709 -> KT-GM-SGRF-SC6-1 | B111: ='MASTER PRICE LIST'!B709 -> Dual weapon mount w/ SC6 lock, SC1 shotgun lock with No. 2 key and brackets | C111: ='MASTER PRICE LIST'!C709 -> 701 | D111: =C111-(C111*$D$1) -> 665.95
A112: ='MASTER PRICE LIST'!A710 -> KT-GM-SGRF-SC6-1AR | B112: ='MASTER PRICE LIST'!B710 -> Dual weapon mount w/SC6 lock, SC1/AR AR15 lock with No. 2 Key and brackets | C112: ='MASTER PRICE LIST'!C710 -> 741 | D112: =C112-(C112*$D$1) -> 703.95
A113: ='MASTER PRICE LIST'!A711 -> KT-GM-SGRF-SC1-1AR | B113: ='MASTER PRICE LIST'!B711 -> Dual weapon mount w/SC1 shotgun lock, SC1/AR AR15 lock with No. 2 Key and brackets | C113: ='MASTER PRICE LIST'!C711 -> 665 | D113: =C113-(C113*$D$1) -> 631.75
A115: ='MASTER PRICE LIST'!A1099 -> FORD EXPEDITION CARGO REAR PARTITIONS
B116: ='MASTER PRICE LIST'!B1100 -> Three-sided cargo cage design
A117: ='MASTER PRICE LIST'!A1101 -> TP-EXP18-R | B117: ='MASTER PRICE LIST'!B1101 -> 2018-24 Expedition rear partition three-sided design | C117: ='MASTER PRICE LIST'!C1101 -> 796 | D117: =C117-(C117*$D$1) -> 756.2
A118: ='MASTER PRICE LIST'!A1102 -> TP-EXP18-RL | B118: ='MASTER PRICE LIST'!B1102 -> 2018-24 Expedition rear partition with all-polycarbonate window, square-hole side walls | C118: ='MASTER PRICE LIST'!C1102 -> 887 | D118: =C118-(C118*$D$1) -> 842.65
A119: ='MASTER PRICE LIST'!A1105 -> TP-EXP18-FX | B119: ='MASTER PRICE LIST'!B1105 -> 2018-24 Expedition rear partition, square-hole window, driver-side fire ext. compartments | C119: ='MASTER PRICE LIST'!C1105 -> 858 | D119: =C119-(C119*$D$1) -> 815.1
A120: ='MASTER PRICE LIST'!A1103 -> TP-EXP18-MAX-R | B120: ='MASTER PRICE LIST'!B1103 -> 2018-24 Expedition Max rear partition three-sided design | C120: ='MASTER PRICE LIST'!C1103 -> 839 | D120: =C120-(C120*$D$1) -> 797.05
A122: REAR PARTITION ACCESSORIES
A123: ='MASTER PRICE LIST'!A1136 -> RP-AC-UNIV-FX-BKT | B123: ='MASTER PRICE LIST'!B1136 -> Universal fire extinguisher mounting bracket for rear partition | C123: ='MASTER PRICE LIST'!C1136 -> 130 | D123: =C123-(C123*$D$1) -> 123.5
A125: ='MASTER PRICE LIST'!$B$1219 -> Ford Expedition Single Cell Kit
...

Sheet 2020-24 FORD F150
A1: TOC | B1: 2020 - 2024 FORD F150 PRICE LIST | D1: 0.05
A2: TROY PART # | B2: ITEM DESCRIPTION | C2: MSRP | D2: DISCOUNT %
A4: Push Bumper Kit with Solid Top Channel Cover
A5: ='MASTER PRICE LIST'!A1588 -> PB-21F1-UPRS | B5: ='MASTER PRICE LIST'!B1588 -> 2021-24 Ford F150 Upright with mounting kit and solid top channel cover | C5: ='MASTER PRICE LIST'!C1588 -> 870 | D5: =C5-(C5*$D$1) -> 826.5
A7: Push Bumper Kit with Option of 2 or 4 Top Light Channel Bracket
A8: ='MASTER PRICE LIST'!A1607 -> PB-21F1-UPRLRG-LT2 | B8: ='MASTER PRICE LIST'!B1607 -> 2021-24 Ford F150 Upright with mounting kit, wire covers and two (2) light channel bracket; provide brand and model of lights | C8: ='MASTER PRICE LIST'!C1607 -> 900 | D8: =C8-(C8*$D$1) -> 855
A9: ='MASTER PRICE LIST'!A1608 -> PB-21F1-UPRLRG-LT4 | B9: ='MASTER PRICE LIST'!B1608 -> 2021-24 Ford F150 Upright with mounting kit, wire covers and four (4) light channel bracket; provide brand and model of lights | C9: ='MASTER PRICE LIST'!C1608 -> 900 | D9: =C9-(C9*$D$1) -> 855
B10: * For emergency lighting brackets; please specify lighting brand, model and the number of lights to be mounted.*
A12: Console Floor Plates | B12: Always indicate year, make and model on your console purchase orders
A13: ='MASTER PRICE LIST'!A186 -> AC-F150-15 | B13: 2015-21 Ford F150 floor plate for applications where center seat is removed. For universal consoles. | C13: ='MASTER PRICE LIST'!$C$186 -> 199 | D13: =C13-(C13*$D$1) -> 189.05
A14: ='MASTER PRICE LIST'!A187 -> AC-F150-15-MNT | B14: 2015-21 Ford F150 floor plate for bucket seat trucks or factory console removed. For universal consoles. | C14: ='MASTER PRICE LIST'!C187 -> 212 | D14: =C14-(C14*$D$1) -> 201.4
A16: F150 Standard Consoles, Vehicle-Specific (Cannot be transferred to other vehicles)
A17: ='MASTER PRICE LIST'!A38 -> CC-21F1-0713 | B17: ='MASTER PRICE LIST'!B38 -> 2021-24 F150 20" standard console; 7" slope, 13" level (no floor plate needed, mounts directly to floor) | C17: ='MASTER PRICE LIST'!C38 -> 708 | D17: =C17-(C17*$D$1) -> 672.6
A19: ='MASTER PRICE LIST'!B41 -> F150 | F250 | F350 Wide-Body Consoles, Vehicle-Specific (Cannot be transferred to other vehicles)
A20: ='MASTER PRICE LIST'!A42 -> CC-21F1-0713-OS | B20: ='MASTER PRICE LIST'!B42 -> 2021-24 F150 | 2023 F250/350 20" wide-body console; open storage along passenger side; 7" slope, 13" level (no floor plate needed, mounts directly to floor) | C20: ='MASTER PRICE LIST'!C42 -> 920 | D20: =C20-(C20*$D$1) -> 874
A21: ='MASTER PRICE LIST'!A43 -> CC-21F1-0709-OS | B21: ='MASTER PRICE LIST'!B43 -> 2021-24 F150 | 2023 F250/350 16" wide-body console; open storage along passenger side; 7" slope, 9" level (no floor plate needed, mounts directly to floor) | C21: ='MASTER PRICE LIST'!C43 -> 869 | D21: =C21-(C21*$D$1) -> 825.55
A23: F150 Printer Consoles, Vehicle-Specific (Cannot be transferred to other vehicles)
A24: ='MASTER PRICE LIST'!A46 -> CC-21F1-0709OS-PRTR | B24: ='MASTER PRICE LIST'!B46 -> 2021-24 F150 16" Printer console 7" slope, 9" level ; open storage on the slope section - Special cover plate and rails sold separately | C24: ='MASTER PRICE LIST'!C46 -> 1060 | D24: =C24-(C24*$D$1) -> 1007
A25: ='MASTER PRICE LIST'!A47 -> CC-21F1-0713OS-PRTR | B25: ='MASTER PRICE LIST'!B47 -> 2021-24 F150 20" Printer console 7" slope, 13" level ; open storage on the slope section - Special cover plate and rails sold separately | C25: ='MASTER PRICE LIST'!C47 -> 1100 | D25: =C25-(C25*$D$1) -> 1045
A27: F150 Overhead Console, Vehicle-Specific (Cannot be transferred to other vehicles)
A28: ='MASTER PRICE LIST'!A50 -> CC-21F1-OH | B28: ='MASTER PRICE LIST'!B50 -> 2021-24 F150 7” overhead console. Face plates* included in console price | C28: ='MASTER PRICE LIST'!C50 -> 418 | D28: =C28-(C28*$D$1) -> 397.1
A30: Standard-Width Consoles (Can be transferred to other vehicles)
A31: ='MASTER PRICE LIST'!A171 -> CC-MC-14 | B31: ='MASTER PRICE LIST'!B171 -> Universal MC 14" L-shape console: 7" slope, 7" level. | C31: ='MASTER PRICE LIST'!C171 -> 548 | D31: =C31-(C31*$D$1) -> 520.6
A32: ='MASTER PRICE LIST'!A172 -> CC-MC-18 | B32: ='MASTER PRICE LIST'!B172 -> Universal MC 18" L-shape console; 7" slope, 11" level. | C32: ='MASTER PRICE LIST'!C172 -> 587 | D32: =C32-(C32*$D$1) -> 557.65
A33: ='MASTER PRICE LIST'!A174 -> CC-MC-25 | B33: ='MASTER PRICE LIST'!B174 -> Universal MC 25" L-shape console; 7" slope, 18" level. | C33: ='MASTER PRICE LIST'!C174 -> 661 | D33: =C33-(C33*$D$1) -> 627.95
A34: ='MASTER PRICE LIST'!A118 -> CC-PCFX14 | B34: ='MASTER PRICE LIST'!B118 -> Universal 14" low-profile; 3" slope, 11" level; computer deck; Will fit one long radio. | C34: ='MASTER PRICE LIST'!C118 -> 575 | D34: =C34-(C34*$D$1) -> 546.25
A36: Wide-Body Consoles (Can be transferred to other trucks)
A37: ='MASTER PRICE LIST'!A153 -> CC-WBOS-16 | B37: ='MASTER PRICE LIST'!B153 -> Universal SUV/truck 16" Wide-body open-storage console; 8" slope, 8" level. | C37: ='MASTER PRICE LIST'!C153 -> 794 | D37: =C37-(C37*$D$1) -> 754.3
A38: ='MASTER PRICE LIST'!A154 -> CC-WBOS-20 | B38: ='MASTER PRICE LIST'!B154 -> Universal SUV/truck 20" Wide-body open-storage console; 8" slope, 12" level. | C38: ='MASTER PRICE LIST'!C154 -> 815 | D38: =C38-(C38*$D$1) -> 774.25
A39: ='MASTER PRICE LIST'!A156 -> CC-WBOS-25 | B39: ='MASTER PRICE LIST'!B156 -> Universal SUV/truck 25" Wide-body open-storage console; 8" slope, 17" level. | C39: ='MASTER PRICE LIST'!C156 -> 840 | D39: =C39-(C39*$D$1) -> 798
A41: Popular Internal Console Accessories
A42: ='MASTER PRICE LIST'!A235 -> AC-CCHY-BH | B42: ='MASTER PRICE LIST'!B235 -> 4" Durable high-impact polymer internal dual beverage holder; includes a larger size cup holder, for size water bottles or tumblers 18-32oz along with a standard size holder. | C42: ='MASTER PRICE LIST'!C235 -> 45 | D42: =C42-(C42*$D$1) -> 42.75
A43: ='MASTER PRICE LIST'!A238 -> AC-INBHG | B43: ='MASTER PRICE LIST'!B238 -> 4" internal dual beverage holder. Includes rubber fingers to keep cup stabilized. | C43: ='MASTER PRICE LIST'!C238 -> 64 | D43: =C43-(C43*$D$1) -> 60.8
A44: ='MASTER PRICE LIST'!A245 -> AC-TICK-2 | B44: ='MASTER PRICE LIST'!B245 -> 3" face plate shallow tray; holds smartphone, keys, wallet, sunglasses, etc. 2" H. | C44: ='MASTER PRICE LIST'!C245 -> 53 | D44: =C44-(C44*$D$1) -> 50.35
A45: ='MASTER PRICE LIST'!A246 -> FP-SGTRAY | B45: ='MASTER PRICE LIST'!B246 -> 4" face plate shallow tray w/sloped floor; holds smartphone, keys, wallet, sunglasses, etc. 1.75" H. | C45: ='MASTER PRICE LIST'!C246 -> 50 | D45: =C45-(C45*$D$1) -> 47.5
A46: ='MASTER PRICE LIST'!A250 -> AC-GUNBOX-6-LP | B46: ='MASTER PRICE LIST'!B250 -> 6" internal lidded locking low-profile internal storage box (may not accommodate handgun) 3.6" H. | C46: ='MASTER PRICE LIST'!C250 -> 173 | D46: =C46-(C46*$D$1) -> 164.35
A47: ='MASTER PRICE LIST'!A251 -> AC-GUNBOX-LP | B47: ='MASTER PRICE LIST'!B251 -> 8" internal lidded locking low-profile storage box (might accommodate handgun) 3.6" H. | C47: ='MASTER PRICE LIST'!C251 -> 194 | D47: =C47-(C47*$D$1) -> 184.3
A49: Electronics Face Plates
A50: ='MASTER PRICE LIST'!A336 -> FP-USBC-2DC | B50: ='MASTER PRICE LIST'!B336 -> 2" face plate combo USB-C /USB port and (2) DC outlets | C50: ='MASTER PRICE LIST'!C336 -> 90 | D50: =C50-(C50*$D$1) -> 85.5
A51: ='MASTER PRICE LIST'!A339 -> FP-AP12-3 | B51: ='MASTER PRICE LIST'!B339 -> 2" face plate w/ (3) DC outlet holes | C51: ='MASTER PRICE LIST'!C339 -> 32 | D51: =C51-(C51*$D$1) -> 30.4
A52: ='MASTER PRICE LIST'!A329 -> L3-AP1SET | B52: ='MASTER PRICE LIST'!B329 -> 12 Volt DC power outlet plug w/black captured cap | C52: ='MASTER PRICE LIST'!C329 -> 15 | D52: =C52-(C52*$D$1) -> 14.25
A54: Mic Clip Choices
A55: ='MASTER PRICE LIST'!A311 -> AC-MCM1 | B55: ='MASTER PRICE LIST'!B311 -> Dog-ear type microphone clip plate and clip assembly | C55: ='MASTER PRICE LIST'!C311 -> 19 | D55: =C55-(C55*$D$1) -> 18.05
A56: ='MASTER PRICE LIST'!A317 -> AC-MAG-MIC | B56: ='MASTER PRICE LIST'!B317 -> Magnetic Mic holder quickly guides the microphone into place | C56: ='MASTER PRICE LIST'!C317 -> 67 | D56: =C56-(C56*$D$1) -> 63.65
A57: ='MASTER PRICE LIST'!A313 -> AC-MIC-Z-FPI | B57: ='MASTER PRICE LIST'!B313 -> Height adjustable, no-holes-drilled L-slot microphone clip plate assembly | C57: ='MASTER PRICE LIST'!C313 -> 33 | D57: =C57-(C57*$D$1) -> 31.35
A59: All-New Phone Mounts
A60: ='MASTER PRICE LIST'!A320 -> AC-PHMAG | B60: ='MASTER PRICE LIST'!B320 -> Magnetic phone mount; includes (2) mounting disc and (2) device plates | C60: ='MASTER PRICE LIST'!C320 -> 85 | D60: =C60-(C60*$D$1) -> 80.75
A61: ='MASTER PRICE LIST'!A321 -> AC-PHMNT-MAG | B61: ='MASTER PRICE LIST'!B321 -> Cradle magnetic phone mount; includes (2) mounting disc | C61: ='MASTER PRICE LIST'!C321 -> 109 | D61: =C61-(C61*$D$1) -> 103.55
A62: ='MASTER PRICE LIST'!A322 -> FP-PHNMNT | B62: ='MASTER PRICE LIST'!B322 -> 2" face plate w/phone cradle and mount; (1) USB-C 4 amp and USB 3 amp port | C62: ='MASTER PRICE LIST'!C322 -> 200 | D62: =C62-(C62*$D$1) -> 190
A64: File/Map Boxes
A65: ='MASTER PRICE LIST'!A282 -> AC-FHDFB | B65: ='MASTER PRICE LIST'!B282 -> External map book lidded storage box; dims 13.25" W x 13.8" L x 11" H Includes leather pad AC-FHDPAD | C65: ='MASTER PRICE LIST'!C282 -> 429 | D65: =C65-(C65*$D$1) -> 407.55
A66: ='MASTER PRICE LIST'!A273 -> AC-MAPFILE | B66: ='MASTER PRICE LIST'!B273 -> External lidded box for map books Dims 10.8" W x 13.25" L x 10.6" H Non-locking | C66: ='MASTER PRICE LIST'!C273 -> 399 | D66: =C66-(C66*$D$1) -> 379.05
A67: ='MASTER PRICE LIST'!A267 -> AC-FILEBOX | B67: ='MASTER PRICE LIST'!B267 -> External lidded box for letter size Penda flex hanging folders Dims 8.86" W x 13.25" L x 10.8" H | C67: ='MASTER PRICE LIST'!C267 -> 353 | D67: =C67-(C67*$D$1) -> 335.35
A69: COMPUTER MOUNTS
A70: Passenger-Seat Computer Mounts (Passenger space is not compromised)
A71: ='MASTER PRICE LIST'!A610 -> CM-F15-SA-LED | B71: ='MASTER PRICE LIST'!B610 -> 2020-24 F150 | 2020-24 F250 | 2018-24 Expedition - Ht. adjustable seat mnt w/swing arm & docking station mount | C71: ='MASTER PRICE LIST'!C610 -> 580 | D71: =C71-(C71*$D$1) -> 551
A72: ='MASTER PRICE LIST'!A611 -> CM-F15-SA-LT17 | B72: ='MASTER PRICE LIST'!B611 -> 2020-24 F150 | 2020-24 F250 | 2018-24 Expedition - Ht. adjustable seat mnt w/swing arm and laptop tray up to 17" wide | C72: ='MASTER PRICE LIST'!C611 -> 721 | D72: =C72-(C72*$D$1) -> 684.95
A73: ='MASTER PRICE LIST'!A612 -> CM-F15-SA-LT16 | B73: ='MASTER PRICE LIST'!B612 -> 2020-24 F150 | 2020-24 F250 | 2018-24 Expedition - Ht. adjustable seat mnt w/swing arm and laptop tray up to 15" wide. Includes CM-LT1600. | C73: ='MASTER PRICE LIST'!C612 -> 771 | D73: =C73-(C73*$D$1) -> 732.45
A74: ='MASTER PRICE LIST'!A613 -> CM-F15-SL-LED | B74: ='MASTER PRICE LIST'!B613 -> 2020-24 F150 | 2020-24 F250 | 2018-24 Expedition - Ht. adjustable seat mnt w/slide arm & docking station mount | C74: ='MASTER PRICE LIST'!C613 -> 729 | D74: =C74-(C74*$D$1) -> 692.55
A75: ='MASTER PRICE LIST'!A614 -> CM-F15-SL-LT17 | B75: ='MASTER PRICE LIST'!B614 -> 2020-24 F150 | 2020-24 F250 | 2018-24 Expedition - Ht. adjustable seat mnt w/slide arm and laptop tray up to 17" wide | C75: ='MASTER PRICE LIST'!C614 -> 851 | D75: =C75-(C75*$D$1) -> 808.45
A76: ='MASTER PRICE LIST'!A615 -> CM-F15-SL-LT16 | B76: ='MASTER PRICE LIST'!B615 -> 2020-24 F150 | 2020-24 F250 | 2018-24 Expedition - Ht. adjustable seat mnt w/slide arm and laptop tray up to 15" wide. Includes CM-LT1600. | C76: ='MASTER PRICE LIST'!C615 -> 901 | D76: =C76-(C76*$D$1) -> 855.95
A78: Console-Side Computer Mounts
A79: ='MASTER PRICE LIST'!A667 -> CM-SDMT-SL-LED | B79: ='MASTER PRICE LIST'!B667 -> Console side ht. adj. mount w/slide arm for docking station | C79: ='MASTER PRICE LIST'!C667 -> 589 | D79: =C79-(C79*$D$1) -> 559.55
A80: ='MASTER PRICE LIST'!A668 -> CM-SDMT-SL-LT17 | B80: ='MASTER PRICE LIST'!B668 -> Console side ht. adj. mount w/slide arm and laptop tray up to 17" wide | C80: ='MASTER PRICE LIST'!C668 -> 727 | D80: =C80-(C80*$D$1) -> 690.65
A81: ='MASTER PRICE LIST'!A669 -> CM-SDMT-SL-LT16 | B81: ='MASTER PRICE LIST'!B669 -> Console side ht. adj. mount w/slide arm and laptop tray up to 15" wide. Includes CM-LT1600. | C81: ='MASTER PRICE LIST'!C669 -> 777 | D81: =C81-(C81*$D$1) -> 738.15
A83: U-Bracket Computer Mounts (Use on consoles with computer decks)
A84: ='MASTER PRICE LIST'!A680 -> CM-UMNT-SA-LED | B84: ='MASTER PRICE LIST'!B680 -> U bracket mnt w/swing arm for docking station | C84: ='MASTER PRICE LIST'!C680 -> 392 | D84: =C84-(C84*$D$1) -> 372.4
A85: ='MASTER PRICE LIST'!A682 -> CM-UMNT-SA-LT17 | B85: ='MASTER PRICE LIST'!B682 -> U bracket mnt w/swing arm and laptop tray up to 17" wide | C85: ='MASTER PRICE LIST'!C682 -> 515 | D85: =C85-(C85*$D$1) -> 489.25
A86: ='MASTER PRICE LIST'!A683 -> CM-UMNT-SA-LT16 | B86: ='MASTER PRICE LIST'!B683 -> U bracket mnt w/swing arm and laptop tray up to 15" wide. Includes CM-LT1600. | C86: ='MASTER PRICE LIST'!C683 -> 565 | D86: =C86-(C86*$D$1) -> 536.75
A87: ='MASTER PRICE LIST'!A694 -> CM-UMSH-SL-LED | B87: ='MASTER PRICE LIST'!B694 -> Short U bracket mnt w/slide arm for docking station | C87: ='MASTER PRICE LIST'!C694 -> 572 | D87: =C87-(C87*$D$1) -> 543.4
A88: ='MASTER PRICE LIST'!A696 -> CM-UMSH-SL-LT17 | B88: ='MASTER PRICE LIST'!B696 -> Short U bracket mnt w/slide arm and laptop tray up to 17" wide | C88: ='MASTER PRICE LIST'!C696 -> 681 | D88: =C88-(C88*$D$1) -> 646.95
A89: ='MASTER PRICE LIST'!A697 -> CM-UMSH-SL-LT16 | B89: ='MASTER PRICE LIST'!B697 -> Short U bracket mnt w/slide arm and laptop tray up to 15" wide. Includes CM-LT1600. | C89: ='MASTER PRICE LIST'!C697 -> 731 | D89: =C89-(C89*$D$1) -> 694.45
A91: Laptop Accessories
A92: ='MASTER PRICE LIST'!A593 -> AC-LT-SCR | B92: ='MASTER PRICE LIST'!B593 -> Laptop screen holder; compatible w/ TROY laptop trays | C92: ='MASTER PRICE LIST'!C593 -> 92 | D92: =C92-(C92*$D$1) -> 87.4
A93: ='MASTER PRICE LIST'!A594 -> AC-LT13-CLAMP | B93: ='MASTER PRICE LIST'!B594 -> Laptop tray finger clamp, vinyl cap | C93: ='MASTER PRICE LIST'!C594 -> 12 | D93: =C93-(C93*$D$1) -> 11.4
A95: Weapon Mount Kits: Single / Dual
B96: ='MASTER PRICE LIST'!B704 -> Single Weapon Mount Kits
A97: ='MASTER PRICE LIST'!A705 -> KT-GM-SGL-SC6 | B97: ='MASTER PRICE LIST'!B705 -> Single weapon mount w/SC6 lock and brackets | C97: ='MASTER PRICE LIST'!C705 -> 455 | D97: =C97-(C97*$D$1) -> 432.25
A98: ='MASTER PRICE LIST'!A706 -> KT-GM-SGL-SC1 | B98: ='MASTER PRICE LIST'!B706 -> Single weapon mount w/SC1 lock and brackets | C98: ='MASTER PRICE LIST'!C706 -> 379 | D98: =C98-(C98*$D$1) -> 360.05
A99: ='MASTER PRICE LIST'!A707 -> KT-GM-SGL-SC1AR | B99: ='MASTER PRICE LIST'!B707 -> Single weapon mount w/SC1/AR AR15 lock, No. 2 key and brackets | C99: ='MASTER PRICE LIST'!C707 -> 419 | D99: =C99-(C99*$D$1) -> 398.05
B101: ='MASTER PRICE LIST'!B708 -> Dual Weapon Mount Kits
A102: ='MASTER PRICE LIST'!A709 -> KT-GM-SGRF-SC6-1 | B102: ='MASTER PRICE LIST'!B709 -> Dual weapon mount w/ SC6 lock, SC1 shotgun lock with No. 2 key and brackets | C102: ='MASTER PRICE LIST'!C709 -> 701 | D102: =C102-(C102*$D$1) -> 665.95
A103: ='MASTER PRICE LIST'!A710 -> KT-GM-SGRF-SC6-1AR | B103: ='MASTER PRICE LIST'!B710 -> Dual weapon mount w/SC6 lock, SC1/AR AR15 lock with No. 2 Key and brackets | C103: ='MASTER PRICE LIST'!C710 -> 741 | D103: =C103-(C103*$D$1) -> 703.95
A104: ='MASTER PRICE LIST'!A711 -> KT-GM-SGRF-SC1-1AR | B104: ='MASTER PRICE LIST'!B711 -> Dual weapon mount w/SC1 shotgun lock, SC1/AR AR15 lock with No. 2 Key and brackets | C104: ='MASTER PRICE LIST'!C711 -> 665 | D104: =C104-(C104*$D$1) -> 631.75
B106: Single-Cell Universal Weapon Mount (Locks sold separately)
A107: ='MASTER PRICE LIST'!A724 -> GM-SGRF-SC | B107: ='MASTER PRICE LIST'!B724 -> Universal dual weapon mount for single-cell Ford PIU, F150 and Tahoe | C107: ='MASTER PRICE LIST'!C724 -> 387 | D107: =C107-(C107*$D$1) -> 367.65
A108: ='MASTER PRICE LIST'!A725 -> GM-SGL-SC | B108: ='MASTER PRICE LIST'!B725 -> Universal single weapon mount for single-cell Ford PIU, F150 and Tahoe | C108: ='MASTER PRICE LIST'!C725 -> 347 | D108: =C108-(C108*$D$1) -> 329.65
A110: ='MASTER PRICE LIST'!B851 -> 2021-24 Ford F150-F250 Truck Partition Kits; Includes US Partition, Partition Mounting Kit and 3 pc. Kick Panel
A111: ='MASTER PRICE LIST'!A852 -> KIT-TP-SL6-21F1-SS | B111: ='MASTER PRICE LIST'!B852 -> 2021-24 F150 | 2021-24 F250 Partition Kit (TP-E-SL6-FS-SS, PM-21F150, KP-F150-15-SS) | C111: ='MASTER PRICE LIST'!C852 -> 1300 | D111: =C111-(C111*$D$1) -> 1235
A112: ='MASTER PRICE LIST'!A853 -> KIT-TP-SL1-21F1-SS | B112: ='MASTER PRICE LIST'!B853 -> 2021-24 F150 | 2021-24 F250 Partition Kit (TP-E-SL1-FS-SS, PM-21F150 ,KP-F150-15-SS) | C112: ='MASTER PRICE LIST'!C853 -> 1312 | D112: =C112-(C112*$D$1) -> 1246.4
A113: ='MASTER PRICE LIST'!A854 -> KIT-TP-SL12-21F1-SS | B113: ='MASTER PRICE LIST'!B854 -> 2021-24 F150 | 2021-24 F250 Partition Kit (TP-E-SL12-FS-SS, PM-21F150, KP-F150-15-SS) | C113: ='MASTER PRICE LIST'!C854 -> 1300 | D113: =C113-(C113*$D$1) -> 1235
A115: Partitions: Full Size; Standard Frame
B116: ='MASTER PRICE LIST'!B751 -> Sliding Window Models
A117: ='MASTER PRICE LIST'!A782 -> TP-E-SL1-FS-SS | B117: ='MASTER PRICE LIST'!B782 -> Full size Recessed Panel; Sliding window; Vertical bar | C117: ='MASTER PRICE LIST'!C782 -> 1073 | D117: =C117-(C117*$D$1) -> 1019.35
A118: ='MASTER PRICE LIST'!A783 -> TP-E-SL6-FS-SS | B118: ='MASTER PRICE LIST'!B783 -> Full size Recessed Panel; Sliding window; Square hole punched | C118: ='MASTER PRICE LIST'!C783 -> 1060 | D118: =C118-(C118*$D$1) -> 1007
A120: 2021-22 F150 Standard Mounting Kit & Kick Panels for Standard Frame Partitions
A121: ='MASTER PRICE LIST'!A832 -> PM-21F150 | B121: ='MASTER PRICE LIST'!B832 -> 2021-24 F150 | 2021-24 F250 truck standard partition mounting kit, no-holes-drilled design. | C121: ='MASTER PRICE LIST'!C832 -> 367 | D121: =C121-(C121*$D$1) -> 348.65
A122: ='MASTER PRICE LIST'!A833 -> KP-F150-15-SS | B122: ='MASTER PRICE LIST'!B833 -> 2015-24 F150 | 2021-24 F250 3-Pc. kick panel assembly. No foot pockets. | C122: ='MASTER PRICE LIST'!C833 -> 202 | D122: =C122-(C122*$D$1) -> 191.9
A124: Window Screens /Guards (Diamond or Welded Bar Designs)
B125: Diamond-Punched
...

Sheet 2020-24 FORD F250
A1: TOC | B1: 2020 - 2024 FORD F250 PRICE LIST | D1: 0.05
A2: TROY PART # | B2: ITEM DESCRIPTION | C2: MSRP | D2: DISCOUNT %
A4: Console Floor Plates | B4: Always indicate year, make and model on your console purchase orders
A5: ='MASTER PRICE LIST'!A186 -> AC-F150-15 | B5: 2015-21 Ford F150 floor plate for applications where center seat is removed. For universal consoles. | C5: ='MASTER PRICE LIST'!$C$186 -> 199 | D5: =C5-(C5*$D$1) -> 189.05
A6: ='MASTER PRICE LIST'!A187 -> AC-F150-15-MNT | B6: 2015-21 Ford F150 floor plate for bucket seat trucks or factory console removed. For universal consoles. | C6: ='MASTER PRICE LIST'!C187 -> 212 | D6: =C6-(C6*$D$1) -> 201.4
A8: F250 | F350 Wide-Body Consoles compatible with F150 console, Vehicle-Specific (Cannot be transferred to other vehicles)
A9: ='MASTER PRICE LIST'!A42 -> CC-21F1-0713-OS | B9: 2023 F250/350 20" wide-body console; open storage along passenger side: 7" slope, 13" level (no floor plate needed, mounts directly to floor) | C9: ='MASTER PRICE LIST'!C42 -> 920 | D9: =C9-(C9*$D$1) -> 874
A10: ='MASTER PRICE LIST'!A43 -> CC-21F1-0709-OS | B10: 2023 F250/350 16" wide-body console; open storage along passenger side: 7" slope, 13" level (no floor plate needed, mounts directly to floor) | C10: ='MASTER PRICE LIST'!C43 -> 869 | D10: =C10-(C10*$D$1) -> 825.55
A12: F250 Wide-Body Consoles, Vehicle-Specific (Cannot be transferred to other vehicles)
A13: ='MASTER PRICE LIST'!A53 -> CC-21F2-0709-OS | B13: ='MASTER PRICE LIST'!B53 -> 2021-22 F250 16" wide-body console; open storage along passenger side; 7" slope, 9" level (no floor plate needed, mounts directly to floor) | C13: ='MASTER PRICE LIST'!C53 -> 869 | D13: =C13-(C13*$D$1) -> 825.55
A15: F250 Over-head Console, Vehicle-Specific (Cannot be transferred to other vehicles)
A16: ='MASTER PRICE LIST'!A56 -> CC-21F2-0304OH | B16: ='MASTER PRICE LIST'!B56 -> 2021-24 F250 overhead console and includes 7” of face plate mounting space (console will work with Motorola 05, 07, E5 remote heads). Important note: OEM lights, buttons, and switches are not transferable onto this overhead console version. | C16: ='MASTER PRICE LIST'!C56 -> 440 | D16: =C16-(C16*$D$1) -> 418
A18: Standard-Width Consoles (Can be transferred to other vehicles)
A19: ='MASTER PRICE LIST'!A171 -> CC-MC-14 | B19: ='MASTER PRICE LIST'!B171 -> Universal MC 14" L-shape console: 7" slope, 7" level. | C19: ='MASTER PRICE LIST'!C171 -> 548 | D19: =C19-(C19*$D$1) -> 520.6
A20: ='MASTER PRICE LIST'!A172 -> CC-MC-18 | B20: ='MASTER PRICE LIST'!B172 -> Universal MC 18" L-shape console; 7" slope, 11" level. | C20: ='MASTER PRICE LIST'!C172 -> 587 | D20: =C20-(C20*$D$1) -> 557.65
A21: ='MASTER PRICE LIST'!A174 -> CC-MC-25 | B21: ='MASTER PRICE LIST'!B174 -> Universal MC 25" L-shape console; 7" slope, 18" level. | C21: ='MASTER PRICE LIST'!C174 -> 661 | D21: =C21-(C21*$D$1) -> 627.95
A22: ='MASTER PRICE LIST'!A118 -> CC-PCFX14 | B22: ='MASTER PRICE LIST'!B118 -> Universal 14" low-profile; 3" slope, 11" level; computer deck; Will fit one long radio. | C22: ='MASTER PRICE LIST'!C118 -> 575 | D22: =C22-(C22*$D$1) -> 546.25
A23: ='MASTER PRICE LIST'!A138 -> CC-A-S12 | B23: ='MASTER PRICE LIST'!B138 -> Universal 12" 2-pc. ht. adj. sloped console; Flat deck (Top piece can be raised up to 3" higher) | C23: ='MASTER PRICE LIST'!C138 -> 543 | D23: =C23-(C23*$D$1) -> 515.85
A24: ='MASTER PRICE LIST'!A124 -> CC-LASD-15 | B24: ='MASTER PRICE LIST'!B124 -> Universal 15" L-shaped console w/computer deck: 7" slope, 8" level. Rocker switch hole pre-punched on deck. | C24: ='MASTER PRICE LIST'!C124 -> 549 | D24: =C24-(C24*$D$1) -> 521.55
A26: Wide-Body Consoles (Can be transferred to other trucks)
A27: ='MASTER PRICE LIST'!A153 -> CC-WBOS-16 | B27: ='MASTER PRICE LIST'!B153 -> Universal SUV/truck 16" Wide-body open-storage console; 8" slope, 8" level. | C27: ='MASTER PRICE LIST'!C153 -> 794 | D27: =C27-(C27*$D$1) -> 754.3
A28: ='MASTER PRICE LIST'!A154 -> CC-WBOS-20 | B28: ='MASTER PRICE LIST'!B154 -> Universal SUV/truck 20" Wide-body open-storage console; 8" slope, 12" level. | C28: ='MASTER PRICE LIST'!C154 -> 815 | D28: =C28-(C28*$D$1) -> 774.25
A29: ='MASTER PRICE LIST'!A156 -> CC-WBOS-25 | B29: ='MASTER PRICE LIST'!B156 -> Universal SUV/truck 25" Wide-body open-storage console; 8" slope, 17" level. | C29: ='MASTER PRICE LIST'!C156 -> 840 | D29: =C29-(C29*$D$1) -> 798
A30: ='MASTER PRICE LIST'!A156 -> CC-WBOS-25 | B30: ='MASTER PRICE LIST'!B156 -> Universal SUV/truck 25" Wide-body open-storage console; 8" slope, 17" level. | C30: ='MASTER PRICE LIST'!C156 -> 840 | D30: =C30-(C30*$D$1) -> 798
A31: ='MASTER PRICE LIST'!A157 -> CC-WBOS-25-LP | B31: ='MASTER PRICE LIST'!B157 -> Universal SUV/truck 25" Low profile wide-body open-storage console; 8" slope, 17" level. 2" shorter in height. | C31: ='MASTER PRICE LIST'!C157 -> 827 | D31: =C31-(C31*$D$1) -> 785.65
A32: ='MASTER PRICE LIST'!A158 -> CC-WBOS-30 | B32: ='MASTER PRICE LIST'!B158 -> Universal SUV/truck 30" Wide-body console; open storage on driver side. 8" slope, 22" level | C32: ='MASTER PRICE LIST'!C158 -> 873 | D32: =C32-(C32*$D$1) -> 829.35
A34: Popular Internal Console Accessories
A35: ='MASTER PRICE LIST'!A235 -> AC-CCHY-BH | B35: ='MASTER PRICE LIST'!B235 -> 4" Durable high-impact polymer internal dual beverage holder; includes a larger size cup holder, for size water bottles or tumblers 18-32oz along with a standard size holder. | C35: ='MASTER PRICE LIST'!C235 -> 45 | D35: =C35-(C35*$D$1) -> 42.75
A36: ='MASTER PRICE LIST'!A238 -> AC-INBHG | B36: ='MASTER PRICE LIST'!B238 -> 4" internal dual beverage holder. Includes rubber fingers to keep cup stabilized. | C36: ='MASTER PRICE LIST'!C238 -> 64 | D36: =C36-(C36*$D$1) -> 60.8
A37: ='MASTER PRICE LIST'!A245 -> AC-TICK-2 | B37: ='MASTER PRICE LIST'!B245 -> 3" face plate shallow tray; holds smartphone, keys, wallet, sunglasses, etc. 2" H. | C37: ='MASTER PRICE LIST'!C245 -> 53 | D37: =C37-(C37*$D$1) -> 50.35
A38: ='MASTER PRICE LIST'!A246 -> FP-SGTRAY | B38: ='MASTER PRICE LIST'!B246 -> 4" face plate shallow tray w/sloped floor; holds smartphone, keys, wallet, sunglasses, etc. 1.75" H. | C38: ='MASTER PRICE LIST'!C246 -> 50 | D38: =C38-(C38*$D$1) -> 47.5
A39: ='MASTER PRICE LIST'!A250 -> AC-GUNBOX-6-LP | B39: ='MASTER PRICE LIST'!B250 -> 6" internal lidded locking low-profile internal storage box (may not accommodate handgun) 3.6" H. | C39: ='MASTER PRICE LIST'!C250 -> 173 | D39: =C39-(C39*$D$1) -> 164.35
A40: ='MASTER PRICE LIST'!A251 -> AC-GUNBOX-LP | B40: ='MASTER PRICE LIST'!B251 -> 8" internal lidded locking low-profile storage box (might accommodate handgun) 3.6" H. | C40: ='MASTER PRICE LIST'!C251 -> 194 | D40: =C40-(C40*$D$1) -> 184.3
A42: Electronics Face Plates
A43: ='MASTER PRICE LIST'!A336 -> FP-USBC-2DC | B43: ='MASTER PRICE LIST'!B336 -> 2" face plate combo USB-C /USB port and (2) DC outlets | C43: ='MASTER PRICE LIST'!C336 -> 90 | D43: =C43-(C43*$D$1) -> 85.5
A44: ='MASTER PRICE LIST'!A339 -> FP-AP12-3 | B44: ='MASTER PRICE LIST'!B339 -> 2" face plate w/ (3) DC outlet holes | C44: ='MASTER PRICE LIST'!C339 -> 32 | D44: =C44-(C44*$D$1) -> 30.4
A45: ='MASTER PRICE LIST'!A329 -> L3-AP1SET | B45: ='MASTER PRICE LIST'!B329 -> 12 Volt DC power outlet plug w/black captured cap | C45: ='MASTER PRICE LIST'!C329 -> 15 | D45: =C45-(C45*$D$1) -> 14.25
A47: Mic Clip Choices
A48: ='MASTER PRICE LIST'!A311 -> AC-MCM1 | B48: ='MASTER PRICE LIST'!B311 -> Dog-ear type microphone clip plate and clip assembly | C48: ='MASTER PRICE LIST'!C311 -> 19 | D48: =C48-(C48*$D$1) -> 18.05
A49: ='MASTER PRICE LIST'!A313 -> AC-MIC-Z-FPI | B49: ='MASTER PRICE LIST'!B313 -> Height adjustable, no-holes-drilled L-slot microphone clip plate assembly | C49: ='MASTER PRICE LIST'!C313 -> 33 | D49: =C49-(C49*$D$1) -> 31.35
A50: ='MASTER PRICE LIST'!A317 -> AC-MAG-MIC | B50: ='MASTER PRICE LIST'!B317 -> Magnetic Mic holder quickly guides the microphone into place | C50: ='MASTER PRICE LIST'!C317 -> 67 | D50: =C50-(C50*$D$1) -> 63.65
A52: All-New Phone Mounts
A53: ='MASTER PRICE LIST'!A320 -> AC-PHMAG | B53: ='MASTER PRICE LIST'!B320 -> Magnetic phone mount; includes (2) mounting disc and (2) device plates | C53: ='MASTER PRICE LIST'!C320 -> 85 | D53: =C53-(C53*$D$1) -> 80.75
A54: ='MASTER PRICE LIST'!A321 -> AC-PHMNT-MAG | B54: ='MASTER PRICE LIST'!B321 -> Cradle magnetic phone mount; includes (2) mounting disc | C54: ='MASTER PRICE LIST'!C321 -> 109 | D54: =C54-(C54*$D$1) -> 103.55
A55: ='MASTER PRICE LIST'!A322 -> FP-PHNMNT | B55: ='MASTER PRICE LIST'!B322 -> 2" face plate w/phone cradle and mount; (1) USB-C 4 amp and USB 3 amp port | C55: ='MASTER PRICE LIST'!C322 -> 200 | D55: =C55-(C55*$D$1) -> 190
A57: File/Map Boxes
A58: ='MASTER PRICE LIST'!A282 -> AC-FHDFB | B58: ='MASTER PRICE LIST'!B282 -> External map book lidded storage box; dims 13.25" W x 13.8" L x 11" H Includes leather pad AC-FHDPAD | C58: ='MASTER PRICE LIST'!C282 -> 429 | D58: =C58-(C58*$D$1) -> 407.55
A59: ='MASTER PRICE LIST'!A273 -> AC-MAPFILE | B59: ='MASTER PRICE LIST'!B273 -> External lidded box for map books Dims 10.8" W x 13.25" L x 10.6" H Non-locking | C59: ='MASTER PRICE LIST'!C273 -> 399 | D59: =C59-(C59*$D$1) -> 379.05
A60: ='MASTER PRICE LIST'!A267 -> AC-FILEBOX | B60: ='MASTER PRICE LIST'!B267 -> External lidded box for letter size Penda flex hanging folders Dims 8.86" W x 13.25" L x 10.8" H | C60: ='MASTER PRICE LIST'!C267 -> 353 | D60: =C60-(C60*$D$1) -> 335.35
A62: COMPUTER MOUNTS
A63: Passenger-Seat Computer Mounts (Passenger space is not compromised)
A64: ='MASTER PRICE LIST'!A610 -> CM-F15-SA-LED | B64: ='MASTER PRICE LIST'!B610 -> 2020-24 F150 | 2020-24 F250 | 2018-24 Expedition - Ht. adjustable seat mnt w/swing arm & docking station mount | C64: ='MASTER PRICE LIST'!C610 -> 580 | D64: =C64-(C64*$D$1) -> 551
A65: ='MASTER PRICE LIST'!A611 -> CM-F15-SA-LT17 | B65: ='MASTER PRICE LIST'!B611 -> 2020-24 F150 | 2020-24 F250 | 2018-24 Expedition - Ht. adjustable seat mnt w/swing arm and laptop tray up to 17" wide | C65: ='MASTER PRICE LIST'!C611 -> 721 | D65: =C65-(C65*$D$1) -> 684.95
A66: ='MASTER PRICE LIST'!A612 -> CM-F15-SA-LT16 | B66: ='MASTER PRICE LIST'!B612 -> 2020-24 F150 | 2020-24 F250 | 2018-24 Expedition - Ht. adjustable seat mnt w/swing arm and laptop tray up to 15" wide. Includes CM-LT1600. | C66: ='MASTER PRICE LIST'!C612 -> 771 | D66: =C66-(C66*$D$1) -> 732.45
A67: ='MASTER PRICE LIST'!A613 -> CM-F15-SL-LED | B67: ='MASTER PRICE LIST'!B613 -> 2020-24 F150 | 2020-24 F250 | 2018-24 Expedition - Ht. adjustable seat mnt w/slide arm & docking station mount | C67: ='MASTER PRICE LIST'!C613 -> 729 | D67: =C67-(C67*$D$1) -> 692.55
A68: ='MASTER PRICE LIST'!A614 -> CM-F15-SL-LT17 | B68: ='MASTER PRICE LIST'!B614 -> 2020-24 F150 | 2020-24 F250 | 2018-24 Expedition - Ht. adjustable seat mnt w/slide arm and laptop tray up to 17" wide | C68: ='MASTER PRICE LIST'!C614 -> 851 | D68: =C68-(C68*$D$1) -> 808.45
A69: ='MASTER PRICE LIST'!A615 -> CM-F15-SL-LT16 | B69: ='MASTER PRICE LIST'!B615 -> 2020-24 F150 | 2020-24 F250 | 2018-24 Expedition - Ht. adjustable seat mnt w/slide arm and laptop tray up to 15" wide. Includes CM-LT1600. | C69: ='MASTER PRICE LIST'!C615 -> 901 | D69: =C69-(C69*$D$1) -> 855.95
A71: Console-Side Computer Mounts
A72: ='MASTER PRICE LIST'!A664 -> CM-SDMT-SA-LED | B72: ='MASTER PRICE LIST'!B664 -> Console side ht. adj. mount w/swing arm for docking station | C72: ='MASTER PRICE LIST'!C664 -> 429 | D72: =C72-(C72*$D$1) -> 407.55
A73: ='MASTER PRICE LIST'!A665 -> CM-SDMT-SA-LT17 | B73: ='MASTER PRICE LIST'!B665 -> Console side ht. adj. mount w/swing arm and laptop tray up to 17" wide | C73: ='MASTER PRICE LIST'!C665 -> 559 | D73: =C73-(C73*$D$1) -> 531.05
A74: ='MASTER PRICE LIST'!A666 -> CM-SDMT-SA-LT16 | B74: ='MASTER PRICE LIST'!B666 -> Console side ht. adj. mount w/swing arm and laptop tray up to 15" wide. Includes CM-LT1600. | C74: ='MASTER PRICE LIST'!C666 -> 609 | D74: =C74-(C74*$D$1) -> 578.55
A75: ='MASTER PRICE LIST'!A667 -> CM-SDMT-SL-LED | B75: ='MASTER PRICE LIST'!B667 -> Console side ht. adj. mount w/slide arm for docking station | C75: ='MASTER PRICE LIST'!C667 -> 589 | D75: =C75-(C75*$D$1) -> 559.55
A76: ='MASTER PRICE LIST'!A668 -> CM-SDMT-SL-LT17 | B76: ='MASTER PRICE LIST'!B668 -> Console side ht. adj. mount w/slide arm and laptop tray up to 17" wide | C76: ='MASTER PRICE LIST'!C668 -> 727 | D76: =C76-(C76*$D$1) -> 690.65
A77: ='MASTER PRICE LIST'!A669 -> CM-SDMT-SL-LT16 | B77: ='MASTER PRICE LIST'!B669 -> Console side ht. adj. mount w/slide arm and laptop tray up to 15" wide. Includes CM-LT1600. | C77: ='MASTER PRICE LIST'!C669 -> 777 | D77: =C77-(C77*$D$1) -> 738.15
A79: U-Bracket Computer Mounts (Use on consoles with computer decks)
A80: ='MASTER PRICE LIST'!A680 -> CM-UMNT-SA-LED | B80: ='MASTER PRICE LIST'!B680 -> U bracket mnt w/swing arm for docking station | C80: ='MASTER PRICE LIST'!C680 -> 392 | D80: =C80-(C80*$D$1) -> 372.4
A81: ='MASTER PRICE LIST'!A682 -> CM-UMNT-SA-LT17 | B81: ='MASTER PRICE LIST'!B682 -> U bracket mnt w/swing arm and laptop tray up to 17" wide | C81: ='MASTER PRICE LIST'!C682 -> 515 | D81: =C81-(C81*$D$1) -> 489.25
A82: ='MASTER PRICE LIST'!A683 -> CM-UMNT-SA-LT16 | B82: ='MASTER PRICE LIST'!B683 -> U bracket mnt w/swing arm and laptop tray up to 15" wide. Includes CM-LT1600. | C82: ='MASTER PRICE LIST'!C683 -> 565 | D82: =C82-(C82*$D$1) -> 536.75
A83: ='MASTER PRICE LIST'!A694 -> CM-UMSH-SL-LED | B83: ='MASTER PRICE LIST'!B694 -> Short U bracket mnt w/slide arm for docking station | C83: ='MASTER PRICE LIST'!C694 -> 572 | D83: =C83-(C83*$D$1) -> 543.4
A84: ='MASTER PRICE LIST'!A696 -> CM-UMSH-SL-LT17 | B84: ='MASTER PRICE LIST'!B696 -> Short U bracket mnt w/slide arm and laptop tray up to 17" wide | C84: ='MASTER PRICE LIST'!C696 -> 681 | D84: =C84-(C84*$D$1) -> 646.95
A85: ='MASTER PRICE LIST'!A697 -> CM-UMSH-SL-LT16 | B85: ='MASTER PRICE LIST'!B697 -> Short U bracket mnt w/slide arm and laptop tray up to 15" wide. Includes CM-LT1600. | C85: ='MASTER PRICE LIST'!C697 -> 731 | D85: =C85-(C85*$D$1) -> 694.45
A87: Console-Side Dual-Arm Computer Mounts
A88: ='MASTER PRICE LIST'!A673 -> CM-SD2M-SL-703 | B88: ='MASTER PRICE LIST'!B673 -> Console side dual-arm mnt w/swing arm for Havis tablet dock & slide arm for iKey keyboard | C88: ='MASTER PRICE LIST'!C673 -> 1042 | D88: =C88-(C88*$D$1) -> 989.9
A90: U-Bracket Computer Mounts (Use on consoles with computer decks)
A91: ='MASTER PRICE LIST'!A680 -> CM-UMNT-SA-LED | B91: ='MASTER PRICE LIST'!B680 -> U bracket mnt w/swing arm for docking station | C91: ='MASTER PRICE LIST'!C680 -> 392 | D91: =C91-(C91*$D$1) -> 372.4
A92: ='MASTER PRICE LIST'!A681 -> CM-UMNT-SAS-LED | B92: ='MASTER PRICE LIST'!B681 -> U bracket mnt w/swing arm for docking station; pivot mount bolts to second hole (farther from user) | C92: ='MASTER PRICE LIST'!C681 -> 405 | D92: =C92-(C92*$D$1) -> 384.75
A93: ='MASTER PRICE LIST'!A682 -> CM-UMNT-SA-LT17 | B93: ='MASTER PRICE LIST'!B682 -> U bracket mnt w/swing arm and laptop tray up to 17" wide | C93: ='MASTER PRICE LIST'!C682 -> 515 | D93: =C93-(C93*$D$1) -> 489.25
A94: ='MASTER PRICE LIST'!A683 -> CM-UMNT-SA-LT16 | B94: ='MASTER PRICE LIST'!B683 -> U bracket mnt w/swing arm and laptop tray up to 15" wide. Includes CM-LT1600. | C94: ='MASTER PRICE LIST'!C683 -> 565 | D94: =C94-(C94*$D$1) -> 536.75
A95: ='MASTER PRICE LIST'!A684 -> CM-UMNT-SL-LED | B95: ='MASTER PRICE LIST'!B684 -> U bracket mnt w/slide arm for docking station | C95: ='MASTER PRICE LIST'!C684 -> 572 | D95: =C95-(C95*$D$1) -> 543.4
A96: ='MASTER PRICE LIST'!A685 -> CM-UMNT-SLS-LED | B96: ='MASTER PRICE LIST'!B685 -> U bracket mnt w/slide arm for docking station; pivot mount bolts to second hole (farther from user) | C96: ='MASTER PRICE LIST'!C685 -> 572 | D96: =C96-(C96*$D$1) -> 543.4
A97: ='MASTER PRICE LIST'!A686 -> CM-UMNT-SL-LT17 | B97: ='MASTER PRICE LIST'!B686 -> U bracket mnt w/slide arm and laptop tray up to 17" wide | C97: ='MASTER PRICE LIST'!C686 -> 682 | D97: =C97-(C97*$D$1) -> 647.9
A98: ='MASTER PRICE LIST'!A687 -> CM-UMNT-SL-LT16 | B98: ='MASTER PRICE LIST'!B687 -> U bracket mnt w/slide arm and laptop tray up to 15" wide. Includes CM-LT1600. | C98: ='MASTER PRICE LIST'!C687 -> 731 | D98: =C98-(C98*$D$1) -> 694.45
A100: Laptop Accessories
A101: ='MASTER PRICE LIST'!A593 -> AC-LT-SCR | B101: ='MASTER PRICE LIST'!B593 -> Laptop screen holder; compatible w/ TROY laptop trays | C101: ='MASTER PRICE LIST'!C593 -> 92 | D101: =C101-(C101*$D$1) -> 87.4
A102: ='MASTER PRICE LIST'!A594 -> AC-LT13-CLAMP | B102: ='MASTER PRICE LIST'!B594 -> Laptop tray finger clamp, vinyl cap | C102: ='MASTER PRICE LIST'!C594 -> 12 | D102: =C102-(C102*$D$1) -> 11.4
A104: Weapon Mount Kits: Single / Dual
B105: ='MASTER PRICE LIST'!B704 -> Single Weapon Mount Kits
A106: ='MASTER PRICE LIST'!A705 -> KT-GM-SGL-SC6 | B106: ='MASTER PRICE LIST'!B705 -> Single weapon mount w/SC6 lock and brackets | C106: ='MASTER PRICE LIST'!C705 -> 455 | D106: =C106-(C106*$D$1) -> 432.25
A107: ='MASTER PRICE LIST'!A706 -> KT-GM-SGL-SC1 | B107: ='MASTER PRICE LIST'!B706 -> Single weapon mount w/SC1 lock and brackets | C107: ='MASTER PRICE LIST'!C706 -> 379 | D107: =C107-(C107*$D$1) -> 360.05
A108: ='MASTER PRICE LIST'!A707 -> KT-GM-SGL-SC1AR | B108: ='MASTER PRICE LIST'!B707 -> Single weapon mount w/SC1/AR AR15 lock, No. 2 key and brackets | C108: ='MASTER PRICE LIST'!C707 -> 419 | D108: =C108-(C108*$D$1) -> 398.05
B109: ='MASTER PRICE LIST'!B708 -> Dual Weapon Mount Kits
A110: ='MASTER PRICE LIST'!A709 -> KT-GM-SGRF-SC6-1 | B110: ='MASTER PRICE LIST'!B709 -> Dual weapon mount w/ SC6 lock, SC1 shotgun lock with No. 2 key and brackets | C110: ='MASTER PRICE LIST'!C709 -> 701 | D110: =C110-(C110*$D$1) -> 665.95
A111: ='MASTER PRICE LIST'!A710 -> KT-GM-SGRF-SC6-1AR | B111: ='MASTER PRICE LIST'!B710 -> Dual weapon mount w/SC6 lock, SC1/AR AR15 lock with No. 2 Key and brackets | C111: ='MASTER PRICE LIST'!C710 -> 741 | D111: =C111-(C111*$D$1) -> 703.95
A112: ='MASTER PRICE LIST'!A711 -> KT-GM-SGRF-SC1-1AR | B112: ='MASTER PRICE LIST'!B711 -> Dual weapon mount w/SC1 shotgun lock, SC1/AR AR15 lock with No. 2 Key and brackets | C112: ='MASTER PRICE LIST'!C711 -> 665 | D112: =C112-(C112*$D$1) -> 631.75
A114: ='MASTER PRICE LIST'!$B$851 -> 2021-24 Ford F150-F250 Truck Partition Kits; Includes US Partition, Partition Mounting Kit and 3 pc. Kick Panel
A115: ='MASTER PRICE LIST'!A852 -> KIT-TP-SL6-21F1-SS | B115: ='MASTER PRICE LIST'!B852 -> 2021-24 F150 | 2021-24 F250 Partition Kit (TP-E-SL6-FS-SS, PM-21F150, KP-F150-15-SS) | C115: ='MASTER PRICE LIST'!C852 -> 1300 | D115: =C115-(C115*$D$1) -> 1235
A116: ='MASTER PRICE LIST'!A853 -> KIT-TP-SL1-21F1-SS | B116: ='MASTER PRICE LIST'!B853 -> 2021-24 F150 | 2021-24 F250 Partition Kit (TP-E-SL1-FS-SS, PM-21F150 ,KP-F150-15-SS) | C116: ='MASTER PRICE LIST'!C853 -> 1312 | D116: =C116-(C116*$D$1) -> 1246.4
A117: ='MASTER PRICE LIST'!A854 -> KIT-TP-SL12-21F1-SS | B117: ='MASTER PRICE LIST'!B854 -> 2021-24 F150 | 2021-24 F250 Partition Kit (TP-E-SL12-FS-SS, PM-21F150, KP-F150-15-SS) | C117: ='MASTER PRICE LIST'!C854 -> 1300 | D117: =C117-(C117*$D$1) -> 1235
A119: Partitions: Full Size; Standard Frame
B120: ='MASTER PRICE LIST'!B751 -> Sliding Window Models
...

Sheet 2021-24 CHEVY TAHOE
A1: TOC | B1: 2021 - 2024 CHEVY TAHOE SSV PRICE LIST | D1: 0.05
A2: TROY PART # | B2: ITEM DESCRIPTION | C2: MSRP | D2: DISCOUNT %
A4: Push Bumper Kit with Solid Top Channel Cover
A5: ='MASTER PRICE LIST'!A1591 -> PB-21TH-UPRS | B5: ='MASTER PRICE LIST'!B1591 -> 2021-24 Chevy Tahoe Upright with mounting kit and solid top channel cover | C5: ='MASTER PRICE LIST'!C1591 -> 870 | D5: =C5-(C5*$D$1) -> 826.5
A7: Push Bumper Kit with Option of 2 or 4 Top Light Channel Bracket
A8: ='MASTER PRICE LIST'!A1611 -> PB-21TH-UPRLRG-LT2 | B8: ='MASTER PRICE LIST'!B1611 -> 2021-24 Chevy Tahoe Upright with mounting kit, wire covers and two (2) light channel bracket; provide brand and model of lights | C8: ='MASTER PRICE LIST'!C1611 -> 900 | D8: =C8-(C8*$D$1) -> 855
A9: ='MASTER PRICE LIST'!A1612 -> PB-21TH-UPRLRG-LT4 | B9: ='MASTER PRICE LIST'!B1612 -> 2021-24 Chevy Tahoe Upright with mounting kit, wire covers and four (4) light channel bracket; provide brand and model of lights | C9: ='MASTER PRICE LIST'!C1612 -> 900 | D9: =C9-(C9*$D$1) -> 855
B10: * For emergency lighting brackets; please specify lighting brand, model and the number of lights to be mounted.*
A12: Console Floor Plates
A13: ='MASTER PRICE LIST'!A191 -> FM-21TH | B13: ='MASTER PRICE LIST'!B191 -> 2021-24 Tahoe | 2021-24 Suburban floor mount compatible standard and wide-body consoles. | C13: ='MASTER PRICE LIST'!C191 -> 208 | D13: =C13-(C13*$D$1) -> 197.6
A15: ='MASTER PRICE LIST'!B59 -> Tahoe | Suburban Standard Vehicle-Specific Consoles
A16: ='MASTER PRICE LIST'!A60 -> CC-21TH-1008 | B16: ='MASTER PRICE LIST'!B60 -> 2021-24 Tahoe | 2021-24 Suburban 8" Standard console 10" slope, 8" level | C16: ='MASTER PRICE LIST'!C60 -> 640 | D16: =C16-(C16*$D$1) -> 608
A17: ='MASTER PRICE LIST'!A61 -> CC-21TH-1012 | B17: ='MASTER PRICE LIST'!B61 -> 2021-24 Tahoe | 2021-24 Suburban 22" Standard console 10" slope, 12" level | C17: ='MASTER PRICE LIST'!C61 -> 702 | D17: =C17-(C17*$D$1) -> 666.9
A18: ='MASTER PRICE LIST'!A62 -> CC-21TH-1015 | B18: ='MASTER PRICE LIST'!B62 -> 2021-24 Tahoe | 2021-24 Suburban 25" Standard console 10" slope, 15" level | C18: ='MASTER PRICE LIST'!C62 -> 723 | D18: =C18-(C18*$D$1) -> 686.85
A19: ='MASTER PRICE LIST'!A63 -> CC-21TH-V12 | B19: ='MASTER PRICE LIST'!B63 -> 2021-24 Tahoe | 2021-24 Suburban 12" Vertical console | C19: ='MASTER PRICE LIST'!C63 -> 573 | D19: =C19-(C19*$D$1) -> 544.35
A21: Tahoe Vehicle-Specific Printer Consoles
A22: ='MASTER PRICE LIST'!A82 -> CC-21TH-1008OS-PRTR | B22: ='MASTER PRICE LIST'!$B$82 -> 2021-24 Tahoe | 2021-24 Suburban 18" Printer console w/ open storage; 10" slope, 8" level | C22: ='MASTER PRICE LIST'!C82 -> 1100 | D22: =C22-(C22*$D$1) -> 1045
A24: ='MASTER PRICE LIST'!B65 -> Tahoe | Suburban Wide-Body Vehicle-Specific Consoles
A25: ='MASTER PRICE LIST'!A66 -> CC-21TH-1008-OS | B25: ='MASTER PRICE LIST'!B66 -> 2021-24 Tahoe | 2021-24 Suburban 18" Wide body console w/ open storage; 10" slope, 8" level | C25: ='MASTER PRICE LIST'!C66 -> 836 | D25: =C25-(C25*$D$1) -> 794.2
A26: ='MASTER PRICE LIST'!A67 -> CC-21TH-1012-OS | B26: ='MASTER PRICE LIST'!B67 -> 2021-24 Tahoe | 2021-24 Suburban 22" Wide body console w/ open storage; 10" slope, 12" level | C26: ='MASTER PRICE LIST'!C67 -> 876 | D26: =C26-(C26*$D$1) -> 832.2
A27: ='MASTER PRICE LIST'!A68 -> CC-21TH-1015-OS | B27: ='MASTER PRICE LIST'!B68 -> 2021-24 Tahoe | 2021-24 Suburban 25" Wide body console w/ open storage; 10" slope, 15" level | C27: ='MASTER PRICE LIST'!C68 -> 910 | D27: =C27-(C27*$D$1) -> 864.5
A28: ='MASTER PRICE LIST'!A69 -> CC-21TH-1008-OS-L | B28: ='MASTER PRICE LIST'!B69 -> 2021-24 Tahoe | 2021-24 Suburban 18" Wide body console w/ lockable storage area, 10" slope, 8" level | C28: ='MASTER PRICE LIST'!C69 -> 1009 | D28: =C28-(C28*$D$1) -> 958.55
A30: Tahoe Vehicle-Specific Consoles For Dash-Mount Electronics (Floor Mount Not Required)
A31: ='MASTER PRICE LIST'!A72 -> CC-21TH-0711-DM | B31: ='MASTER PRICE LIST'!B72 -> 2021-24 Tahoe | 2021-24 Suburban 18" dash-mount console 7" slope, 11" level, floor mount FM-21TH not required | C31: ='MASTER PRICE LIST'!C72 -> 640 | D31: =C31-(C31*$D$1) -> 608
A32: ='MASTER PRICE LIST'!A73 -> CC-21TH-0713-DM | B32: ='MASTER PRICE LIST'!B73 -> 2021-24 Tahoe | 2021-24 Suburban 20" dash-mount console 7" slope, 13" level, floor mount FM-21TH not required | C32: ='MASTER PRICE LIST'!C73 -> 664 | D32: =C32-(C32*$D$1) -> 630.8
A34: Tahoe Vehicle-Specific Wide-Body Consoles for Dash-Mount Electronics (Floor Mount Not Required)
A35: ='MASTER PRICE LIST'!A76 -> CC-21TH-0711-OS-DM | B35: ='MASTER PRICE LIST'!B76 -> 2021-24 Tahoe | 2021-24 Suburban 18" Wide body console w/ open storage; 7" slope, 11" level | C35: ='MASTER PRICE LIST'!C76 -> 836 | D35: =C35-(C35*$D$1) -> 794.2
A36: ='MASTER PRICE LIST'!A77 -> CC-21TH-0713-OS-DM | B36: ='MASTER PRICE LIST'!B77 -> 2021-24 Tahoe | 2021-24 Suburban 20" Wide body console w/ open storage; 7" slope, 13" level | C36: ='MASTER PRICE LIST'!C77 -> 855 | D36: =C36-(C36*$D$1) -> 812.25
A37: ='MASTER PRICE LIST'!A78 -> CC-21TH-0715-OS-DM | B37: ='MASTER PRICE LIST'!B78 -> 2021-24 Tahoe | 2021-24 Suburban 22" Wide body console w/ open storage; 7" slope, 15" level (Works without partition) | C37: ='MASTER PRICE LIST'!C78 -> 876 | D37: =C37-(C37*$D$1) -> 832.2
A38: ='MASTER PRICE LIST'!A79 -> CC-21TH-0718-OS-DM | B38: ='MASTER PRICE LIST'!B79 -> 2021-24 Tahoe | 2021-24 Suburban 25" Wide body console w/ open storage; 7" slope, 18" level (Works without partition) | C38: ='MASTER PRICE LIST'!C79 -> 910 | D38: =C38-(C38*$D$1) -> 864.5
A40: Tahoe Civilian Model ONLY
A41: ='MASTER PRICE LIST'!A88 -> CC-21TH-TRAY-10 | B41: ='MASTER PRICE LIST'!B88 -> 2021-24 Tahoe Civilian 10" Console insert. Compatible with AC-GUNBOX-10-LP, low-profile box. | C41: ='MASTER PRICE LIST'!C88 -> 377 | D41: =C41-(C41*$D$1) -> 358.15
A43: ='MASTER PRICE LIST'!B84 -> Tahoe | Suburban Overhead Vehicle-Specific Console
A44: ='MASTER PRICE LIST'!A85 -> CC-21TH-OH-7 | B44: ='MASTER PRICE LIST'!B85 -> 2021-24 Tahoe | 2021-24 Suburban 7" Overhead console. Replaces OEM dome light module. Remote heads only. | C44: ='MASTER PRICE LIST'!C85 -> 356 | D44: =C44-(C44*$D$1) -> 338.2
A46: Open Storage Wide-Body Console Custom Parts
A47: ='MASTER PRICE LIST'!A306 -> KIT-CM-BL10-WALL-RAIL | B47: ='MASTER PRICE LIST'!B306 -> 2021-24 Tahoe | 2021-24 Suburban wide-body open-storage bulkhead wall and cover plate kit. Use when mounting computer to console side for stability. | C47: ='MASTER PRICE LIST'!C306 -> 107 | D47: =C47-(C47*$D$1) -> 101.65
A48: ='MASTER PRICE LIST'!A307 -> KIT-CM-BL10-RAIL | B48: ='MASTER PRICE LIST'!B307 -> 2021-24 Tahoe | 2021-24 Suburban cover plate and 10" FP rail set for wide-body printer console; CC-21TH-1008-OS-L. Use when mounting computer to console side for stability. | C48: ='MASTER PRICE LIST'!C307 -> 66 | D48: =C48-(C48*$D$1) -> 62.7
A50: ='MASTER PRICE LIST'!B87 -> Tahoe Civilian Model ONLY
A51: ='MASTER PRICE LIST'!A88 -> CC-21TH-TRAY-10 | B51: ='MASTER PRICE LIST'!B88 -> 2021-24 Tahoe Civilian 10" Console insert. Compatible with AC-GUNBOX-10-LP, low-profile box. | C51: ='MASTER PRICE LIST'!C88 -> 377 | D51: =C51-(C51*$D$1) -> 358.15
A53: Console Accessories
A54: ='MASTER PRICE LIST'!A235 -> AC-CCHY-BH | B54: ='MASTER PRICE LIST'!B235 -> 4" Durable high-impact polymer internal dual beverage holder; includes a larger size cup holder, for size water bottles or tumblers 18-32oz along with a standard size holder. | C54: ='MASTER PRICE LIST'!C235 -> 45 | D54: =C54-(C54*$D$1) -> 42.75
A55: ='MASTER PRICE LIST'!A238 -> AC-INBHG | B55: ='MASTER PRICE LIST'!B238 -> 4" internal dual beverage holder. Includes rubber fingers to keep cup stabilized. | C55: ='MASTER PRICE LIST'!C238 -> 64 | D55: =C55-(C55*$D$1) -> 60.8
A56: ='MASTER PRICE LIST'!A336 -> FP-USBC-2DC | B56: ='MASTER PRICE LIST'!B336 -> 2" face plate combo USB-C /USB port and (2) DC outlets | C56: ='MASTER PRICE LIST'!C336 -> 90 | D56: =C56-(C56*$D$1) -> 85.5
A57: ='MASTER PRICE LIST'!A246 -> FP-SGTRAY | B57: ='MASTER PRICE LIST'!B246 -> 4" face plate shallow tray w/sloped floor; holds smartphone, keys, wallet, sunglasses, etc. 1.75" H. | C57: ='MASTER PRICE LIST'!C246 -> 50 | D57: =C57-(C57*$D$1) -> 47.5
A58: ='MASTER PRICE LIST'!A245 -> AC-TICK-2 | B58: ='MASTER PRICE LIST'!B245 -> 3" face plate shallow tray; holds smartphone, keys, wallet, sunglasses, etc. 2" H. | C58: ='MASTER PRICE LIST'!C245 -> 53 | D58: =C58-(C58*$D$1) -> 50.35
A59: ='MASTER PRICE LIST'!A219 -> AC-TB-ARMMNT-58 | B59: ='MASTER PRICE LIST'!B219 -> Console mounted height adjustable arm rest w/ 5x8 pad. | C59: ='MASTER PRICE LIST'!C219 -> 213 | D59: =C59-(C59*$D$1) -> 202.35
A60: ='MASTER PRICE LIST'!A220 -> AC-TB-ARMMNT-XL | B60: ='MASTER PRICE LIST'!B220 -> Console mounted height adjustable arm rest w/5x10 pad. | C60: ='MASTER PRICE LIST'!C220 -> 224 | D60: =C60-(C60*$D$1) -> 212.8
A61: ='MASTER PRICE LIST'!A223 -> AC-SIDEARM-6 | B61: ='MASTER PRICE LIST'!B223 -> 6" x 2" leather arm pad on 5" tall L bracket. Bolts to console side or rear. | C61: ='MASTER PRICE LIST'!C223 -> 116 | D61: =C61-(C61*$D$1) -> 110.2
A62: ='MASTER PRICE LIST'!A224 -> AC-SIDEARM-9 | B62: ='MASTER PRICE LIST'!B224 -> 9" x 3" molded foam arm pad on 5" tall L bracket. Bolts to console side or rear. | C62: ='MASTER PRICE LIST'!C224 -> 147 | D62: =C62-(C62*$D$1) -> 139.65
A64: Electronics Face Plates
A65: ='MASTER PRICE LIST'!A554 -> FP-21TH-USBDC | B65: ='MASTER PRICE LIST'!B554 -> 2" face plate pre-punched w/ holes to fit Tahoe OEM USB & 1 DC outlet | C65: ='MASTER PRICE LIST'!C554 -> 33 | D65: =C65-(C65*$D$1) -> 31.35
A66: ='MASTER PRICE LIST'!A336 -> FP-USBC-2DC | B66: ='MASTER PRICE LIST'!B336 -> 2" face plate combo USB-C /USB port and (2) DC outlets | C66: ='MASTER PRICE LIST'!C336 -> 90 | D66: =C66-(C66*$D$1) -> 85.5
A67: ='MASTER PRICE LIST'!A339 -> FP-AP12-3 | B67: ='MASTER PRICE LIST'!B339 -> 2" face plate w/ (3) DC outlet holes | C67: ='MASTER PRICE LIST'!C339 -> 32 | D67: =C67-(C67*$D$1) -> 30.4
A68: ='MASTER PRICE LIST'!A329 -> L3-AP1SET | B68: ='MASTER PRICE LIST'!B329 -> 12 Volt DC power outlet plug w/black captured cap | C68: ='MASTER PRICE LIST'!C329 -> 15 | D68: =C68-(C68*$D$1) -> 14.25
A70: Mic Clip Choices
A71: ='MASTER PRICE LIST'!A311 -> AC-MCM1 | B71: ='MASTER PRICE LIST'!B311 -> Dog-ear type microphone clip plate and clip assembly | C71: ='MASTER PRICE LIST'!C311 -> 19 | D71: =C71-(C71*$D$1) -> 18.05
A72: ='MASTER PRICE LIST'!A313 -> AC-MIC-Z-FPI | B72: ='MASTER PRICE LIST'!B313 -> Height adjustable, no-holes-drilled L-slot microphone clip plate assembly | C72: ='MASTER PRICE LIST'!C313 -> 33 | D72: =C72-(C72*$D$1) -> 31.35
A73: ='MASTER PRICE LIST'!A317 -> AC-MAG-MIC | B73: ='MASTER PRICE LIST'!B317 -> Magnetic Mic holder quickly guides the microphone into place | C73: ='MASTER PRICE LIST'!C317 -> 67 | D73: =C73-(C73*$D$1) -> 63.65
A75: File/Map Boxes
A76: ='MASTER PRICE LIST'!A282 -> AC-FHDFB | B76: ='MASTER PRICE LIST'!B282 -> External map book lidded storage box; dims 13.25" W x 13.8" L x 11" H Includes leather pad AC-FHDPAD | C76: ='MASTER PRICE LIST'!C282 -> 429 | D76: =C76-(C76*$D$1) -> 407.55
A77: ='MASTER PRICE LIST'!A273 -> AC-MAPFILE | B77: ='MASTER PRICE LIST'!B273 -> External lidded box for map books Dims 10.8" W x 13.25" L x 10.6" H Non-locking | C77: ='MASTER PRICE LIST'!C273 -> 399 | D77: =C77-(C77*$D$1) -> 379.05
A78: ='MASTER PRICE LIST'!A267 -> AC-FILEBOX | B78: ='MASTER PRICE LIST'!B267 -> External lidded box for letter size Penda flex hanging folders Dims 8.86" W x 13.25" L x 10.8" H | C78: ='MASTER PRICE LIST'!C267 -> 353 | D78: =C78-(C78*$D$1) -> 335.35
A80: All-New Phone Mounts
A81: ='MASTER PRICE LIST'!A320 -> AC-PHMAG | B81: ='MASTER PRICE LIST'!B320 -> Magnetic phone mount; includes (2) mounting disc and (2) device plates | C81: ='MASTER PRICE LIST'!C320 -> 85 | D81: =C81-(C81*$D$1) -> 80.75
A82: ='MASTER PRICE LIST'!A321 -> AC-PHMNT-MAG | B82: ='MASTER PRICE LIST'!B321 -> Cradle magnetic phone mount; includes (2) mounting disc | C82: ='MASTER PRICE LIST'!C321 -> 109 | D82: =C82-(C82*$D$1) -> 103.55
A83: ='MASTER PRICE LIST'!A322 -> FP-PHNMNT | B83: ='MASTER PRICE LIST'!B322 -> 2" face plate w/phone cradle and mount; (1) USB-C 4 amp and USB 3 amp port | C83: ='MASTER PRICE LIST'!C322 -> 200 | D83: =C83-(C83*$D$1) -> 190
A85: COMPUTER MOUNTS
A86: Passenger-Seat Computer Mounts (Passenger space is not compromised)
A87: ='MASTER PRICE LIST'!A628 -> CM-21TH-SA-C | B87: ='MASTER PRICE LIST'!B628 -> 2021-24 Tahoe | 2021-24 Suburban passenger seat mnt w/swing arm & mount for dock | C87: ='MASTER PRICE LIST'!C628 -> 837 | D87: =C87-(C87*$D$1) -> 795.15
A88: ='MASTER PRICE LIST'!A629 -> CM-21TH-SA-LT17 | B88: ='MASTER PRICE LIST'!B629 -> 2021-24 Tahoe | 2021-24 Suburban passenger seat mnt w/swing arm and laptop tray up to 17" wide | C88: ='MASTER PRICE LIST'!C629 -> 877 | D88: =C88-(C88*$D$1) -> 833.15
A89: ='MASTER PRICE LIST'!A630 -> CM-21TH-SA-LT16 | B89: ='MASTER PRICE LIST'!B630 -> 2021-24 Tahoe | 2021-24 Suburban passenger seat mnt w/swing arm and laptop tray up to 15" wide. Includes CM-LT1600. | C89: ='MASTER PRICE LIST'!C630 -> 927 | D89: =C89-(C89*$D$1) -> 880.65
A90: ='MASTER PRICE LIST'!A631 -> CM-21TH-SL-C | B90: ='MASTER PRICE LIST'!B631 -> 2021-24 Tahoe | 2021-24 Suburban passenger seat mnt w/slide arm for dock | C90: ='MASTER PRICE LIST'!C631 -> 911 | D90: =C90-(C90*$D$1) -> 865.45
A91: ='MASTER PRICE LIST'!A632 -> CM-21TH-SL-LT17 | B91: ='MASTER PRICE LIST'!B632 -> 2021-24 Tahoe | 2021-24 Suburban passenger seat mnt w/slide arm and laptop tray up to 17" wide | C91: ='MASTER PRICE LIST'!C632 -> 1009 | D91: =C91-(C91*$D$1) -> 958.55
A92: ='MASTER PRICE LIST'!A633 -> CM-21TH-SL-LT16 | B92: ='MASTER PRICE LIST'!B633 -> 2021-24 Tahoe | 2021-24 Suburban passenger seat mnt w/slide arm and laptop tray up to 15" wide. Includes CM-LT1600. | C92: ='MASTER PRICE LIST'!C633 -> 1059 | D92: =C92-(C92*$D$1) -> 1006.05
A94: Computer Mounts, Console-Side Mounted Designs
A95: ='MASTER PRICE LIST'!A664 -> CM-SDMT-SA-LED | B95: ='MASTER PRICE LIST'!B664 -> Console side ht. adj. mount w/swing arm for docking station | C95: ='MASTER PRICE LIST'!C664 -> 429 | D95: =C95-(C95*$D$1) -> 407.55
A96: ='MASTER PRICE LIST'!A665 -> CM-SDMT-SA-LT17 | B96: ='MASTER PRICE LIST'!B665 -> Console side ht. adj. mount w/swing arm and laptop tray up to 17" wide | C96: ='MASTER PRICE LIST'!C665 -> 559 | D96: =C96-(C96*$D$1) -> 531.05
A97: ='MASTER PRICE LIST'!A666 -> CM-SDMT-SA-LT16 | B97: ='MASTER PRICE LIST'!B666 -> Console side ht. adj. mount w/swing arm and laptop tray up to 15" wide. Includes CM-LT1600. | C97: ='MASTER PRICE LIST'!C666 -> 609 | D97: =C97-(C97*$D$1) -> 578.55
A98: ='MASTER PRICE LIST'!A667 -> CM-SDMT-SL-LED | B98: ='MASTER PRICE LIST'!B667 -> Console side ht. adj. mount w/slide arm for docking station | C98: ='MASTER PRICE LIST'!C667 -> 589 | D98: =C98-(C98*$D$1) -> 559.55
A99: ='MASTER PRICE LIST'!A668 -> CM-SDMT-SL-LT17 | B99: ='MASTER PRICE LIST'!B668 -> Console side ht. adj. mount w/slide arm and laptop tray up to 17" wide | C99: ='MASTER PRICE LIST'!C668 -> 727 | D99: =C99-(C99*$D$1) -> 690.65
A100: ='MASTER PRICE LIST'!A669 -> CM-SDMT-SL-LT16 | B100: ='MASTER PRICE LIST'!B669 -> Console side ht. adj. mount w/slide arm and laptop tray up to 15" wide. Includes CM-LT1600. | C100: ='MASTER PRICE LIST'!C669 -> 777 | D100: =C100-(C100*$D$1) -> 738.15
B102: Laptop Tray Accessories
A103: ='MASTER PRICE LIST'!A593 -> AC-LT-SCR | B103: ='MASTER PRICE LIST'!B593 -> Laptop screen holder; compatible w/ TROY laptop trays | C103: ='MASTER PRICE LIST'!C593 -> 92 | D103: =C103-(C103*$D$1) -> 87.4
A104: ='MASTER PRICE LIST'!A594 -> AC-LT13-CLAMP | B104: ='MASTER PRICE LIST'!B594 -> Laptop tray finger clamp, vinyl cap | C104: ='MASTER PRICE LIST'!C594 -> 12 | D104: =C104-(C104*$D$1) -> 11.4
A106: Weapon Mount Kits: Single / Dual
B107: ='MASTER PRICE LIST'!B704 -> Single Weapon Mount Kits
A108: ='MASTER PRICE LIST'!A705 -> KT-GM-SGL-SC6 | B108: ='MASTER PRICE LIST'!B705 -> Single weapon mount w/SC6 lock and brackets | C108: ='MASTER PRICE LIST'!C705 -> 455 | D108: =C108-(C108*$D$1) -> 432.25
A109: ='MASTER PRICE LIST'!A706 -> KT-GM-SGL-SC1 | B109: ='MASTER PRICE LIST'!B706 -> Single weapon mount w/SC1 lock and brackets | C109: ='MASTER PRICE LIST'!C706 -> 379 | D109: =C109-(C109*$D$1) -> 360.05
A110: ='MASTER PRICE LIST'!A707 -> KT-GM-SGL-SC1AR | B110: ='MASTER PRICE LIST'!B707 -> Single weapon mount w/SC1/AR AR15 lock, No. 2 key and brackets | C110: ='MASTER PRICE LIST'!C707 -> 419 | D110: =C110-(C110*$D$1) -> 398.05
B112: ='MASTER PRICE LIST'!B708 -> Dual Weapon Mount Kits
A113: ='MASTER PRICE LIST'!A709 -> KT-GM-SGRF-SC6-1 | B113: ='MASTER PRICE LIST'!B709 -> Dual weapon mount w/ SC6 lock, SC1 shotgun lock with No. 2 key and brackets | C113: ='MASTER PRICE LIST'!C709 -> 701 | D113: =C113-(C113*$D$1) -> 665.95
A114: ='MASTER PRICE LIST'!A710 -> KT-GM-SGRF-SC6-1AR | B114: ='MASTER PRICE LIST'!B710 -> Dual weapon mount w/SC6 lock, SC1/AR AR15 lock with No. 2 Key and brackets | C114: ='MASTER PRICE LIST'!C710 -> 741 | D114: =C114-(C114*$D$1) -> 703.95
A115: ='MASTER PRICE LIST'!A711 -> KT-GM-SGRF-SC1-1AR | B115: ='MASTER PRICE LIST'!B711 -> Dual weapon mount w/SC1 shotgun lock, SC1/AR AR15 lock with No. 2 Key and brackets | C115: ='MASTER PRICE LIST'!C711 -> 665 | D115: =C115-(C115*$D$1) -> 631.75
B117: Free Standing Weapon Mounts, Single & Dual Designs (Locks sold separately)
A118: ='MASTER PRICE LIST'!A720 -> GM-21TH-SGL | B118: ='MASTER PRICE LIST'!B720 -> 2021-24 Tahoe | 2021-24 Suburban free standing single weapon mount. Weapon locks sold separately. | C118: ='MASTER PRICE LIST'!C720 -> 400 | D118: =C118-(C118*$D$1) -> 380
A119: ='MASTER PRICE LIST'!A721 -> GM-21TH-SGRF | B119: ='MASTER PRICE LIST'!B721 -> 2021-24 Tahoe | 2021-24 Suburban free standing dual weapon mount. Weapon locks sold separately. | C119: ='MASTER PRICE LIST'!C721 -> 520 | D119: =C119-(C119*$D$1) -> 494
B121: Single-Cell Universal Weapon Mount (Locks sold separately)
A122: ='MASTER PRICE LIST'!A724 -> GM-SGRF-SC | B122: ='MASTER PRICE LIST'!B724 -> Universal dual weapon mount for single-cell Ford PIU, F150 and Tahoe | C122: ='MASTER PRICE LIST'!C724 -> 387 | D122: =C122-(C122*$D$1) -> 367.65
A123: ='MASTER PRICE LIST'!A725 -> GM-SGL-SC | B123: ='MASTER PRICE LIST'!B725 -> Universal single weapon mount for single-cell Ford PIU, F150 and Tahoe | C123: ='MASTER PRICE LIST'!C725 -> 347 | D123: =C123-(C123*$D$1) -> 329.65
A125: Chevy Tahoe Partition Kits; Include FS Partition, Partition Mounting Kit and 3 pc. Kick Panel
...

Sheet 2021-24 CHEVY SUBURBAN SSV
A1: TOC | B1: 2021 - 2024 CHEVY SUBURBAN SSV PRICE LIST | D1: 0.05
A2: TROY PART # | B2: ITEM DESCRIPTION | C2: MSRP | D2: DISCOUNT %
A4: Console Floor Plates
A5: ='MASTER PRICE LIST'!A191 -> FM-21TH | B5: ='MASTER PRICE LIST'!B191 -> 2021-24 Tahoe | 2021-24 Suburban floor mount compatible standard and wide-body consoles. | C5: ='MASTER PRICE LIST'!C191 -> 208 | D5: =C5-(C5*$D$1) -> 197.6
A7: ='MASTER PRICE LIST'!B59 -> Tahoe | Suburban Standard Vehicle-Specific Consoles
A8: ='MASTER PRICE LIST'!A60 -> CC-21TH-1008 | B8: ='MASTER PRICE LIST'!B60 -> 2021-24 Tahoe | 2021-24 Suburban 8" Standard console 10" slope, 8" level | C8: ='MASTER PRICE LIST'!C60 -> 640 | D8: =C8-(C8*$D$1) -> 608
A9: ='MASTER PRICE LIST'!A61 -> CC-21TH-1012 | B9: ='MASTER PRICE LIST'!B61 -> 2021-24 Tahoe | 2021-24 Suburban 22" Standard console 10" slope, 12" level | C9: ='MASTER PRICE LIST'!C61 -> 702 | D9: =C9-(C9*$D$1) -> 666.9
A10: ='MASTER PRICE LIST'!A62 -> CC-21TH-1015 | B10: ='MASTER PRICE LIST'!B62 -> 2021-24 Tahoe | 2021-24 Suburban 25" Standard console 10" slope, 15" level | C10: ='MASTER PRICE LIST'!C62 -> 723 | D10: =C10-(C10*$D$1) -> 686.85
A11: ='MASTER PRICE LIST'!A63 -> CC-21TH-V12 | B11: ='MASTER PRICE LIST'!B63 -> 2021-24 Tahoe | 2021-24 Suburban 12" Vertical console | C11: ='MASTER PRICE LIST'!C63 -> 573 | D11: =C11-(C11*$D$1) -> 544.35
A13: Tahoe | Suburban Standard Vehicle-Specific Printer Consoles
A14: ='MASTER PRICE LIST'!A82 -> CC-21TH-1008OS-PRTR | B14: ='MASTER PRICE LIST'!$B$82 -> 2021-24 Tahoe | 2021-24 Suburban 18" Printer console w/ open storage; 10" slope, 8" level | C14: ='MASTER PRICE LIST'!C82 -> 1100 | D14: =C14-(C14*$D$1) -> 1045
A16: ='MASTER PRICE LIST'!B65 -> Tahoe | Suburban Wide-Body Vehicle-Specific Consoles
A17: ='MASTER PRICE LIST'!A66 -> CC-21TH-1008-OS | B17: ='MASTER PRICE LIST'!B66 -> 2021-24 Tahoe | 2021-24 Suburban 18" Wide body console w/ open storage; 10" slope, 8" level | C17: ='MASTER PRICE LIST'!C66 -> 836 | D17: =C17-(C17*$D$1) -> 794.2
A18: ='MASTER PRICE LIST'!A67 -> CC-21TH-1012-OS | B18: ='MASTER PRICE LIST'!B67 -> 2021-24 Tahoe | 2021-24 Suburban 22" Wide body console w/ open storage; 10" slope, 12" level | C18: ='MASTER PRICE LIST'!C67 -> 876 | D18: =C18-(C18*$D$1) -> 832.2
A19: ='MASTER PRICE LIST'!A68 -> CC-21TH-1015-OS | B19: ='MASTER PRICE LIST'!B68 -> 2021-24 Tahoe | 2021-24 Suburban 25" Wide body console w/ open storage; 10" slope, 15" level | C19: ='MASTER PRICE LIST'!C68 -> 910 | D19: =C19-(C19*$D$1) -> 864.5
A20: ='MASTER PRICE LIST'!A69 -> CC-21TH-1008-OS-L | B20: ='MASTER PRICE LIST'!B69 -> 2021-24 Tahoe | 2021-24 Suburban 18" Wide body console w/ lockable storage area, 10" slope, 8" level | C20: ='MASTER PRICE LIST'!C69 -> 1009 | D20: =C20-(C20*$D$1) -> 958.55
A22: Tahoe | Suburban Vehicle-Specific Consoles For Dash-Mount Electronics (Floor Mount Not Required)
A23: ='MASTER PRICE LIST'!A72 -> CC-21TH-0711-DM | B23: ='MASTER PRICE LIST'!B72 -> 2021-24 Tahoe | 2021-24 Suburban 18" dash-mount console 7" slope, 11" level, floor mount FM-21TH not required | C23: ='MASTER PRICE LIST'!C72 -> 640 | D23: =C23-(C23*$D$1) -> 608
A24: ='MASTER PRICE LIST'!A73 -> CC-21TH-0713-DM | B24: ='MASTER PRICE LIST'!B73 -> 2021-24 Tahoe | 2021-24 Suburban 20" dash-mount console 7" slope, 13" level, floor mount FM-21TH not required | C24: ='MASTER PRICE LIST'!C73 -> 664 | D24: =C24-(C24*$D$1) -> 630.8
A26: Tahoe | Suburban Vehicle-Specific Wide-Body Consoles for Dash-Mount Electronics (Floor Mount Not Required)
A27: ='MASTER PRICE LIST'!A76 -> CC-21TH-0711-OS-DM | B27: ='MASTER PRICE LIST'!B76 -> 2021-24 Tahoe | 2021-24 Suburban 18" Wide body console w/ open storage; 7" slope, 11" level | C27: ='MASTER PRICE LIST'!C76 -> 836 | D27: =C27-(C27*$D$1) -> 794.2
A28: ='MASTER PRICE LIST'!A77 -> CC-21TH-0713-OS-DM | B28: ='MASTER PRICE LIST'!B77 -> 2021-24 Tahoe | 2021-24 Suburban 20" Wide body console w/ open storage; 7" slope, 13" level | C28: ='MASTER PRICE LIST'!C77 -> 855 | D28: =C28-(C28*$D$1) -> 812.25
A29: ='MASTER PRICE LIST'!A78 -> CC-21TH-0715-OS-DM | B29: ='MASTER PRICE LIST'!B78 -> 2021-24 Tahoe | 2021-24 Suburban 22" Wide body console w/ open storage; 7" slope, 15" level (Works without partition) | C29: ='MASTER PRICE LIST'!C78 -> 876 | D29: =C29-(C29*$D$1) -> 832.2
A30: ='MASTER PRICE LIST'!A79 -> CC-21TH-0718-OS-DM | B30: ='MASTER PRICE LIST'!B79 -> 2021-24 Tahoe | 2021-24 Suburban 25" Wide body console w/ open storage; 7" slope, 18" level (Works without partition) | C30: ='MASTER PRICE LIST'!C79 -> 910 | D30: =C30-(C30*$D$1) -> 864.5
A32: ='MASTER PRICE LIST'!B84 -> Tahoe | Suburban Overhead Vehicle-Specific Console
A33: ='MASTER PRICE LIST'!A85 -> CC-21TH-OH-7 | B33: ='MASTER PRICE LIST'!B85 -> 2021-24 Tahoe | 2021-24 Suburban 7" Overhead console. Replaces OEM dome light module. Remote heads only. | C33: ='MASTER PRICE LIST'!C85 -> 356 | D33: =C33-(C33*$D$1) -> 338.2
A35: Open Storage Wide-Body Console Custom Parts
A36: ='MASTER PRICE LIST'!A306 -> KIT-CM-BL10-WALL-RAIL | B36: ='MASTER PRICE LIST'!B306 -> 2021-24 Tahoe | 2021-24 Suburban wide-body open-storage bulkhead wall and cover plate kit. Use when mounting computer to console side for stability. | C36: ='MASTER PRICE LIST'!C306 -> 107 | D36: =C36-(C36*$D$1) -> 101.65
A37: ='MASTER PRICE LIST'!A307 -> KIT-CM-BL10-RAIL | B37: ='MASTER PRICE LIST'!B307 -> 2021-24 Tahoe | 2021-24 Suburban cover plate and 10" FP rail set for wide-body printer console; CC-21TH-1008-OS-L. Use when mounting computer to console side for stability. | C37: ='MASTER PRICE LIST'!C307 -> 66 | D37: =C37-(C37*$D$1) -> 62.7
A39: Console Accessories
A40: ='MASTER PRICE LIST'!A235 -> AC-CCHY-BH | B40: ='MASTER PRICE LIST'!B235 -> 4" Durable high-impact polymer internal dual beverage holder; includes a larger size cup holder, for size water bottles or tumblers 18-32oz along with a standard size holder. | C40: ='MASTER PRICE LIST'!C235 -> 45 | D40: =C40-(C40*$D$1) -> 42.75
A41: ='MASTER PRICE LIST'!A238 -> AC-INBHG | B41: ='MASTER PRICE LIST'!B238 -> 4" internal dual beverage holder. Includes rubber fingers to keep cup stabilized. | C41: ='MASTER PRICE LIST'!C238 -> 64 | D41: =C41-(C41*$D$1) -> 60.8
A42: ='MASTER PRICE LIST'!A246 -> FP-SGTRAY | B42: ='MASTER PRICE LIST'!B246 -> 4" face plate shallow tray w/sloped floor; holds smartphone, keys, wallet, sunglasses, etc. 1.75" H. | C42: ='MASTER PRICE LIST'!C246 -> 50 | D42: =C42-(C42*$D$1) -> 47.5
A43: ='MASTER PRICE LIST'!A245 -> AC-TICK-2 | B43: ='MASTER PRICE LIST'!B245 -> 3" face plate shallow tray; holds smartphone, keys, wallet, sunglasses, etc. 2" H. | C43: ='MASTER PRICE LIST'!C245 -> 53 | D43: =C43-(C43*$D$1) -> 50.35
A44: ='MASTER PRICE LIST'!A219 -> AC-TB-ARMMNT-58 | B44: ='MASTER PRICE LIST'!B219 -> Console mounted height adjustable arm rest w/ 5x8 pad. | C44: ='MASTER PRICE LIST'!C219 -> 213 | D44: =C44-(C44*$D$1) -> 202.35
A45: ='MASTER PRICE LIST'!A220 -> AC-TB-ARMMNT-XL | B45: ='MASTER PRICE LIST'!B220 -> Console mounted height adjustable arm rest w/5x10 pad. | C45: ='MASTER PRICE LIST'!C220 -> 224 | D45: =C45-(C45*$D$1) -> 212.8
A46: ='MASTER PRICE LIST'!A223 -> AC-SIDEARM-6 | B46: ='MASTER PRICE LIST'!B223 -> 6" x 2" leather arm pad on 5" tall L bracket. Bolts to console side or rear. | C46: ='MASTER PRICE LIST'!C223 -> 116 | D46: =C46-(C46*$D$1) -> 110.2
A47: ='MASTER PRICE LIST'!A224 -> AC-SIDEARM-9 | B47: ='MASTER PRICE LIST'!B224 -> 9" x 3" molded foam arm pad on 5" tall L bracket. Bolts to console side or rear. | C47: ='MASTER PRICE LIST'!C224 -> 147 | D47: =C47-(C47*$D$1) -> 139.65
A49: Electronics Face Plates
A50: ='MASTER PRICE LIST'!A554 -> FP-21TH-USBDC | B50: ='MASTER PRICE LIST'!B554 -> 2" face plate pre-punched w/ holes to fit Tahoe OEM USB & 1 DC outlet | C50: ='MASTER PRICE LIST'!C554 -> 33 | D50: =C50-(C50*$D$1) -> 31.35
A51: ='MASTER PRICE LIST'!A336 -> FP-USBC-2DC | B51: ='MASTER PRICE LIST'!B336 -> 2" face plate combo USB-C /USB port and (2) DC outlets | C51: ='MASTER PRICE LIST'!C336 -> 90 | D51: =C51-(C51*$D$1) -> 85.5
A52: ='MASTER PRICE LIST'!A339 -> FP-AP12-3 | B52: ='MASTER PRICE LIST'!B339 -> 2" face plate w/ (3) DC outlet holes | C52: ='MASTER PRICE LIST'!C339 -> 32 | D52: =C52-(C52*$D$1) -> 30.4
A53: ='MASTER PRICE LIST'!A329 -> L3-AP1SET | B53: ='MASTER PRICE LIST'!B329 -> 12 Volt DC power outlet plug w/black captured cap | C53: ='MASTER PRICE LIST'!C329 -> 15 | D53: =C53-(C53*$D$1) -> 14.25
A55: Mic Clip Choices
A56: ='MASTER PRICE LIST'!A311 -> AC-MCM1 | B56: ='MASTER PRICE LIST'!B311 -> Dog-ear type microphone clip plate and clip assembly | C56: ='MASTER PRICE LIST'!C311 -> 19 | D56: =C56-(C56*$D$1) -> 18.05
A57: ='MASTER PRICE LIST'!A313 -> AC-MIC-Z-FPI | B57: ='MASTER PRICE LIST'!B313 -> Height adjustable, no-holes-drilled L-slot microphone clip plate assembly | C57: ='MASTER PRICE LIST'!C313 -> 33 | D57: =C57-(C57*$D$1) -> 31.35
A58: ='MASTER PRICE LIST'!A317 -> AC-MAG-MIC | B58: ='MASTER PRICE LIST'!B317 -> Magnetic Mic holder quickly guides the microphone into place | C58: ='MASTER PRICE LIST'!C317 -> 67 | D58: =C58-(C58*$D$1) -> 63.65
A60: All-New Phone Mounts
A61: ='MASTER PRICE LIST'!A320 -> AC-PHMAG | B61: ='MASTER PRICE LIST'!B320 -> Magnetic phone mount; includes (2) mounting disc and (2) device plates | C61: ='MASTER PRICE LIST'!C320 -> 85 | D61: =C61-(C61*$D$1) -> 80.75
A62: ='MASTER PRICE LIST'!A321 -> AC-PHMNT-MAG | B62: ='MASTER PRICE LIST'!B321 -> Cradle magnetic phone mount; includes (2) mounting disc | C62: ='MASTER PRICE LIST'!C321 -> 109 | D62: =C62-(C62*$D$1) -> 103.55
A63: ='MASTER PRICE LIST'!A322 -> FP-PHNMNT | B63: ='MASTER PRICE LIST'!B322 -> 2" face plate w/phone cradle and mount; (1) USB-C 4 amp and USB 3 amp port | C63: ='MASTER PRICE LIST'!C322 -> 200 | D63: =C63-(C63*$D$1) -> 190
A65: File/Map Boxes
A66: ='MASTER PRICE LIST'!A282 -> AC-FHDFB | B66: ='MASTER PRICE LIST'!B282 -> External map book lidded storage box; dims 13.25" W x 13.8" L x 11" H Includes leather pad AC-FHDPAD | C66: ='MASTER PRICE LIST'!C282 -> 429 | D66: =C66-(C66*$D$1) -> 407.55
A67: ='MASTER PRICE LIST'!A273 -> AC-MAPFILE | B67: ='MASTER PRICE LIST'!B273 -> External lidded box for map books Dims 10.8" W x 13.25" L x 10.6" H Non-locking | C67: ='MASTER PRICE LIST'!C273 -> 399 | D67: =C67-(C67*$D$1) -> 379.05
A68: ='MASTER PRICE LIST'!A267 -> AC-FILEBOX | B68: ='MASTER PRICE LIST'!B267 -> External lidded box for letter size Penda flex hanging folders Dims 8.86" W x 13.25" L x 10.8" H | C68: ='MASTER PRICE LIST'!C267 -> 353 | D68: =C68-(C68*$D$1) -> 335.35
A70: COMPUTER MOUNTS
A71: Passenger-Seat Computer Mounts (Passenger space is not compromised)
A72: ='MASTER PRICE LIST'!A628 -> CM-21TH-SA-C | B72: ='MASTER PRICE LIST'!B628 -> 2021-24 Tahoe | 2021-24 Suburban passenger seat mnt w/swing arm & mount for dock | C72: ='MASTER PRICE LIST'!C628 -> 837 | D72: =C72-(C72*$D$1) -> 795.15
A73: ='MASTER PRICE LIST'!A629 -> CM-21TH-SA-LT17 | B73: ='MASTER PRICE LIST'!B629 -> 2021-24 Tahoe | 2021-24 Suburban passenger seat mnt w/swing arm and laptop tray up to 17" wide | C73: ='MASTER PRICE LIST'!C629 -> 877 | D73: =C73-(C73*$D$1) -> 833.15
A74: ='MASTER PRICE LIST'!A630 -> CM-21TH-SA-LT16 | B74: ='MASTER PRICE LIST'!B630 -> 2021-24 Tahoe | 2021-24 Suburban passenger seat mnt w/swing arm and laptop tray up to 15" wide. Includes CM-LT1600. | C74: ='MASTER PRICE LIST'!C630 -> 927 | D74: =C74-(C74*$D$1) -> 880.65
A75: ='MASTER PRICE LIST'!A631 -> CM-21TH-SL-C | B75: ='MASTER PRICE LIST'!B631 -> 2021-24 Tahoe | 2021-24 Suburban passenger seat mnt w/slide arm for dock | C75: ='MASTER PRICE LIST'!C631 -> 911 | D75: =C75-(C75*$D$1) -> 865.45
A76: ='MASTER PRICE LIST'!A632 -> CM-21TH-SL-LT17 | B76: ='MASTER PRICE LIST'!B632 -> 2021-24 Tahoe | 2021-24 Suburban passenger seat mnt w/slide arm and laptop tray up to 17" wide | C76: ='MASTER PRICE LIST'!C632 -> 1009 | D76: =C76-(C76*$D$1) -> 958.55
A77: ='MASTER PRICE LIST'!A633 -> CM-21TH-SL-LT16 | B77: ='MASTER PRICE LIST'!B633 -> 2021-24 Tahoe | 2021-24 Suburban passenger seat mnt w/slide arm and laptop tray up to 15" wide. Includes CM-LT1600. | C77: ='MASTER PRICE LIST'!C633 -> 1059 | D77: =C77-(C77*$D$1) -> 1006.05
A79: Computer Mounts, Console-Side Mounted Designs
A80: ='MASTER PRICE LIST'!A664 -> CM-SDMT-SA-LED | B80: ='MASTER PRICE LIST'!B664 -> Console side ht. adj. mount w/swing arm for docking station | C80: ='MASTER PRICE LIST'!C664 -> 429 | D80: =C80-(C80*$D$1) -> 407.55
A81: ='MASTER PRICE LIST'!A665 -> CM-SDMT-SA-LT17 | B81: ='MASTER PRICE LIST'!B665 -> Console side ht. adj. mount w/swing arm and laptop tray up to 17" wide | C81: ='MASTER PRICE LIST'!C665 -> 559 | D81: =C81-(C81*$D$1) -> 531.05
A82: ='MASTER PRICE LIST'!A666 -> CM-SDMT-SA-LT16 | B82: ='MASTER PRICE LIST'!B666 -> Console side ht. adj. mount w/swing arm and laptop tray up to 15" wide. Includes CM-LT1600. | C82: ='MASTER PRICE LIST'!C666 -> 609 | D82: =C82-(C82*$D$1) -> 578.55
A83: ='MASTER PRICE LIST'!A667 -> CM-SDMT-SL-LED | B83: ='MASTER PRICE LIST'!B667 -> Console side ht. adj. mount w/slide arm for docking station | C83: ='MASTER PRICE LIST'!C667 -> 589 | D83: =C83-(C83*$D$1) -> 559.55
A84: ='MASTER PRICE LIST'!A668 -> CM-SDMT-SL-LT17 | B84: ='MASTER PRICE LIST'!B668 -> Console side ht. adj. mount w/slide arm and laptop tray up to 17" wide | C84: ='MASTER PRICE LIST'!C668 -> 727 | D84: =C84-(C84*$D$1) -> 690.65
A85: ='MASTER PRICE LIST'!A669 -> CM-SDMT-SL-LT16 | B85: ='MASTER PRICE LIST'!B669 -> Console side ht. adj. mount w/slide arm and laptop tray up to 15" wide. Includes CM-LT1600. | C85: ='MASTER PRICE LIST'!C669 -> 777 | D85: =C85-(C85*$D$1) -> 738.15
B87: Laptop Tray Accessories
A88: ='MASTER PRICE LIST'!A593 -> AC-LT-SCR | B88: ='MASTER PRICE LIST'!B593 -> Laptop screen holder; compatible w/ TROY laptop trays | C88: ='MASTER PRICE LIST'!C593 -> 92 | D88: =C88-(C88*$D$1) -> 87.4
A89: ='MASTER PRICE LIST'!A594 -> AC-LT13-CLAMP | B89: ='MASTER PRICE LIST'!B594 -> Laptop tray finger clamp, vinyl cap | C89: ='MASTER PRICE LIST'!C594 -> 12 | D89: =C89-(C89*$D$1) -> 11.4
A91: Weapon Mount Kits: Single / Dual
B92: ='MASTER PRICE LIST'!B704 -> Single Weapon Mount Kits
A93: ='MASTER PRICE LIST'!A705 -> KT-GM-SGL-SC6 | B93: ='MASTER PRICE LIST'!B705 -> Single weapon mount w/SC6 lock and brackets | C93: ='MASTER PRICE LIST'!C705 -> 455 | D93: =C93-(C93*$D$1) -> 432.25
A94: ='MASTER PRICE LIST'!A706 -> KT-GM-SGL-SC1 | B94: ='MASTER PRICE LIST'!B706 -> Single weapon mount w/SC1 lock and brackets | C94: ='MASTER PRICE LIST'!C706 -> 379 | D94: =C94-(C94*$D$1) -> 360.05
A95: ='MASTER PRICE LIST'!A707 -> KT-GM-SGL-SC1AR | B95: ='MASTER PRICE LIST'!B707 -> Single weapon mount w/SC1/AR AR15 lock, No. 2 key and brackets | C95: ='MASTER PRICE LIST'!C707 -> 419 | D95: =C95-(C95*$D$1) -> 398.05
B97: ='MASTER PRICE LIST'!B708 -> Dual Weapon Mount Kits
A98: ='MASTER PRICE LIST'!A709 -> KT-GM-SGRF-SC6-1 | B98: ='MASTER PRICE LIST'!B709 -> Dual weapon mount w/ SC6 lock, SC1 shotgun lock with No. 2 key and brackets | C98: ='MASTER PRICE LIST'!C709 -> 701 | D98: =C98-(C98*$D$1) -> 665.95
A99: ='MASTER PRICE LIST'!A710 -> KT-GM-SGRF-SC6-1AR | B99: ='MASTER PRICE LIST'!B710 -> Dual weapon mount w/SC6 lock, SC1/AR AR15 lock with No. 2 Key and brackets | C99: ='MASTER PRICE LIST'!C710 -> 741 | D99: =C99-(C99*$D$1) -> 703.95
A100: ='MASTER PRICE LIST'!A711 -> KT-GM-SGRF-SC1-1AR | B100: ='MASTER PRICE LIST'!B711 -> Dual weapon mount w/SC1 shotgun lock, SC1/AR AR15 lock with No. 2 Key and brackets | C100: ='MASTER PRICE LIST'!C711 -> 665 | D100: =C100-(C100*$D$1) -> 631.75
B102: Free Standing Weapon Mounts, Single & Dual Designs (Locks sold separately)
A103: ='MASTER PRICE LIST'!A720 -> GM-21TH-SGL | B103: ='MASTER PRICE LIST'!B720 -> 2021-24 Tahoe | 2021-24 Suburban free standing single weapon mount. Weapon locks sold separately. | C103: ='MASTER PRICE LIST'!C720 -> 400 | D103: =C103-(C103*$D$1) -> 380
A104: ='MASTER PRICE LIST'!A721 -> GM-21TH-SGRF | B104: ='MASTER PRICE LIST'!B721 -> 2021-24 Tahoe | 2021-24 Suburban free standing dual weapon mount. Weapon locks sold separately. | C104: ='MASTER PRICE LIST'!C721 -> 520 | D104: =C104-(C104*$D$1) -> 494
B106: Single-Cell Universal Weapon Mount (Locks sold separately)
A107: ='MASTER PRICE LIST'!A724 -> GM-SGRF-SC | B107: ='MASTER PRICE LIST'!B724 -> Universal dual weapon mount for single-cell Ford PIU, F150 and Tahoe | C107: ='MASTER PRICE LIST'!C724 -> 387 | D107: =C107-(C107*$D$1) -> 367.65
A108: ='MASTER PRICE LIST'!A725 -> GM-SGL-SC | B108: ='MASTER PRICE LIST'!B725 -> Universal single weapon mount for single-cell Ford PIU, F150 and Tahoe | C108: ='MASTER PRICE LIST'!C725 -> 347 | D108: =C108-(C108*$D$1) -> 329.65
A110: Tahoe | Suburban Partition Kits; Include FS Partition, Partition Mounting Kit and 3 pc. Kick Panel
A111: ='MASTER PRICE LIST'!A871 -> KIT-TP-SL6-21TH-SS | B111: ='MASTER PRICE LIST'!B871 -> 2021-24 Tahoe | 2021-24 Suburban FS Partition Kit (TP-E-SL6-FS-SS, PM-21TH, KP-21TH-SS) | C111: ='MASTER PRICE LIST'!C871 -> 1315 | D111: =C111-(C111*$D$1) -> 1249.25
A112: ='MASTER PRICE LIST'!A872 -> KIT-TP-SL1-21TH-SS | B112: ='MASTER PRICE LIST'!B872 -> 2021-24 Tahoe | 2021-24 Suburban FS Partition Kit (TP-E-SL1-FS-SS, PM-21TH, KP-21TH-SS) | C112: ='MASTER PRICE LIST'!C872 -> 1327 | D112: =C112-(C112*$D$1) -> 1260.65
A114: Tahoe | Suburban Partition Kits; Include Bent-Frame Partition, Partition Mounting Kit and 3 pc. Kick Panel
A115: ='MASTER PRICE LIST'!A875 -> KIT-TP-SM6-21TH-SS | B115: ='MASTER PRICE LIST'!B875 -> 2021-24 Tahoe | 2021-24 Suburban Bent Frame Partition Kit (TP-E-SM6-FS-SS, PM-21TH-BF, KP-21TH-BF-SS) | C115: ='MASTER PRICE LIST'!C875 -> 1475 | D115: =C115-(C115*$D$1) -> 1401.25
A116: ='MASTER PRICE LIST'!A876 -> KIT-TP-SM1-21TH-SS | B116: ='MASTER PRICE LIST'!B876 -> 2021-24 Tahoe | 2021-24 Suburban Bent Frame Partition Kit (TP-E-SM1-FS-SS, PM-21TH-BF, KP-21TH-BF-SS) | C116: ='MASTER PRICE LIST'!C876 -> 1475 | D116: =C116-(C116*$D$1) -> 1401.25
A118: Partitions: Full Size; Standard Frame
B119: ='MASTER PRICE LIST'!B751 -> Sliding Window Models
A120: ='MASTER PRICE LIST'!A782 -> TP-E-SL1-FS-SS | B120: ='MASTER PRICE LIST'!B782 -> Full size Recessed Panel; Sliding window; Vertical bar | C120: ='MASTER PRICE LIST'!C782 -> 1073 | D120: =C120-(C120*$D$1) -> 1019.35
A121: ='MASTER PRICE LIST'!A783 -> TP-E-SL6-FS-SS | B121: ='MASTER PRICE LIST'!B783 -> Full size Recessed Panel; Sliding window; Square hole punched | C121: ='MASTER PRICE LIST'!C783 -> 1060 | D121: =C121-(C121*$D$1) -> 1007
B122: Standard Mounting Kit & Kick Panels for Standard Frame Partitions
A123: ='MASTER PRICE LIST'!A858 -> PM-21TH | B123: ='MASTER PRICE LIST'!B858 -> 2021-24 Tahoe | 2021-24 Suburban | 2022-24 Chevy Silverado 1500 partition mount. Extra seat-back recline. 100% seat slide. | C123: ='MASTER PRICE LIST'!C858 -> 353 | D123: =C123-(C123*$D$1) -> 335.35
...

Sheet 2019-24 CHEVY SILVERADO 1500
A1: TOC | B1: 2019 - 2024 CHEVY SILVERADO 1500 PRICE LIST | D1: 0.05
A2: TROY PART # | B2: ITEM DESCRIPTION | C2: MSRP | D2: DISCOUNT %
A4: Push Bumper Kit with Solid Top Channel Cover
A5: ='MASTER PRICE LIST'!A1592 -> PB-19S1-UPRS | B5: ='MASTER PRICE LIST'!B1592 -> 2019-24 Chevy Silverado 1500 Upright with mounting kit and solid top channel cover | C5: ='MASTER PRICE LIST'!C1592 -> 870 | D5: =C5-(C5*$D$1) -> 826.5
A7: Push Bumper Kit with Option of 2 or 4 Top Light Channel Bracket
A8: ='MASTER PRICE LIST'!A1615 -> PB-19S1-UPRLRG-LT2 | B8: ='MASTER PRICE LIST'!B1615 -> 2019-24 Chevy Silverado 1500 Upright with mounting kit, wire covers and two (2) light channel bracket; provide brand and model of lights | C8: ='MASTER PRICE LIST'!C1615 -> 900 | D8: =C8-(C8*$D$1) -> 855
A9: ='MASTER PRICE LIST'!A1616 -> PB-19S1-UPRLRG-LT4 | B9: ='MASTER PRICE LIST'!B1616 -> 2019-24 Chevy Silverado 1500 Upright with mounting kit, wire covers and four (4) light channel bracket; provide brand and model of lights | C9: ='MASTER PRICE LIST'!C1616 -> 900 | D9: =C9-(C9*$D$1) -> 855
B10: * For emergency lighting brackets; please specify lighting brand, model and the number of lights to be mounted.*
A12: Console Floor Plates | B12: Always indicate year, make and model on your console purchase orders. For universal consoles only.
A13: ='MASTER PRICE LIST'!A192 -> AC-CHV19-MNT | B13: ='MASTER PRICE LIST'!B192 -> 2019-24 Silverado 1500 | 2020-22 Silverado 2500 console floor mount. Works with wide-body and standard width consoles. | C13: ='MASTER PRICE LIST'!C192 -> 213 | D13: =C13-(C13*$D$1) -> 202.35
A15: 2021-24 Silverado 1500 Wide-Body Console Vehicle-Specific (Cannot be transferred to other vehicles)
A16: ='MASTER PRICE LIST'!A91 -> CC-22S1-0713-OS | B16: ='MASTER PRICE LIST'!B91 -> 2021-24 Chevy Silverado 1500 20" wide-body console; open storage along passenger side; 7" slope, 13" level (no floor plate needed, mounts directly to floor) | C16: ='MASTER PRICE LIST'!C91 -> 950 | D16: =C16-(C16*$D$1) -> 902.5
A18: 2021-24 Silverado 1500 Wide-Body Console Printer Console (Cannot be transferred to other vehicles)
A19: ='MASTER PRICE LIST'!A95 -> CC-22S1-0713-PRTR | B19: ='MASTER PRICE LIST'!B95 -> 2021-24 Chevy Silverado 1500 20" Printer console 7" slope, 13" level. Open storage on the slope section of pass. side - Special cover plate and rails sold separately; AC-RAIL-7-LA and SP-F-TH-7N (recommended with computer side mount) | C19: ='MASTER PRICE LIST'!C95 -> 1150 | D19: =C19-(C19*$D$1) -> 1092.5
A21: Open Storage Wide-Body Console Custom Parts
A22: ='MASTER PRICE LIST'!A308 -> KIT-CM-BL7-RAIL | B22: ='MASTER PRICE LIST'!B308 -> 2021-24 Silverado cover plate and 7"FP rail set for wide-body printer console; CC-22S1-0713OS-PRTR. Use when mounting computer to console side for stability. | C22: ='MASTER PRICE LIST'!C308 -> 63 | D22: =C22-(C22*$D$1) -> 59.85
A24: Silverado Wide-Body Consoles (Can be transferred to other trucks)
A25: ='MASTER PRICE LIST'!A153 -> CC-WBOS-16 | B25: ='MASTER PRICE LIST'!B153 -> Universal SUV/truck 16" Wide-body open-storage console; 8" slope, 8" level. | C25: ='MASTER PRICE LIST'!C153 -> 794 | D25: =C25-(C25*$D$1) -> 754.3
A26: ='MASTER PRICE LIST'!A154 -> CC-WBOS-20 | B26: ='MASTER PRICE LIST'!B154 -> Universal SUV/truck 20" Wide-body open-storage console; 8" slope, 12" level. | C26: ='MASTER PRICE LIST'!C154 -> 815 | D26: =C26-(C26*$D$1) -> 774.25
A27: ='MASTER PRICE LIST'!A156 -> CC-WBOS-25 | B27: ='MASTER PRICE LIST'!B156 -> Universal SUV/truck 25" Wide-body open-storage console; 8" slope, 17" level. | C27: ='MASTER PRICE LIST'!C156 -> 840 | D27: =C27-(C27*$D$1) -> 798
A28: ='MASTER PRICE LIST'!A157 -> CC-WBOS-25-LP | B28: ='MASTER PRICE LIST'!B157 -> Universal SUV/truck 25" Low profile wide-body open-storage console; 8" slope, 17" level. 2" shorter in height. | C28: ='MASTER PRICE LIST'!C157 -> 827 | D28: =C28-(C28*$D$1) -> 785.65
A30: ='MASTER PRICE LIST'!B147 -> Universal Wide-Body Consoles for Large SUVs/Trucks
A31: ='MASTER PRICE LIST'!A148 -> CC-HDWB-20 | B31: ='MASTER PRICE LIST'!B148 -> Universal SUV/truck 20" wide-body console; 8" slope, 12" level. No open storage. Face plates centered. | C31: ='MASTER PRICE LIST'!C148 -> 789 | D31: =C31-(C31*$D$1) -> 749.55
A32: ='MASTER PRICE LIST'!A149 -> CC-HDWB-25 | B32: ='MASTER PRICE LIST'!B149 -> Universal SUV/truck 25" wide-body console; 8" slope, 17" level. No open storage. Face plates centered. | C32: ='MASTER PRICE LIST'!C149 -> 815 | D32: =C32-(C32*$D$1) -> 774.25
A34: ='MASTER PRICE LIST'!B170 -> Universal MC Console Line, Tall-Profile, Works in many different sedans, SUVs, trucks and vans
A35: ='MASTER PRICE LIST'!A172 -> CC-MC-18 | B35: ='MASTER PRICE LIST'!B172 -> Universal MC 18" L-shape console; 7" slope, 11" level. | C35: ='MASTER PRICE LIST'!C172 -> 587 | D35: =C35-(C35*$D$1) -> 557.65
A36: ='MASTER PRICE LIST'!A174 -> CC-MC-25 | B36: ='MASTER PRICE LIST'!B174 -> Universal MC 25" L-shape console; 7" slope, 18" level. | C36: ='MASTER PRICE LIST'!C174 -> 661 | D36: =C36-(C36*$D$1) -> 627.95
A38: ='MASTER PRICE LIST'!B97 -> Chevy Silverado 1500 Overhead Console
A39: ='MASTER PRICE LIST'!A98 -> CC-OH-CHV19 | B39: ='MASTER PRICE LIST'!B98 -> 2019-24 Silverado overhead console with option to mount 3" or 4" faceplate; Includes 4" and 3" FP rails | C39: ='MASTER PRICE LIST'!C98 -> 338 | D39: =C39-(C39*$D$1) -> 321.1
A41: Popular Internal Console Accessories
A42: ='MASTER PRICE LIST'!A235 -> AC-CCHY-BH | B42: ='MASTER PRICE LIST'!B235 -> 4" Durable high-impact polymer internal dual beverage holder; includes a larger size cup holder, for size water bottles or tumblers 18-32oz along with a standard size holder. | C42: ='MASTER PRICE LIST'!C235 -> 45 | D42: =C42-(C42*$D$1) -> 42.75
A43: ='MASTER PRICE LIST'!A238 -> AC-INBHG | B43: ='MASTER PRICE LIST'!B238 -> 4" internal dual beverage holder. Includes rubber fingers to keep cup stabilized. | C43: ='MASTER PRICE LIST'!C238 -> 64 | D43: =C43-(C43*$D$1) -> 60.8
A44: ='MASTER PRICE LIST'!A245 -> AC-TICK-2 | B44: ='MASTER PRICE LIST'!B245 -> 3" face plate shallow tray; holds smartphone, keys, wallet, sunglasses, etc. 2" H. | C44: ='MASTER PRICE LIST'!C245 -> 53 | D44: =C44-(C44*$D$1) -> 50.35
A45: ='MASTER PRICE LIST'!A246 -> FP-SGTRAY | B45: ='MASTER PRICE LIST'!B246 -> 4" face plate shallow tray w/sloped floor; holds smartphone, keys, wallet, sunglasses, etc. 1.75" H. | C45: ='MASTER PRICE LIST'!C246 -> 50 | D45: =C45-(C45*$D$1) -> 47.5
A46: ='MASTER PRICE LIST'!A250 -> AC-GUNBOX-6-LP | B46: ='MASTER PRICE LIST'!B250 -> 6" internal lidded locking low-profile internal storage box (may not accommodate handgun) 3.6" H. | C46: ='MASTER PRICE LIST'!C250 -> 173 | D46: =C46-(C46*$D$1) -> 164.35
A47: ='MASTER PRICE LIST'!A251 -> AC-GUNBOX-LP | B47: ='MASTER PRICE LIST'!B251 -> 8" internal lidded locking low-profile storage box (might accommodate handgun) 3.6" H. | C47: ='MASTER PRICE LIST'!C251 -> 194 | D47: =C47-(C47*$D$1) -> 184.3
A49: Electronics Face Plates
A50: ='MASTER PRICE LIST'!A336 -> FP-USBC-2DC | B50: ='MASTER PRICE LIST'!B336 -> 2" face plate combo USB-C /USB port and (2) DC outlets | C50: ='MASTER PRICE LIST'!C336 -> 90 | D50: =C50-(C50*$D$1) -> 85.5
A51: ='MASTER PRICE LIST'!A339 -> FP-AP12-3 | B51: ='MASTER PRICE LIST'!B339 -> 2" face plate w/ (3) DC outlet holes | C51: ='MASTER PRICE LIST'!C339 -> 32 | D51: =C51-(C51*$D$1) -> 30.4
A52: ='MASTER PRICE LIST'!A329 -> L3-AP1SET | B52: ='MASTER PRICE LIST'!B329 -> 12 Volt DC power outlet plug w/black captured cap | C52: ='MASTER PRICE LIST'!C329 -> 15 | D52: =C52-(C52*$D$1) -> 14.25
A54: Mic Clip Choices
A55: ='MASTER PRICE LIST'!A311 -> AC-MCM1 | B55: ='MASTER PRICE LIST'!B311 -> Dog-ear type microphone clip plate and clip assembly | C55: ='MASTER PRICE LIST'!C311 -> 19 | D55: =C55-(C55*$D$1) -> 18.05
A56: ='MASTER PRICE LIST'!A313 -> AC-MIC-Z-FPI | B56: ='MASTER PRICE LIST'!B313 -> Height adjustable, no-holes-drilled L-slot microphone clip plate assembly | C56: ='MASTER PRICE LIST'!C313 -> 33 | D56: =C56-(C56*$D$1) -> 31.35
A57: ='MASTER PRICE LIST'!A317 -> AC-MAG-MIC | B57: ='MASTER PRICE LIST'!B317 -> Magnetic Mic holder quickly guides the microphone into place | C57: ='MASTER PRICE LIST'!C317 -> 67 | D57: =C57-(C57*$D$1) -> 63.65
A59: File/Map Boxes
A60: ='MASTER PRICE LIST'!A282 -> AC-FHDFB | B60: ='MASTER PRICE LIST'!B282 -> External map book lidded storage box; dims 13.25" W x 13.8" L x 11" H Includes leather pad AC-FHDPAD | C60: ='MASTER PRICE LIST'!C282 -> 429 | D60: =C60-(C60*$D$1) -> 407.55
A61: ='MASTER PRICE LIST'!A273 -> AC-MAPFILE | B61: ='MASTER PRICE LIST'!B273 -> External lidded box for map books Dims 10.8" W x 13.25" L x 10.6" H Non-locking | C61: ='MASTER PRICE LIST'!C273 -> 399 | D61: =C61-(C61*$D$1) -> 379.05
A62: ='MASTER PRICE LIST'!A267 -> AC-FILEBOX | B62: ='MASTER PRICE LIST'!B267 -> External lidded box for letter size Penda flex hanging folders Dims 8.86" W x 13.25" L x 10.8" H | C62: ='MASTER PRICE LIST'!C267 -> 353 | D62: =C62-(C62*$D$1) -> 335.35
A64: All-New Phone Mounts
A65: ='MASTER PRICE LIST'!A320 -> AC-PHMAG | B65: ='MASTER PRICE LIST'!B320 -> Magnetic phone mount; includes (2) mounting disc and (2) device plates | C65: ='MASTER PRICE LIST'!C320 -> 85 | D65: =C65-(C65*$D$1) -> 80.75
A66: ='MASTER PRICE LIST'!A321 -> AC-PHMNT-MAG | B66: ='MASTER PRICE LIST'!B321 -> Cradle magnetic phone mount; includes (2) mounting disc | C66: ='MASTER PRICE LIST'!C321 -> 109 | D66: =C66-(C66*$D$1) -> 103.55
A67: ='MASTER PRICE LIST'!A322 -> FP-PHNMNT | B67: ='MASTER PRICE LIST'!B322 -> 2" face plate w/phone cradle and mount; (1) USB-C 4 amp and USB 3 amp port | C67: ='MASTER PRICE LIST'!C322 -> 200 | D67: =C67-(C67*$D$1) -> 190
A69: COMPUTER MOUNTS
A70: Passenger-Seat Computer Mounts (Passenger space is not compromised)
A71: ='MASTER PRICE LIST'!A636 -> CM-CHV19-SA-LED | B71: ='MASTER PRICE LIST'!B636 -> 2019-24 Silverado passenger seat mnt w/swing arm and docking station mount | C71: ='MASTER PRICE LIST'!C636 -> 613 | D71: =C71-(C71*$D$1) -> 582.35
A72: ='MASTER PRICE LIST'!A637 -> CM-CHV19-SA-LT17 | B72: ='MASTER PRICE LIST'!B637 -> 20219-24 Silverado passenger seat mnt w/swing arm and laptop tray up to 17" wide | C72: ='MASTER PRICE LIST'!C637 -> 863 | D72: =C72-(C72*$D$1) -> 819.85
A73: ='MASTER PRICE LIST'!A638 -> CM-CHV19-SA-LT16 | B73: ='MASTER PRICE LIST'!B638 -> 2019-24 Silverado passenger seat mnt w/swing arm and laptop tray up to 15" wide. Includes CM-LT1600. | C73: ='MASTER PRICE LIST'!C638 -> 913 | D73: =C73-(C73*$D$1) -> 867.35
A74: ='MASTER PRICE LIST'!A639 -> CM-CHV19-SL-LT17 | B74: ='MASTER PRICE LIST'!B639 -> 2019-24 Silverado Ht. adjustable seat mnt w/slide arm and laptop tray up to 17" wide | C74: ='MASTER PRICE LIST'!C639 -> 1067 | D74: =C74-(C74*$D$1) -> 1013.65
A75: ='MASTER PRICE LIST'!A640 -> CM-CHV19-SL-LT16 | B75: ='MASTER PRICE LIST'!B640 -> 2019-24 Silverado - Ht. adjustable seat mnt w/slide arm and laptop tray up to 15" wide. Includes CM-LT1600. | C75: ='MASTER PRICE LIST'!C640 -> 1117 | D75: =C75-(C75*$D$1) -> 1061.15
A76: ='MASTER PRICE LIST'!A641 -> CM-CHV19-SL-LED | B76: ='MASTER PRICE LIST'!B641 -> 2019-24 Silverado passenger seat mnt w/sliding arm and docking station mount | C76: ='MASTER PRICE LIST'!C641 -> 817 | D76: =C76-(C76*$D$1) -> 776.15
A78: Computer Mounts, Console-Side Mounted Designs
A79: ='MASTER PRICE LIST'!A664 -> CM-SDMT-SA-LED | B79: ='MASTER PRICE LIST'!B664 -> Console side ht. adj. mount w/swing arm for docking station | C79: ='MASTER PRICE LIST'!C664 -> 429 | D79: =C79-(C79*$D$1) -> 407.55
A80: ='MASTER PRICE LIST'!A665 -> CM-SDMT-SA-LT17 | B80: ='MASTER PRICE LIST'!B665 -> Console side ht. adj. mount w/swing arm and laptop tray up to 17" wide | C80: ='MASTER PRICE LIST'!C665 -> 559 | D80: =C80-(C80*$D$1) -> 531.05
A81: ='MASTER PRICE LIST'!A666 -> CM-SDMT-SA-LT16 | B81: ='MASTER PRICE LIST'!B666 -> Console side ht. adj. mount w/swing arm and laptop tray up to 15" wide. Includes CM-LT1600. | C81: ='MASTER PRICE LIST'!C666 -> 609 | D81: =C81-(C81*$D$1) -> 578.55
A82: ='MASTER PRICE LIST'!A667 -> CM-SDMT-SL-LED | B82: ='MASTER PRICE LIST'!B667 -> Console side ht. adj. mount w/slide arm for docking station | C82: ='MASTER PRICE LIST'!C667 -> 589 | D82: =C82-(C82*$D$1) -> 559.55
A83: ='MASTER PRICE LIST'!A668 -> CM-SDMT-SL-LT17 | B83: ='MASTER PRICE LIST'!B668 -> Console side ht. adj. mount w/slide arm and laptop tray up to 17" wide | C83: ='MASTER PRICE LIST'!C668 -> 727 | D83: =C83-(C83*$D$1) -> 690.65
A84: ='MASTER PRICE LIST'!A669 -> CM-SDMT-SL-LT16 | B84: ='MASTER PRICE LIST'!B669 -> Console side ht. adj. mount w/slide arm and laptop tray up to 15" wide. Includes CM-LT1600. | C84: ='MASTER PRICE LIST'!C669 -> 777 | D84: =C84-(C84*$D$1) -> 738.15
A86: Weapon Mount Kits: Single / Dual
B87: ='MASTER PRICE LIST'!B704 -> Single Weapon Mount Kits
A88: ='MASTER PRICE LIST'!A705 -> KT-GM-SGL-SC6 | B88: ='MASTER PRICE LIST'!B705 -> Single weapon mount w/SC6 lock and brackets | C88: ='MASTER PRICE LIST'!C705 -> 455 | D88: =C88-(C88*$D$1) -> 432.25
A89: ='MASTER PRICE LIST'!A706 -> KT-GM-SGL-SC1 | B89: ='MASTER PRICE LIST'!B706 -> Single weapon mount w/SC1 lock and brackets | C89: ='MASTER PRICE LIST'!C706 -> 379 | D89: =C89-(C89*$D$1) -> 360.05
A90: ='MASTER PRICE LIST'!A707 -> KT-GM-SGL-SC1AR | B90: ='MASTER PRICE LIST'!B707 -> Single weapon mount w/SC1/AR AR15 lock, No. 2 key and brackets | C90: ='MASTER PRICE LIST'!C707 -> 419 | D90: =C90-(C90*$D$1) -> 398.05
B91: ='MASTER PRICE LIST'!B708 -> Dual Weapon Mount Kits
A92: ='MASTER PRICE LIST'!A709 -> KT-GM-SGRF-SC6-1 | B92: ='MASTER PRICE LIST'!B709 -> Dual weapon mount w/ SC6 lock, SC1 shotgun lock with No. 2 key and brackets | C92: ='MASTER PRICE LIST'!C709 -> 701 | D92: =C92-(C92*$D$1) -> 665.95
A93: ='MASTER PRICE LIST'!A710 -> KT-GM-SGRF-SC6-1AR | B93: ='MASTER PRICE LIST'!B710 -> Dual weapon mount w/SC6 lock, SC1/AR AR15 lock with No. 2 Key and brackets | C93: ='MASTER PRICE LIST'!C710 -> 741 | D93: =C93-(C93*$D$1) -> 703.95
A94: ='MASTER PRICE LIST'!A711 -> KT-GM-SGRF-SC1-1AR | B94: ='MASTER PRICE LIST'!B711 -> Dual weapon mount w/SC1 shotgun lock, SC1/AR AR15 lock with No. 2 Key and brackets | C94: ='MASTER PRICE LIST'!C711 -> 665 | D94: =C94-(C94*$D$1) -> 631.75
A96: Chevy Silverado 1500 Partition Kits; Include FS Partition, Partition Mounting Kit and 3 pc. Kick Panel
A97: ='MASTER PRICE LIST'!A879 -> KIT-TP-SL6-19S1-SS | B97: ='MASTER PRICE LIST'!B879 -> 2019-20 Silverado Partition Kit (TP-E-SL6-FS-SS, 2-SAB-CHV19, KP-CHV19-SS) | C97: ='MASTER PRICE LIST'!C879 -> 1258 | D97: =C97-(C97*$D$1) -> 1195.1
A98: ='MASTER PRICE LIST'!A880 -> KIT-TP-SL1-19S1-SS | B98: ='MASTER PRICE LIST'!B880 -> 2019-20 Silverado Partition Kit (TP-E-SL1-FS-SS, 2-SAB-CHV19, KP-CHV19-SS) | C98: ='MASTER PRICE LIST'!C880 -> 1271 | D98: =C98-(C98*$D$1) -> 1207.45
A99: ='MASTER PRICE LIST'!A881 -> KIT-TP-SL12-19S1-SS | B99: ='MASTER PRICE LIST'!B881 -> 2019-20 Silverado Partition Kit (TP-E-SL12-FS-SS, 2-SAB-CHV19, KP-CHV19-SS) | C99: ='MASTER PRICE LIST'!C880 -> 1271 | D99: =C99-(C99*$D$1) -> 1207.45
A101: 2021-24 Chevy Silverado 1500 Partition Kits; Include FS Partition, Partition Mounting Kit and 3 pc. Kick Panel
A102: ='MASTER PRICE LIST'!A884 -> KIT-TP-SL6-21S1-SS | B102: ='MASTER PRICE LIST'!B884 -> 2022-24 Silverado Partition Kit (TP-E-SL6-FS-SS, PM-21TH, KP-CHV19-SS) | C102: ='MASTER PRICE LIST'!C884 -> 1258 | D102: =C102-(C102*$D$1) -> 1195.1
A103: ='MASTER PRICE LIST'!A885 -> KIT-TP-SL1-21S1-SS | B103: ='MASTER PRICE LIST'!B885 -> 2022-24 Silverado Partition Kit (TP-E-SL1-FS-SS, PM-21TH, KP-CHV19-SS) | C103: ='MASTER PRICE LIST'!C885 -> 1271 | D103: =C103-(C103*$D$1) -> 1207.45
A104: ='MASTER PRICE LIST'!A886 -> KIT-TP-SL12-21S1-SS | B104: ='MASTER PRICE LIST'!B886 -> 2022-24 Silverado Partition Kit (TP-E-SL12-FS-SS, PM-21TH, KP-CHV19-SS) | C104: ='MASTER PRICE LIST'!C886 -> 1258 | D104: =C104-(C104*$D$1) -> 1195.1
A106: Partitions: Full Size; Standard Frame
B107: ='MASTER PRICE LIST'!B751 -> Sliding Window Models
A108: ='MASTER PRICE LIST'!A782 -> TP-E-SL1-FS-SS | B108: ='MASTER PRICE LIST'!B782 -> Full size Recessed Panel; Sliding window; Vertical bar | C108: ='MASTER PRICE LIST'!C782 -> 1073 | D108: =C108-(C108*$D$1) -> 1019.35
A109: ='MASTER PRICE LIST'!A783 -> TP-E-SL6-FS-SS | B109: ='MASTER PRICE LIST'!B783 -> Full size Recessed Panel; Sliding window; Square hole punched | C109: ='MASTER PRICE LIST'!C783 -> 1060 | D109: =C109-(C109*$D$1) -> 1007
B111: 2021-24 Chevy Silverado 1500 Standard Partition Mount and Compatible Kick Panels
A112: ='MASTER PRICE LIST'!A866 -> PM-21TH | B112: ='MASTER PRICE LIST'!B866 -> 2022-24 Chevy Silverado 1500 partition mount. Extra seat-back recline. 100% seat slide. | C112: ='MASTER PRICE LIST'!C866 -> 353 | D112: =C112-(C112*$D$1) -> 335.35
A113: ='MASTER PRICE LIST'!A867 -> KP-CHV19-SS | B113: ='MASTER PRICE LIST'!B867 -> 2019-24 Silverado 3-Pc. Kick panel assembly. No foot pockets | C113: ='MASTER PRICE LIST'!C867 -> 198 | D113: =C113-(C113*$D$1) -> 188.1
A115: 2021-24 Silverado 1500 Bench Plastic Seat Prisoner Transport System
A116: ='MASTER PRICE LIST'!A1186 -> PS-21S1-OSPST-CWS | B116: ='MASTER PRICE LIST'!B1186 -> 2021-24 Silverado 1500 Bench plastic seat with OS belt system and cab window screen. | C116: ='MASTER PRICE LIST'!C1186 -> 3725 | D116: =C116-(C116*$D$1) -> 3538.75
A117: ='MASTER PRICE LIST'!A1187 -> PS-21S1-OSPST-DBX-CWS | B117: ='MASTER PRICE LIST'!B1187 -> 2021-24 Silverado 1500 Bench plastic seat with OS belt system, dual storage seat box and cab window screen. | C117: ='MASTER PRICE LIST'!C1187 -> 4825 | D117: =C117-(C117*$D$1) -> 4583.75
A119: 2021-24 Silverado 1500 Single Cell Kit
A120: ='MASTER PRICE LIST'!A1228 -> PS-22S1-SC-OS-WS | B120: ='MASTER PRICE LIST'!B1228 -> 2022-24 Silverado 1500 Single cell with storage seat box, electronics tray, cab window screen and passenger side diamond pattern window screen | C120: ='MASTER PRICE LIST'!C1228 -> 6086 | D120: =C120-(C120*$D$1) -> 5781.7
A121: ='MASTER PRICE LIST'!A1229 -> PS-22S1-SC-OS-WG | B121: ='MASTER PRICE LIST'!B1229 -> 2022-24 Silverado 1500 Single cell with storage seat box, electronics tray, cab window screen and passenger side welded bars window guard | C121: ='MASTER PRICE LIST'!C1229 -> 6116 | D121: =C121-(C121*$D$1) -> 5810.2
A123: 2021-24 Silverado 1500 Single Cell Accessories
A124: ='MASTER PRICE LIST'!A1232 -> EM-21S1-ECOVER-2ROW | B124: ='MASTER PRICE LIST'!B1232 -> 2021-24 Silverado 1500 Electronics cover mounts to driver side cab wall. | C124: ='MASTER PRICE LIST'!C1232 -> 770 | D124: =C124-(C124*$D$1) -> 731.5
A125: ='MASTER PRICE LIST'!A1233 -> EM-21S1-2032-2ROW | B125: ='MASTER PRICE LIST'!B1233 -> 2021-24 Silverado 1500 Floor plate to mount vault GB-UNIV-142410-TL | C125: ='MASTER PRICE LIST'!C1233 -> 385 | D125: =C125-(C125*$D$1) -> 365.75
...

Sheet 2020-22 CHEVY SILVERADO 2500
A1: TOC | B1: 2020 - 2022 CHEVY SILVERADO 2500 PRICE LIST | D1: 0.05
A2: TROY PART # | B2: ITEM DESCRIPTION | C2: MSRP | D2: DISCOUNT %
A4: Console Floor Plates | B4: Always indicate year, make and model on your console purchase orders. For universal consoles.
A5: ='MASTER PRICE LIST'!$A$192 -> AC-CHV19-MNT | B5: 2020-22 Silverado 2500 floor mount. Works with wide-body and standard width consoles. | C5: ='MASTER PRICE LIST'!$C$192 -> 213 | D5: =C5-(C5*$D$1) -> 202.35
A7: Silverado Wide-Body Consoles for 4x4 Floor Shifter
A8: ='MASTER PRICE LIST'!A162 -> CC-WBBP20-FS | B8: ='MASTER PRICE LIST'!B162 -> 20" Wide-body 4x4 floor shifter console; 8" slope, 12" level. May work in other 4x4 trucks. | C8: ='MASTER PRICE LIST'!C162 -> 920 | D8: =C8-(C8*$D$1) -> 874
A9: ='MASTER PRICE LIST'!A163 -> CC-WBBP25-FS | B9: ='MASTER PRICE LIST'!B163 -> 25" Wide-body 4x4 floor shifter console; 8" slope, 17" level. May work in other 4x4 trucks. | C9: ='MASTER PRICE LIST'!C163 -> 946 | D9: =C9-(C9*$D$1) -> 898.7
A11: Silverado Standard-Width Consoles (Can be transferred to other vehicles)
A12: ='MASTER PRICE LIST'!A171 -> CC-MC-14 | B12: ='MASTER PRICE LIST'!B171 -> Universal MC 14" L-shape console: 7" slope, 7" level. | C12: ='MASTER PRICE LIST'!C171 -> 548 | D12: =C12-(C12*$D$1) -> 520.6
A13: ='MASTER PRICE LIST'!A172 -> CC-MC-18 | B13: ='MASTER PRICE LIST'!B172 -> Universal MC 18" L-shape console; 7" slope, 11" level. | C13: ='MASTER PRICE LIST'!C172 -> 587 | D13: =C13-(C13*$D$1) -> 557.65
A14: ='MASTER PRICE LIST'!A174 -> CC-MC-25 | B14: ='MASTER PRICE LIST'!B174 -> Universal MC 25" L-shape console; 7" slope, 18" level. | C14: ='MASTER PRICE LIST'!C174 -> 661 | D14: =C14-(C14*$D$1) -> 627.95
A15: ='MASTER PRICE LIST'!A118 -> CC-PCFX14 | B15: ='MASTER PRICE LIST'!B118 -> Universal 14" low-profile; 3" slope, 11" level; computer deck; Will fit one long radio. | C15: ='MASTER PRICE LIST'!C118 -> 575 | D15: =C15-(C15*$D$1) -> 546.25
A17: Silverado Wide-Body Console with Built-In Lock Box
A18: ='MASTER PRICE LIST'!A159 -> CC-MC16BX12-WB | B18: ='MASTER PRICE LIST'!B159 -> Universal 16" slope, 4" level, 12" lidded storage plus passenger-side open storage - Custom wide-body version. | C18: ='MASTER PRICE LIST'!C159 -> 960 | D18: =C18-(C18*$D$1) -> 912
A20: Silverado Wide-Body Consoles (Can be transferred to other trucks)
A21: ='MASTER PRICE LIST'!A153 -> CC-WBOS-16 | B21: ='MASTER PRICE LIST'!B153 -> Universal SUV/truck 16" Wide-body open-storage console; 8" slope, 8" level. | C21: ='MASTER PRICE LIST'!C153 -> 794 | D21: =C21-(C21*$D$1) -> 754.3
A22: ='MASTER PRICE LIST'!A154 -> CC-WBOS-20 | B22: ='MASTER PRICE LIST'!B154 -> Universal SUV/truck 20" Wide-body open-storage console; 8" slope, 12" level. | C22: ='MASTER PRICE LIST'!C154 -> 815 | D22: =C22-(C22*$D$1) -> 774.25
A23: ='MASTER PRICE LIST'!A156 -> CC-WBOS-25 | B23: ='MASTER PRICE LIST'!B156 -> Universal SUV/truck 25" Wide-body open-storage console; 8" slope, 17" level. | C23: ='MASTER PRICE LIST'!C156 -> 840 | D23: =C23-(C23*$D$1) -> 798
A24: ='MASTER PRICE LIST'!A148 -> CC-HDWB-20 | B24: ='MASTER PRICE LIST'!B148 -> Universal SUV/truck 20" wide-body console; 8" slope, 12" level. No open storage. Face plates centered. | C24: ='MASTER PRICE LIST'!C148 -> 789 | D24: =C24-(C24*$D$1) -> 749.55
A25: ='MASTER PRICE LIST'!A149 -> CC-HDWB-25 | B25: ='MASTER PRICE LIST'!B149 -> Universal SUV/truck 25" wide-body console; 8" slope, 17" level. No open storage. Face plates centered. | C25: ='MASTER PRICE LIST'!C149 -> 815 | D25: =C25-(C25*$D$1) -> 774.25
A27: Popular Internal Console Accessories
A28: ='MASTER PRICE LIST'!A235 -> AC-CCHY-BH | B28: ='MASTER PRICE LIST'!B235 -> 4" Durable high-impact polymer internal dual beverage holder; includes a larger size cup holder, for size water bottles or tumblers 18-32oz along with a standard size holder. | C28: ='MASTER PRICE LIST'!C235 -> 45 | D28: =C28-(C28*$D$1) -> 42.75
A29: ='MASTER PRICE LIST'!A238 -> AC-INBHG | B29: ='MASTER PRICE LIST'!B238 -> 4" internal dual beverage holder. Includes rubber fingers to keep cup stabilized. | C29: ='MASTER PRICE LIST'!C238 -> 64 | D29: =C29-(C29*$D$1) -> 60.8
A30: ='MASTER PRICE LIST'!A245 -> AC-TICK-2 | B30: ='MASTER PRICE LIST'!B245 -> 3" face plate shallow tray; holds smartphone, keys, wallet, sunglasses, etc. 2" H. | C30: ='MASTER PRICE LIST'!C245 -> 53 | D30: =C30-(C30*$D$1) -> 50.35
A31: ='MASTER PRICE LIST'!A246 -> FP-SGTRAY | B31: ='MASTER PRICE LIST'!B246 -> 4" face plate shallow tray w/sloped floor; holds smartphone, keys, wallet, sunglasses, etc. 1.75" H. | C31: ='MASTER PRICE LIST'!C246 -> 50 | D31: =C31-(C31*$D$1) -> 47.5
A32: ='MASTER PRICE LIST'!A250 -> AC-GUNBOX-6-LP | B32: ='MASTER PRICE LIST'!B250 -> 6" internal lidded locking low-profile internal storage box (may not accommodate handgun) 3.6" H. | C32: ='MASTER PRICE LIST'!C250 -> 173 | D32: =C32-(C32*$D$1) -> 164.35
A33: ='MASTER PRICE LIST'!A251 -> AC-GUNBOX-LP | B33: ='MASTER PRICE LIST'!B251 -> 8" internal lidded locking low-profile storage box (might accommodate handgun) 3.6" H. | C33: ='MASTER PRICE LIST'!C251 -> 194 | D33: =C33-(C33*$D$1) -> 184.3
A35: Electronics Face Plates
A36: ='MASTER PRICE LIST'!A336 -> FP-USBC-2DC | B36: ='MASTER PRICE LIST'!B336 -> 2" face plate combo USB-C /USB port and (2) DC outlets | C36: ='MASTER PRICE LIST'!C336 -> 90 | D36: =C36-(C36*$D$1) -> 85.5
A37: ='MASTER PRICE LIST'!A339 -> FP-AP12-3 | B37: ='MASTER PRICE LIST'!B339 -> 2" face plate w/ (3) DC outlet holes | C37: ='MASTER PRICE LIST'!C339 -> 32 | D37: =C37-(C37*$D$1) -> 30.4
A38: ='MASTER PRICE LIST'!A329 -> L3-AP1SET | B38: ='MASTER PRICE LIST'!B329 -> 12 Volt DC power outlet plug w/black captured cap | C38: ='MASTER PRICE LIST'!C329 -> 15 | D38: =C38-(C38*$D$1) -> 14.25
A40: Mic Clip Choices
A41: ='MASTER PRICE LIST'!A311 -> AC-MCM1 | B41: ='MASTER PRICE LIST'!B311 -> Dog-ear type microphone clip plate and clip assembly | C41: ='MASTER PRICE LIST'!C311 -> 19 | D41: =C41-(C41*$D$1) -> 18.05
A42: ='MASTER PRICE LIST'!A313 -> AC-MIC-Z-FPI | B42: ='MASTER PRICE LIST'!B313 -> Height adjustable, no-holes-drilled L-slot microphone clip plate assembly | C42: ='MASTER PRICE LIST'!C313 -> 33 | D42: =C42-(C42*$D$1) -> 31.35
A43: ='MASTER PRICE LIST'!A317 -> AC-MAG-MIC | B43: ='MASTER PRICE LIST'!B317 -> Magnetic Mic holder quickly guides the microphone into place | C43: ='MASTER PRICE LIST'!C317 -> 67 | D43: =C43-(C43*$D$1) -> 63.65
A45: All-New Phone Mounts
A46: ='MASTER PRICE LIST'!A320 -> AC-PHMAG | B46: ='MASTER PRICE LIST'!B320 -> Magnetic phone mount; includes (2) mounting disc and (2) device plates | C46: ='MASTER PRICE LIST'!C320 -> 85 | D46: =C46-(C46*$D$1) -> 80.75
A47: ='MASTER PRICE LIST'!A321 -> AC-PHMNT-MAG | B47: ='MASTER PRICE LIST'!B321 -> Cradle magnetic phone mount; includes (2) mounting disc | C47: ='MASTER PRICE LIST'!C321 -> 109 | D47: =C47-(C47*$D$1) -> 103.55
A48: ='MASTER PRICE LIST'!A322 -> FP-PHNMNT | B48: ='MASTER PRICE LIST'!B322 -> 2" face plate w/phone cradle and mount; (1) USB-C 4 amp and USB 3 amp port | C48: ='MASTER PRICE LIST'!C322 -> 200 | D48: =C48-(C48*$D$1) -> 190
A50: File/Map Boxes
A51: ='MASTER PRICE LIST'!A282 -> AC-FHDFB | B51: ='MASTER PRICE LIST'!B282 -> External map book lidded storage box; dims 13.25" W x 13.8" L x 11" H Includes leather pad AC-FHDPAD | C51: ='MASTER PRICE LIST'!C282 -> 429 | D51: =C51-(C51*$D$1) -> 407.55
A52: ='MASTER PRICE LIST'!A267 -> AC-FILEBOX | B52: ='MASTER PRICE LIST'!B267 -> External lidded box for letter size Penda flex hanging folders Dims 8.86" W x 13.25" L x 10.8" H | C52: ='MASTER PRICE LIST'!C267 -> 353 | D52: =C52-(C52*$D$1) -> 335.35
A53: ='MASTER PRICE LIST'!A273 -> AC-MAPFILE | B53: ='MASTER PRICE LIST'!B273 -> External lidded box for map books Dims 10.8" W x 13.25" L x 10.6" H Non-locking | C53: ='MASTER PRICE LIST'!C273 -> 399 | D53: =C53-(C53*$D$1) -> 379.05
A55: COMPUTER MOUNTS
A56: Console-Side Computer Mounts
A57: ='MASTER PRICE LIST'!A664 -> CM-SDMT-SA-LED | B57: ='MASTER PRICE LIST'!B664 -> Console side ht. adj. mount w/swing arm for docking station | C57: ='MASTER PRICE LIST'!C664 -> 429 | D57: =C57-(C57*$D$1) -> 407.55
A58: ='MASTER PRICE LIST'!A665 -> CM-SDMT-SA-LT17 | B58: ='MASTER PRICE LIST'!B665 -> Console side ht. adj. mount w/swing arm and laptop tray up to 17" wide | C58: ='MASTER PRICE LIST'!C665 -> 559 | D58: =C58-(C58*$D$1) -> 531.05
A59: ='MASTER PRICE LIST'!A666 -> CM-SDMT-SA-LT16 | B59: ='MASTER PRICE LIST'!B666 -> Console side ht. adj. mount w/swing arm and laptop tray up to 15" wide. Includes CM-LT1600. | C59: ='MASTER PRICE LIST'!C666 -> 609 | D59: =C59-(C59*$D$1) -> 578.55
A60: ='MASTER PRICE LIST'!A667 -> CM-SDMT-SL-LED | B60: ='MASTER PRICE LIST'!B667 -> Console side ht. adj. mount w/slide arm for docking station | C60: ='MASTER PRICE LIST'!C667 -> 589 | D60: =C60-(C60*$D$1) -> 559.55
A61: ='MASTER PRICE LIST'!A668 -> CM-SDMT-SL-LT17 | B61: ='MASTER PRICE LIST'!B668 -> Console side ht. adj. mount w/slide arm and laptop tray up to 17" wide | C61: ='MASTER PRICE LIST'!C668 -> 727 | D61: =C61-(C61*$D$1) -> 690.65
A62: ='MASTER PRICE LIST'!A669 -> CM-SDMT-SL-LT16 | B62: ='MASTER PRICE LIST'!B669 -> Console side ht. adj. mount w/slide arm and laptop tray up to 15" wide. Includes CM-LT1600. | C62: ='MASTER PRICE LIST'!C669 -> 777 | D62: =C62-(C62*$D$1) -> 738.15
A64: U-Bracket Computer Mounts (Use on consoles with computer decks)
A65: ='MASTER PRICE LIST'!A680 -> CM-UMNT-SA-LED | B65: ='MASTER PRICE LIST'!B680 -> U bracket mnt w/swing arm for docking station | C65: ='MASTER PRICE LIST'!C680 -> 392 | D65: =C65-(C65*$D$1) -> 372.4
A66: ='MASTER PRICE LIST'!A682 -> CM-UMNT-SA-LT17 | B66: ='MASTER PRICE LIST'!B682 -> U bracket mnt w/swing arm and laptop tray up to 17" wide | C66: ='MASTER PRICE LIST'!C682 -> 515 | D66: =C66-(C66*$D$1) -> 489.25
A67: ='MASTER PRICE LIST'!A683 -> CM-UMNT-SA-LT16 | B67: ='MASTER PRICE LIST'!B683 -> U bracket mnt w/swing arm and laptop tray up to 15" wide. Includes CM-LT1600. | C67: ='MASTER PRICE LIST'!C683 -> 565 | D67: =C67-(C67*$D$1) -> 536.75
A68: ='MASTER PRICE LIST'!A684 -> CM-UMNT-SL-LED | B68: ='MASTER PRICE LIST'!B684 -> U bracket mnt w/slide arm for docking station | C68: ='MASTER PRICE LIST'!C684 -> 572 | D68: =C68-(C68*$D$1) -> 543.4
A69: ='MASTER PRICE LIST'!A686 -> CM-UMNT-SL-LT17 | B69: ='MASTER PRICE LIST'!B686 -> U bracket mnt w/slide arm and laptop tray up to 17" wide | C69: ='MASTER PRICE LIST'!C686 -> 682 | D69: =C69-(C69*$D$1) -> 647.9
A70: ='MASTER PRICE LIST'!A687 -> CM-UMNT-SL-LT16 | B70: ='MASTER PRICE LIST'!B687 -> U bracket mnt w/slide arm and laptop tray up to 15" wide. Includes CM-LT1600. | C70: ='MASTER PRICE LIST'!C687 -> 731 | D70: =C70-(C70*$D$1) -> 694.45
A72: Laptop Accessories
A73: ='MASTER PRICE LIST'!A593 -> AC-LT-SCR | B73: ='MASTER PRICE LIST'!B593 -> Laptop screen holder; compatible w/ TROY laptop trays | C73: ='MASTER PRICE LIST'!C593 -> 92 | D73: =C73-(C73*$D$1) -> 87.4
A74: ='MASTER PRICE LIST'!A594 -> AC-LT13-CLAMP | B74: ='MASTER PRICE LIST'!B594 -> Laptop tray finger clamp, vinyl cap | C74: ='MASTER PRICE LIST'!C594 -> 12 | D74: =C74-(C74*$D$1) -> 11.4
A76: Weapon Mount Kits: Single / Dual
B77: ='MASTER PRICE LIST'!B704 -> Single Weapon Mount Kits
A78: ='MASTER PRICE LIST'!A705 -> KT-GM-SGL-SC6 | B78: ='MASTER PRICE LIST'!B705 -> Single weapon mount w/SC6 lock and brackets | C78: ='MASTER PRICE LIST'!C705 -> 455 | D78: =C78-(C78*$D$1) -> 432.25
A79: ='MASTER PRICE LIST'!A706 -> KT-GM-SGL-SC1 | B79: ='MASTER PRICE LIST'!B706 -> Single weapon mount w/SC1 lock and brackets | C79: ='MASTER PRICE LIST'!C706 -> 379 | D79: =C79-(C79*$D$1) -> 360.05
A80: ='MASTER PRICE LIST'!A707 -> KT-GM-SGL-SC1AR | B80: ='MASTER PRICE LIST'!B707 -> Single weapon mount w/SC1/AR AR15 lock, No. 2 key and brackets | C80: ='MASTER PRICE LIST'!C707 -> 419 | D80: =C80-(C80*$D$1) -> 398.05
B81: ='MASTER PRICE LIST'!B708 -> Dual Weapon Mount Kits
A82: ='MASTER PRICE LIST'!A709 -> KT-GM-SGRF-SC6-1 | B82: ='MASTER PRICE LIST'!B709 -> Dual weapon mount w/ SC6 lock, SC1 shotgun lock with No. 2 key and brackets | C82: ='MASTER PRICE LIST'!C709 -> 701 | D82: =C82-(C82*$D$1) -> 665.95
A83: ='MASTER PRICE LIST'!A710 -> KT-GM-SGRF-SC6-1AR | B83: ='MASTER PRICE LIST'!B710 -> Dual weapon mount w/SC6 lock, SC1/AR AR15 lock with No. 2 Key and brackets | C83: ='MASTER PRICE LIST'!C710 -> 741 | D83: =C83-(C83*$D$1) -> 703.95
A84: ='MASTER PRICE LIST'!A711 -> KT-GM-SGRF-SC1-1AR | B84: ='MASTER PRICE LIST'!B711 -> Dual weapon mount w/SC1 shotgun lock, SC1/AR AR15 lock with No. 2 Key and brackets | C84: ='MASTER PRICE LIST'!C711 -> 665 | D84: =C84-(C84*$D$1) -> 631.75
A86: Partitions: Full Size; Standard Frame
B87: ='MASTER PRICE LIST'!B751 -> Sliding Window Models
A88: ='MASTER PRICE LIST'!A782 -> TP-E-SL1-FS-SS | B88: ='MASTER PRICE LIST'!B782 -> Full size Recessed Panel; Sliding window; Vertical bar | C88: ='MASTER PRICE LIST'!C782 -> 1073 | D88: =C88-(C88*$D$1) -> 1019.35
A89: ='MASTER PRICE LIST'!A783 -> TP-E-SL6-FS-SS | B89: ='MASTER PRICE LIST'!B783 -> Full size Recessed Panel; Sliding window; Square hole punched | C89: ='MASTER PRICE LIST'!C783 -> 1060 | D89: =C89-(C89*$D$1) -> 1007
B91: Standard Mounting Kit & Kick Panels for Standard Frame Partitions
A92: ='MASTER PRICE LIST'!A866 -> PM-21TH | B92: ='MASTER PRICE LIST'!B866 -> 2022-24 Chevy Silverado 1500 partition mount. Extra seat-back recline. 100% seat slide. | C92: ='MASTER PRICE LIST'!C866 -> 353 | D92: =C92-(C92*$D$1) -> 335.35
A93: ='MASTER PRICE LIST'!A867 -> KP-CHV19-SS | B93: ='MASTER PRICE LIST'!B867 -> 2019-24 Silverado 3-Pc. Kick panel assembly. No foot pockets | C93: ='MASTER PRICE LIST'!C867 -> 198 | D93: =C93-(C93*$D$1) -> 188.1
A96: All Truck Bed Products plan ahead for longer lead times. Please add an additional 2 WEEKS to the standard lead times to ensure timely delivery when ordering non-stocked items.
A97: Command Post Kit For Trucks Bed
A98: ='MASTER PRICE LIST'!A1547 -> KIT-21S2-2C-CPTV | B98: ='MASTER PRICE LIST'!B1547 -> 2021-24 Chevy Silverado 2500; Truck bed command post and cabinets; two side cabinets, one center command post w/drawers, center shelf and top cover | C98: ='MASTER PRICE LIST'!C1547 -> 18700 | D98: =C98-(C98*$D$1) -> 17765

Sheet 2021-23 DODGE CHARGER
A1: TOC | B1: 2021 - 2023 DODGE CHARGER PRICE LIST | D1: 0.05
A2: TROY PART # | B2: ITEM DESCRIPTION | C2: MSRP | D2: DISCOUNT %
A4: Console Floor Plates | B4: This item is not available for this vehicle.
A6: 2021-24 Charger-Specific Consoles. Must bolt to OEM locations. *FLOOR PLATE NOT REQUIRED FOR THESE CONSOLES.
A7: ='MASTER PRICE LIST'!A102 -> CC-21CH-22 | B7: ='MASTER PRICE LIST'!B102 -> 2021-23 Charger 22" level console. Can use long/short components. | C7: ='MASTER PRICE LIST'!C102 -> 515 | D7: =C7-(C7*$D$1) -> 489.25
A8: ='MASTER PRICE LIST'!A103 -> CC-21CH-DM-0709 | B8: ='MASTER PRICE LIST'!B103 -> 2021-23 Charger 16" Dash-mount console: 7" angled slope, 9" level. Long components used in slope area | C8: ='MASTER PRICE LIST'!C103 -> 669 | D8: =C8-(C8*$D$1) -> 635.55
A9: ='MASTER PRICE LIST'!A104 -> CC-21CH-DM-0711 | B9: ='MASTER PRICE LIST'!B104 -> 2021-23 Charger 18" Dash-mount console: 7" angled slope, 11" level. Long components used in vertical area. | C9: ='MASTER PRICE LIST'!C104 -> 675 | D9: =C9-(C9*$D$1) -> 641.25
A11: Universal Low-Profile Consoles (Can be used in many different vehicles.) *Must use floor mount AC-CH11MNT with all universal consoles*
A12: ='MASTER PRICE LIST'!A118 -> CC-PCFX14 | B12: ='MASTER PRICE LIST'!B118 -> Universal 14" low-profile; 3" slope, 11" level; computer deck; Will fit one long radio. | C12: ='MASTER PRICE LIST'!C118 -> 575 | D12: =C12-(C12*$D$1) -> 546.25
A13: ='MASTER PRICE LIST'!A119 -> CC-BPD-15 | B13: ='MASTER PRICE LIST'!B119 -> Universal 15" low-profile L shaped console; 9" slope, 6" level area. Computer deck. | C13: ='MASTER PRICE LIST'!C119 -> 575 | D13: =C13-(C13*$D$1) -> 546.25
A14: ='MASTER PRICE LIST'!A120 -> CC-MC16-S | B14: ='MASTER PRICE LIST'!B120 -> Universal 16" low-profile L-shape console; 8" slope, 8" level. | C14: ='MASTER PRICE LIST'!C120 -> 575 | D14: =C14-(C14*$D$1) -> 546.25
A15: ='MASTER PRICE LIST'!A138 -> CC-A-S12 | B15: ='MASTER PRICE LIST'!B138 -> Universal 12" 2-pc. ht. adj. sloped console; Flat deck (Top piece can be raised up to 3" higher) | C15: ='MASTER PRICE LIST'!C138 -> 543 | D15: =C15-(C15*$D$1) -> 515.85
A16: ='MASTER PRICE LIST'!A124 -> CC-LASD-15 | B16: ='MASTER PRICE LIST'!B124 -> Universal 15" L-shaped console w/computer deck: 7" slope, 8" level. Rocker switch hole pre-punched on deck. | C16: ='MASTER PRICE LIST'!C124 -> 549 | D16: =C16-(C16*$D$1) -> 521.55
A18: Popular Internal Console Accessories
A19: ='MASTER PRICE LIST'!A235 -> AC-CCHY-BH | B19: ='MASTER PRICE LIST'!B235 -> 4" Durable high-impact polymer internal dual beverage holder; includes a larger size cup holder, for size water bottles or tumblers 18-32oz along with a standard size holder. | C19: ='MASTER PRICE LIST'!C235 -> 45 | D19: =C19-(C19*$D$1) -> 42.75
A20: ='MASTER PRICE LIST'!A238 -> AC-INBHG | B20: ='MASTER PRICE LIST'!B238 -> 4" internal dual beverage holder. Includes rubber fingers to keep cup stabilized. | C20: ='MASTER PRICE LIST'!C238 -> 64 | D20: =C20-(C20*$D$1) -> 60.8
A21: ='MASTER PRICE LIST'!A245 -> AC-TICK-2 | B21: ='MASTER PRICE LIST'!B245 -> 3" face plate shallow tray; holds smartphone, keys, wallet, sunglasses, etc. 2" H. | C21: ='MASTER PRICE LIST'!C245 -> 53 | D21: =C21-(C21*$D$1) -> 50.35
A22: ='MASTER PRICE LIST'!A246 -> FP-SGTRAY | B22: ='MASTER PRICE LIST'!B246 -> 4" face plate shallow tray w/sloped floor; holds smartphone, keys, wallet, sunglasses, etc. 1.75" H. | C22: ='MASTER PRICE LIST'!C246 -> 50 | D22: =C22-(C22*$D$1) -> 47.5
A23: ='MASTER PRICE LIST'!A250 -> AC-GUNBOX-6-LP | B23: ='MASTER PRICE LIST'!B250 -> 6" internal lidded locking low-profile internal storage box (may not accommodate handgun) 3.6" H. | C23: ='MASTER PRICE LIST'!C250 -> 173 | D23: =C23-(C23*$D$1) -> 164.35
A24: ='MASTER PRICE LIST'!A251 -> AC-GUNBOX-LP | B24: ='MASTER PRICE LIST'!B251 -> 8" internal lidded locking low-profile storage box (might accommodate handgun) 3.6" H. | C24: ='MASTER PRICE LIST'!C251 -> 194 | D24: =C24-(C24*$D$1) -> 184.3
A26: Electronics Face Plates
A27: ='MASTER PRICE LIST'!A336 -> FP-USBC-2DC | B27: ='MASTER PRICE LIST'!B336 -> 2" face plate combo USB-C /USB port and (2) DC outlets | C27: ='MASTER PRICE LIST'!C336 -> 90 | D27: =C27-(C27*$D$1) -> 85.5
A28: ='MASTER PRICE LIST'!A339 -> FP-AP12-3 | B28: ='MASTER PRICE LIST'!B339 -> 2" face plate w/ (3) DC outlet holes | C28: ='MASTER PRICE LIST'!C339 -> 32 | D28: =C28-(C28*$D$1) -> 30.4
